Workbook

Sheet Big List
B1: Column | C1: 1 | D1: 2 | E1: 3 | F1: 4 | G1: 5 | H1: 6 | I1: 7 | J1: 8 | K1: 9 | L1: 10 | M1: 11 | N1: 12 | O1: 13 | P1: 14 | Q1: 15 | R1: 16 | S1: 17 | T1: 18 | U1: 19 | V1: 20 | W1: 21 | X1: 22 | Y1: 23 | Z1: 24 | AA1: 25 | AB1: 26 | AC1: 27 | AD1: 28 | AE1: 29 | AF1: 30 | AG1: 31 | AH1: 32 | AI1: 33 | AJ1: 34 | AK1: 35 | AL1: 36 | AM1: 37 | AN1: 38 | AO1: 39 | AP1: 40
A2: Row | B2: School/Facility | C2: School Safety and Security Enhancements | D2: School Seismic Upgrades | E2: Parent/Bus Drop-Off Improvements | F2: Install Cameras on all Buses | G2: Playground Replacements | H2: Technology | I2: Convert Secondary Libraries to Instructional Learning Centers | J2: Capacity | K2: CTE Infrastructure | L2: Replace Classroom Furniture | M2: Roofing | N2: Add AC | O2: Upgrade HVAC | P2: Add Heat to HVAC | Q2: Water Pipe Replacement | R2: Boiler Replacement | S2: DDC | T2: Walk-In Freezer | U2: Upgrade Electrical Service/ Generator | V2: Pavement/ Sidewalks/ Hardscape | W2: Rooftop Condenser Replacement | X2: Chiller Replacement | Y2: Tennis Court Resurface/ Replacement | Z2: Athletic Field Drainage/Repair Irrigation/Storm Drain | AA2: New Artificial Turf Field | AB2: Replace Gym Bleachers | AC2: Remodel Grandstands/ Lockerrooms/ Restrooms | AD2: Remodel Health Rooms | AE2: Building Brick Sealer | AF2: Paint Building Exterior | AG2: Replace Windows | AH2: Replace Maintenance Equipment and Vehicles | AI2: Replace Gym Floor/Other Flooring | AJ2: Construct New Track | AK2: Replace Scoreboards | AL2: Replace Portable Classrooms w/ Permanent Structures | AM2: Replacements | AN2: Construct New Gymnasium-Eliminate Cafeteria/Gymnasium | AO2: Other | AP2: TOTALS | AQ2: School/Facility
A3: 1 | B3: Brookwood | C3: 424848 | D3: 6111221 | E3: 884756 | F3: 0 | G3: 189000 | H3: =144253+129910.02 -> 274163.02 | I3: 0 | J3: 0 | K3: 0 | L3: 0 | M3: 966059 | N3: 1161346 | O3: 0 | P3: 0 | Q3: 23649 | R3: 0 | S3: 0 | T3: 254816 | U3: 0 | V3: 302636 | W3: 0 | X3: 0 | Y3: 0 | Z3: 0 | AA3: 0 | AB3: 0 | AC3: 0 | AD3: 0 | AE3: 0 | AF3: 140569 | AG3: 963309 | AH3: 0 | AI3: 0 | AJ3: 0 | AK3: 0 | AL3: =295313*3 -> 885939 | AM3: 0 | AN3: 0 | AO3: 0 | AP3: =SUM(C3:AO3) -> 12582311 | AQ3: Brookwood
A4: 2 | B4: Butternut Creek | C4: 200501 | D4: 477509 | E4: 1209437 | F4: 0 | G4: 189000 | H4: =192868+147891.92 -> 340759.92 | I4: 0 | J4: 0 | K4: 0 | L4: 0 | M4: 92018 | N4: 897839 | O4: 0 | P4: 0 | Q4: 311261 | R4: 0 | S4: 0 | T4: 0 | U4: 0 | V4: 164962 | W4: 0 | X4: 0 | Y4: 0 | Z4: 0 | AA4: 0 | AB4: 0 | AC4: 0 | AD4: 0 | AE4: 0 | AF4: 140569 | AG4: 0 | AH4: 0 | AI4: 0 | AJ4: 0 | AK4: 0 | AL4: =295313*3 -> 885939 | AM4: 0 | AN4: 0 | AO4: 0 | AP4: =SUM(C4:AO4) -> 4909794.9 | AQ4: Butternut Creek
A5: 3 | B5: Eastwood | C5: 278154 | D5: 1773834 | E5: 744188 | F5: 0 | G5: 189000 | H5: =161448+176149.19 -> 337597.19 | I5: 0 | J5: 0 | K5: 0 | L5: 0 | M5: 1119936 | N5: 0 | O5: 0 | P5: 60673 | Q5: 0 | R5: 0 | S5: 0 | T5: 0 | U5: 0 | V5: 192662 | W5: 0 | X5: 0 | Y5: 0 | Z5: 0 | AA5: 0 | AB5: 0 | AC5: 0 | AD5: 0 | AE5: 33075 | AF5: 0 | AG5: 0 | AH5: 0 | AI5: 0 | AJ5: 0 | AK5: 0 | AL5: =295313*4 -> 1181252 | AM5: 0 | AN5: =2550000+375000 -> 2925000 | AO5: 0 | AP5: =SUM(C5:AO5) -> 8835371.2 | AQ5: Eastwood
A6: 4 | B6: Farmington View | C6: 196796 | D6: 903879 | E6: 1182431 | F6: 0 | G6: 189000 | H6: =94811+112662.08 -> 207473.08 | I6: 0 | J6: 0 | K6: 0 | L6: 0 | M6: 74523 | N6: 571281 | O6: 0 | P6: 0 | Q6: 165484 | R6: 161178 | S6: 260796 | T6: 50109 | U6: 0 | V6: 423773 | W6: 0 | X6: 0 | Y6: 0 | Z6: 0 | AA6: 0 | AB6: 0 | AC6: 0 | AD6: 0 | AE6: 0 | AF6: 140569 | AG6: 551526 | AH6: 0 | AI6: 0 | AJ6: 0 | AK6: 0 | AL6: =295313*3 -> 885939 | AM6: 0 | AN6: 0 | AO6: 0 | AP6: =SUM(C6:AO6) -> 5964757.1 | AQ6: Farmington View
A7: 5 | B7: Free Orchards | C7: 258150 | D7: 0 | E7: 0 | F7: 0 | G7: 0 | H7: =142284+142020.28 -> 284304.28 | I7: 0 | J7: 0 | K7: 0 | L7: 0 | M7: 26324 | N7: 0 | O7: 0 | P7: 0 | Q7: 0 | R7: 0 | S7: 0 | T7: 0 | U7: 0 | V7: 3969 | W7: 0 | X7: 0 | Y7: 0 | Z7: 0 | AA7: 0 | AB7: 0 | AC7: 0 | AD7: 0 | AE7: 49613 | AF7: 0 | AG7: 0 | AH7: 0 | AI7: 0 | AJ7: 0 | AK7: 0 | AL7: 0 | AM7: 0 | AN7: 0 | AO7: 0 | AP7: =SUM(C7:AO7) -> 622360.28 | AQ7: Free Orchards
A8: 6 | B8: Groner | C8: 218791 | D8: 2191401 | E8: 0 | F8: 0 | G8: 189000 | H8: =133752+80735.04 -> 214487.04 | I8: 0 | J8: 0 | K8: 0 | L8: 0 | M8: 106108 | N8: 0 | O8: 0 | P8: 0 | Q8: 202761 | R8: 0 | S8: 0 | T8: 0 | U8: 0 | V8: 198037 | W8: 0 | X8: 0 | Y8: 0 | Z8: 0 | AA8: 0 | AB8: 0 | AC8: 0 | AD8: 0 | AE8: 49613 | AF8: 0 | AG8: 882276 | AH8: 0 | AI8: 0 | AJ8: 0 | AK8: 0 | AL8: =295313*2 -> 590626 | AM8: 0 | AN8: 0 | AO8: 0 | AP8: =SUM(C8:AO8) -> 4843100 | AQ8: Groner
A9: 7 | B9: Imlay | C9: 281303 | D9: 0 | E9: 0 | F9: 0 | G9: 0 | H9: =292807+198534.81 -> 491341.81 | I9: 0 | J9: 0 | K9: 0 | L9: 0 | M9: 129181 | N9: 0 | O9: 0 | P9: 0 | Q9: 0 | R9: 0 | S9: 0 | T9: 0 | U9: 0 | V9: 31421 | W9: 0 | X9: 0 | Y9: 0 | Z9: 0 | AA9: 0 | AB9: 0 | AC9: 0 | AD9: 0 | AE9: 0 | AF9: 0 | AG9: 0 | AH9: 0 | AI9: 0 | AJ9: 0 | AK9: 0 | AL9: =295313*2 -> 590626 | AM9: 0 | AN9: 0 | AO9: 0 | AP9: =SUM(C9:AO9) -> 1523872.8 | AQ9: Imlay
A10: 8 | B10: Indian Hills | C10: 178737 | D10: 592216 | E10: 0 | F10: 0 | G10: 0 | H10: =161601+170644.52 -> 332245.52 | I10: 0 | J10: 0 | K10: 0 | L10: 0 | M10: 32447 | N10: 1134256 | O10: 0 | P10: 0 | Q10: 0 | R10: 0 | S10: 0 | T10: 0 | U10: 0 | V10: 88476 | W10: 0 | X10: 0 | Y10: 0 | Z10: 0 | AA10: 0 | AB10: 0 | AC10: 0 | AD10: 0 | AE10: 0 | AF10: 140569 | AG10: 0 | AH10: 0 | AI10: 0 | AJ10: 0 | AK10: 0 | AL10: =295313*2 -> 590626 | AM10: 0 | AN10: 0 | AO10: 0 | AP10: =SUM(C10:AO10) -> 3089572.5 | AQ10: Indian Hills
A11: 9 | B11: Jackson | C11: 283942 | D11: 1238588 | E11: 826875 | F11: 0 | G11: 0 | H11: =177002+203672.5 -> 380674.5 | I11: 0 | J11: 0 | K11: 0 | L11: 0 | M11: 39486 | N11: 0 | O11: 0 | P11: 0 | Q11: 0 | R11: 0 | S11: 0 | T11: 0 | U11: 0 | V11: 222760 | W11: 0 | X11: 0 | Y11: 0 | Z11: 0 | AA11: 0 | AB11: 0 | AC11: 0 | AD11: 0 | AE11: 0 | AF11: 0 | AG11: 0 | AH11: 0 | AI11: 0 | AJ11: 0 | AK11: 0 | AL11: =295313*3 -> 885939 | AM11: 0 | AN11: =2550000+375000 -> 2925000 | AO11: 0 | AP11: =SUM(C11:AO11) -> 6803264.5 | AQ11: Jackson
A12: 10 | B12: Ladd Acres | C12: 448001 | D12: 503592 | E12: 1103051 | F12: 0 | G12: 189000 | H12: =173358+193397.13 -> 366755.13 | I12: 0 | J12: 0 | K12: 0 | L12: 0 | M12: 43424 | N12: 2015217 | O12: 0 | P12: 0 | Q12: 165297 | R12: 0 | S12: 0 | T12: 0 | U12: 0 | V12: 334471 | W12: 0 | X12: 0 | Y12: 0 | Z12: 0 | AA12: 0 | AB12: 0 | AC12: 0 | AD12: 0 | AE12: 0 | AF12: 124031 | AG12: 0 | AH12: 0 | AI12: 0 | AJ12: 0 | AK12: 0 | AL12: 0 | AM12: 0 | AN12: =2550000+375000 -> 2925000 | AO12: 0 | AP12: =SUM(C12:AO12) -> 8217839.1 | AQ12: Ladd Acres
A13: 11 | B13: Lenox | C13: 504678 | D13: 715020 | E13: 1212199 | F13: 0 | G13: 0 | H13: =159497+172479.41 -> 331976.41 | I13: 0 | J13: 0 | K13: 0 | L13: 0 | M13: 351089 | N13: 1525599 | O13: 0 | P13: 68498 | Q13: 0 | R13: 0 | S13: 456435 | T13: 0 | U13: 0 | V13: 256497 | W13: 0 | X13: 0 | Y13: 0 | Z13: 0 | AA13: 0 | AB13: 0 | AC13: 0 | AD13: 0 | AE13: 0 | AF13: 140569 | AG13: 0 | AH13: 0 | AI13: 0 | AJ13: 0 | AK13: 0 | AL13: 0 | AM13: 0 | AN13: 0 | AO13: 0 | AP13: =SUM(C13:AO13) -> 5562560.4 | AQ13: Lenox
A14: 12 | B14: Lincoln Street | C14: 286130 | D14: 0 | E14: 0 | F14: 0 | G14: 0 | H14: =147095+190094.33 -> 337189.33 | I14: 0 | J14: 0 | K14: 0 | L14: 0 | M14: 26324 | N14: 0 | O14: 0 | P14: 0 | Q14: 0 | R14: 0 | S14: 0 | T14: 0 | U14: 0 | V14: 3225 | W14: 0 | X14: 0 | Y14: 0 | Z14: 0 | AA14: 0 | AB14: 0 | AC14: 0 | AD14: 0 | AE14: 49613 | AF14: 0 | AG14: 0 | AH14: 0 | AI14: 0 | AJ14: 0 | AK14: 0 | AL14: 0 | AM14: 0 | AN14: 0 | AO14: 0 | AP14: =SUM(C14:AO14) -> 702481.33 | AQ14: Lincoln Street
A15: 13 | B15: McKinney | C15: 254381 | D15: 1689555 | E15: 744188 | F15: 0 | G15: 0 | H15: =138860+169543.59 -> 308403.59 | I15: 0 | J15: 0 | K15: 0 | L15: 0 | M15: 78058 | N15: 0 | O15: 0 | P15: 0 | Q15: 0 | R15: 0 | S15: 0 | T15: 0 | U15: 0 | V15: 200104 | W15: 0 | X15: 0 | Y15: 0 | Z15: 0 | AA15: 0 | AB15: 0 | AC15: 0 | AD15: 0 | AE15: 0 | AF15: 0 | AG15: 0 | AH15: 0 | AI15: 0 | AJ15: 0 | AK15: 0 | AL15: =295313*3 -> 885939 | AM15: 0 | AN15: =2550000+375000 -> 2925000 | AO15: 0 | AP15: =SUM(C15:AO15) -> 7085628.6 | AQ15: McKinney
A16: 14 | B16: Minter Bridge | C16: 234933 | D16: 2280979 | E16: 694575 | F16: 0 | G16: 0 | H16: =175207+173213.37 -> 348420.37 | I16: 0 | J16: 0 | K16: 0 | L16: 0 | M16: 113443 | N16: 0 | O16: 0 | P16: 65207 | Q16: 0 | R16: 0 | S16: 0 | T16: 0 | U16: 0 | V16: 68589 | W16: 0 | X16: 0 | Y16: 0 | Z16: 0 | AA16: 0 | AB16: 0 | AC16: 0 | AD16: 0 | AE16: 0 | AF16: 0 | AG16: 0 | AH16: 0 | AI16: 0 | AJ16: 0 | AK16: 0 | AL16: =295313*2 -> 590626 | AM16: 0 | AN16: =2550000+375000 -> 2925000 | AO16: 0 | AP16: =SUM(C16:AO16) -> 7321772.4 | AQ16: Minter Bridge
A17: 15 | B17: Mooberry | C17: 218791 | D17: 1332341 | E17: 0 | F17: 0 | G17: 189000 | H17: =189847+167341.73 -> 357188.73 | I17: 0 | J17: 0 | K17: 0 | L17: 0 | M17: 113752 | N17: 1329849 | O17: 0 | P17: 0 | Q17: 497370 | R17: 0 | S17: 0 | T17: 0 | U17: 0 | V17: 82394 | W17: 0 | X17: 0 | Y17: 0 | Z17: 0 | AA17: 0 | AB17: 0 | AC17: 0 | AD17: 0 | AE17: 0 | AF17: 0 | AG17: 520931 | AH17: 0 | AI17: 0 | AJ17: 0 | AK17: 0 | AL17: =295313*4 -> 1181252 | AM17: 0 | AN17: =2550000+375000 -> 2925000 | AO17: 0 | AP17: =SUM(C17:AO17) -> 8747868.7 | AQ17: Mooberry
A18: 16 | B18: North Plains | C18: 228515 | D18: 2704402 | E18: 0 | F18: 0 | G18: 0 | H18: =158234+119267.68 -> 277501.68 | I18: 0 | J18: 0 | K18: 0 | L18: 0 | M18: 782389 | N18: 0 | O18: 0 | P18: 0 | Q18: 0 | R18: 0 | S18: 334785 | T18: 0 | U18: 0 | V18: 595164 | W18: 0 | X18: 0 | Y18: 0 | Z18: 0 | AA18: 0 | AB18: 0 | AC18: 0 | AD18: 0 | AE18: 0 | AF18: 130233 | AG18: 0 | AH18: 0 | AI18: 0 | AJ18: 0 | AK18: 0 | AL18: 0 | AM18: 0 | AN18: =2550000+375000 -> 2925000 | AO18: 0 | AP18: =SUM(C18:AO18) -> 7977989.7 | AQ18: North Plains
A19: 17 | B19: Orenco | C19: 313601 | D19: 0 | E19: 0 | F19: 0 | G19: 0 | H19: =156346+239636.29 -> 395982.29 | I19: 0 | J19: 0 | K19: 0 | L19: 0 | M19: 42074 | N19: 0 | O19: 0 | P19: 0 | Q19: 0 | R19: 0 | S19: 0 | T19: 0 | U19: 0 | V19: 2605 | W19: 57302 | X19: 0 | Y19: 0 | Z19: 0 | AA19: 0 | AB19: 0 | AC19: 0 | AD19: 0 | AE19: 0 | AF19: 0 | AG19: 0 | AH19: 0 | AI19: 0 | AJ19: 0 | AK19: 0 | AL19: 0 | AM19: 0 | AN19: 0 | AO19: 0 | AP19: =SUM(C19:AO19) -> 811564.29 | AQ19: Orenco
A20: 18 | B20: Patterson | C20: 289290 | D20: 0 | E20: 0 | F20: 0 | G20: 0 | H20: =233362+165506.84 -> 398868.84 | I20: 0 | J20: 0 | K20: 0 | L20: 0 | M20: 39711 | N20: 0 | O20: 0 | P20: 0 | Q20: 0 | R20: 0 | S20: 0 | T20: 0 | U20: 0 | V20: 30214 | W20: 57302 | X20: 0 | Y20: 0 | Z20: 0 | AA20: 0 | AB20: 0 | AC20: 0 | AD20: 0 | AE20: 52093 | AF20: 0 | AG20: 0 | AH20: 0 | AI20: 0 | AJ20: 0 | AK20: 0 | AL20: =295313*2 -> 590626 | AM20: 0 | AN20: 0 | AO20: 0 | AP20: =SUM(C20:AO20) -> 1458104.8 | AQ20: Patterson
A21: 19 | B21: Quatama | C21: 288075 | D21: 0 | E21: 0 | F21: 0 | G21: 0 | H21: =141032+179451.98 -> 320483.98 | I21: 0 | J21: 0 | K21: 0 | L21: 0 | M21: 39486 | N21: 0 | O21: 0 | P21: 0 | Q21: 0 | R21: 0 | S21: 0 | T21: 0 | U21: 0 | V21: 2214 | W21: 0 | X21: 0 | Y21: 0 | Z21: 0 | AA21: 0 | AB21: 0 | AC21: 0 | AD21: 0 | AE21: 0 | AF21: 0 | AG21: 0 | AH21: 0 | AI21: 0 | AJ21: 0 | AK21: 0 | AL21: 0 | AM21: 0 | AN21: 0 | AO21: 0 | AP21: =SUM(C21:AO21) -> 650258.98 | AQ21: Quatama
A22: 20 | B22: Reedville | C22: =205421+100000 -> 305421 | D22: 1160508 | E22: 0 | F22: 0 | G22: 189000 | H22: =110749+87340.64 -> 198089.64 | I22: 0 | J22: 0 | K22: 0 | L22: 0 | M22: 349895 | N22: 891951 | O22: 0 | P22: 0 | Q22: 0 | R22: 0 | S22: 182413 | T22: 0 | U22: 53380 | V22: =190140+1300000 -> 1490140 | W22: 0 | X22: 0 | Y22: 0 | Z22: 0 | AA22: 0 | AB22: 0 | AC22: 0 | AD22: 0 | AE22: 0 | AF22: 130233 | AG22: 0 | AH22: 0 | AI22: 350000 | AJ22: 0 | AK22: 0 | AL22: =(295313*6)+150000 -> 1921878 | AM22: 0 | AN22: 1500000 | AO22: 0 | AP22: =SUM(C22:AO22) -> 8722908.6 | AQ22: Reedville
A23: 21 | B23: Rosedale | C23: 276953 | D23: 0 | E23: 0 | F23: 0 | G23: 0 | H23: =137313+160002.18 -> 297315.18 | I23: 0 | J23: 0 | K23: 0 | L23: 0 | M23: 67195 | N23: 0 | O23: 0 | P23: 0 | Q23: 0 | R23: 0 | S23: 0 | T23: 0 | U23: 0 | V23: 2605 | W23: 0 | X23: 0 | Y23: 0 | Z23: 0 | AA23: 0 | AB23: 0 | AC23: 0 | AD23: 0 | AE23: 52093 | AF23: 0 | AG23: 0 | AH23: 0 | AI23: 0 | AJ23: 0 | AK23: 0 | AL23: 0 | AM23: 0 | AN23: 0 | AO23: 0 | AP23: =SUM(C23:AO23) -> 696161.18 | AQ23: Rosedale
A24: 22 | B24: Tobias | C24: 218244 | D24: 0 | E24: 303877 | F24: 0 | G24: 0 | H24: =253455+160002.18 -> 413457.18 | I24: 0 | J24: 0 | K24: 0 | L24: 0 | M24: 1661890 | N24: 0 | O24: 0 | P24: 0 | Q24: 0 | R24: 0 | S24: 0 | T24: 0 | U24: 0 | V24: 309954 | W24: 0 | X24: 0 | Y24: 0 | Z24: 0 | AA24: 0 | AB24: 0 | AC24: 0 | AD24: 0 | AE24: 52093 | AF24: 0 | AG24: 0 | AH24: 0 | AI24: 0 | AJ24: 0 | AK24: 0 | AL24: =295313*4 -> 1181252 | AM24: 0 | AN24: 0 | AO24: 0 | AP24: =SUM(C24:AO24) -> 4140767.2 | AQ24: Tobias
A25: 23 | B25: West Union | C25: 317794 | D25: 1360381 | E25: 0 | F25: 0 | G25: 189000 | H25: =135182+144956.1 -> 280138.1 | I25: 0 | J25: 0 | K25: 0 | L25: 0 | M25: 139855 | N25: 1153076 | O25: 0 | P25: 0 | Q25: 0 | R25: 0 | S25: 0 | T25: 0 | U25: 0 | V25: 305613 | W25: 0 | X25: 0 | Y25: 0 | Z25: 868219 | AA25: 0 | AB25: 0 | AC25: 0 | AD25: 0 | AE25: 52093 | AF25: 0 | AG25: 926389 | AH25: 0 | AI25: 0 | AJ25: 0 | AK25: 0 | AL25: 0 | AM25: 0 | AN25: 0 | AO25: 0 | AP25: =SUM(C25:AO25) -> 5592558.1 | AQ25: West Union
A26: 24 | B26: Witch Hazel | C26: 310136 | D26: 0 | E26: 0 | F26: 0 | G26: 0 | H26: =178641+197066.9 -> 375707.9 | I26: 0 | J26: 0 | K26: 0 | L26: 0 | M26: 148239 | N26: 0 | O26: 0 | P26: 0 | Q26: 0 | R26: 0 | S26: 0 | T26: 0 | U26: 0 | V26: 35597 | W26: 0 | X26: 0 | Y26: 0 | Z26: 0 | AA26: 0 | AB26: 0 | AC26: 0 | AD26: 0 | AE26: 0 | AF26: 0 | AG26: 0 | AH26: 0 | AI26: 0 | AJ26: 0 | AK26: 0 | AL26: =295313*2 -> 590626 | AM26: 0 | AN26: 0 | AO26: 0 | AP26: =SUM(C26:AO26) -> 1460305.9 | AQ26: Witch Hazel
A27: 25 | B27: WL Henry | C27: 419897 | D27: 609594 | E27: 1158204 | F27: 0 | G27: 189000 | H27: =214967+123671.41 -> 338638.41 | I27: 0 | J27: 0 | K27: 0 | L27: 0 | M27: 96411 | N27: 1254559 | O27: 0 | P27: 0 | Q27: 618790 | R27: 371987 | S27: 667523 | T27: 0 | U27: 52708 | V27: 162531 | W27: 0 | X27: 0 | Y27: 0 | Z27: 0 | AA27: 0 | AB27: 0 | AC27: 0 | AD27: 0 | AE27: 52093 | AF27: 0 | AG27: 926389 | AH27: 0 | AI27: 0 | AJ27: 0 | AK27: 0 | AL27: =295313*3 -> 885939 | AM27: 0 | AN27: =2550000+375000 -> 2925000 | AO27: 0 | AP27: =SUM(C27:AO27) -> 10729263 | AQ27: WL Henry
A28: 26 | B28: South Meadows | C28: 368845 | D28: 0 | E28: 0 | F28: 0 | G28: 0 | H28: =151286+253380.86 -> 404666.86 | I28: 66444 | J28: 10174500 | K28: 0 | L28: 0 | M28: 81333 | N28: 0 | O28: 0 | P28: 0 | Q28: 0 | R28: 0 | S28: 0 | T28: 0 | U28: 207077 | V28: 2995 | W28: 0 | X28: 0 | Y28: 0 | Z28: 0 | AA28: 661500 | AB28: 0 | AC28: 0 | AD28: 0 | AE28: 86822 | AF28: 0 | AG28: 0 | AH28: 0 | AI28: 0 | AJ28: 0 | AK28: 0 | AL28: 0 | AM28: 0 | AN28: 0 | AO28: 0 | AP28: =SUM(C28:AO28) -> 12054183 | AQ28: South Meadows
A29: 27 | B29: Poynter | C29: 410963 | D29: 11311973 | E29: 0 | F29: 0 | G29: 0 | H29: =265406+262856.32 -> 528262.32 | I29: 66444 | J29: 24761599 | K29: 0 | L29: 0 | M29: 1451343 | N29: 2823397 | O29: 858551 | P29: 0 | Q29: 669122 | R29: 761807 | S29: 1234438 | T29: 36283 | U29: 65555 | V29: 6928 | W29: 0 | X29: 0 | Y29: 0 | Z29: 0 | AA29: 0 | AB29: 0 | AC29: 0 | AD29: 0 | AE29: 0 | AF29: 273489 | AG29: 364652 | AH29: 0 | AI29: 330750 | AJ29: 0 | AK29: 0 | AL29: 0 | AM29: 0 | AN29: 0 | AO29: 0 | AP29: =SUM(C29:AO29) -> 45955556 | AQ29: Poynter
A30: 28 | B30: Brown | C30: 368845 | D30: 2520000 | E30: 0 | F30: 0 | G30: 0 | H30: =214882+251275.2 -> 466157.2 | I30: 66444 | J30: 18900000 | K30: 0 | L30: 0 | M30: 1538261 | N30: 1743545 | O30: 747494 | P30: 0 | Q30: 616092 | R30: 587447 | S30: 1101704 | T30: 0 | U30: 0 | V30: 69284 | W30: 0 | X30: 0 | Y30: 0 | Z30: 0 | AA30: 0 | AB30: 0 | AC30: 0 | AD30: 0 | AE30: 0 | AF30: 273489 | AG30: 0 | AH30: 0 | AI30: 0 | AJ30: 0 | AK30: 0 | AL30: 0 | AM30: 0 | AN30: 0 | AO30: 0 | AP30: =SUM(C30:AO30) -> 28998762 | AQ30: Brown
A31: 29 | B31: Evergreen | C31: 356083 | D31: 1621827 | E31: 0 | F31: 0 | G31: 0 | H31: =241129+299705.34 -> 540834.34 | I31: 69767 | J31: 18786600 | K31: 0 | L31: 0 | M31: 2914944 | N31: 0 | O31: 764543 | P31: 0 | Q31: 0 | R31: 0 | S31: 0 | T31: 0 | U31: 0 | V31: 377241 | W31: 0 | X31: 0 | Y31: 0 | Z31: 0 | AA31: 0 | AB31: 0 | AC31: 0 | AD31: 0 | AE31: 0 | AF31: 260466 | AG31: 52093 | AH31: 0 | AI31: 0 | AJ31: 0 | AK31: 0 | AL31: 0 | AM31: 0 | AN31: 0 | AO31: 0 | AP31: =SUM(C31:AO31) -> 25744398 | AQ31: Evergreen
A32: 30 | B32: Century | C32: 643246 | D32: 0 | E32: 0 | F32: 0 | G32: 0 | H32: =537629+561508.83 -> 1099137.8 | I32: 139012 | J32: 17035413 | K32: 5000000 | L32: 0 | M32: 2999888 | N32: 0 | O32: 111049 | P32: 0 | Q32: 0 | R32: 0 | S32: 0 | T32: 0 | U32: 0 | V32: 490457 | W32: 0 | X32: 0 | Y32: 1093956 | Z32: 771999 | AA32: =8800000/3 -> 2933333.3 | AB32: 483164 | AC32: 0 | AD32: 0 | AE32: 0 | AF32: 0 | AG32: 0 | AH32: 0 | AI32: 0 | AJ32: 0 | AK32: 144703 | AL32: 0 | AM32: 0 | AN32: 0 | AO32: 0 | AP32: =SUM(C32:AO32) -> 32945358 | AQ32: Century
A33: 31 | B33: Glencoe | C33: 470374 | D33: 2049450 | E33: 957211 | F33: 0 | G33: 0 | H33: =649690+559754.11 -> 1209444.1 | I33: 139012 | J33: 18600276 | K33: 5000000 | L33: 0 | M33: 1963321 | N33: 0 | O33: 564293 | P33: 0 | Q33: 0 | R33: 0 | S33: 0 | T33: 0 | U33: 0 | V33: 1294628 | W33: 0 | X33: 0 | Y33: 0 | Z33: 894389 | AA33: =8800000/3 -> 2933333.3 | AB33: 0 | AC33: 0 | AD33: 0 | AE33: 0 | AF33: 478606 | AG33: 0 | AH33: 0 | AI33: 0 | AJ33: 0 | AK33: 151938 | AL33: 0 | AM33: 0 | AN33: 0 | AO33: 0 | AP33: =SUM(C33:AO33) -> 36706275 | AQ33: Glencoe
A34: 32 | B34: Hilhi | C34: 568871 | D34: 3272743 | E34: 0 | F34: 0 | G34: 0 | H34: =553019+454822.15 -> 1007841.2 | I34: 139012 | J34: 21011248 | K34: 5000000 | L34: 0 | M34: 3271998 | N34: 0 | O34: 0 | P34: 0 | Q34: 0 | R34: 0 | S34: 0 | T34: 0 | U34: 83990 | V34: 2789313 | W34: 0 | X34: 0 | Y34: 76577 | Z34: 0 | AA34: =8800000/3 -> 2933333.3 | AB34: 507322 | AC34: 0 | AD34: 516894 | AE34: 0 | AF34: 382884 | AG34: 0 | AH34: 0 | AI34: 0 | AJ34: 1823259 | AK34: 151938 | AL34: 0 | AM34: 0 | AN34: 0 | AO34: 0 | AP34: =SUM(C34:AO34) -> 43537223 | AQ34: Hilhi
A35: 33 | B35: Liberty | C35: 548099 | D35: 0 | E35: 0 | F35: 0 | G35: 0 | H35: =428673+541505.08 -> 970178.08 | I35: 139012 | J35: 15243239 | K35: 5000000 | L35: 0 | M35: 115038 | N35: 0 | O35: 0 | P35: 0 | Q35: 0 | R35: 0 | S35: 0 | T35: 0 | U35: 0 | V35: 4451 | W35: 0 | X35: 957211 | Y35: 114865 | Z35: 255219 | AA35: 0 | AB35: 765769 | AC35: 0 | AD35: 0 | AE35: 95721 | AF35: 0 | AG35: 0 | AH35: 0 | AI35: 0 | AJ35: 0 | AK35: 151938 | AL35: 0 | AM35: 0 | AN35: 0 | AO35: 0 | AP35: =SUM(C35:AO35) -> 24360740 | AQ35: Liberty
A36: 34 | B36: Miller Ed West | C36: 226476 | D36: 3838888 | E36: 0 | F36: 0 | G36: 0 | H36: 61541 | I36: 0 | J36: 0 | K36: 0 | L36: 0 | M36: 690879 | N36: 0 | O36: 171482 | P36: 0 | Q36: 181005 | R36: 737286 | S36: 284483 | T36: 0 | U36: 0 | V36: 198143 | W36: 0 | X36: 0 | Y36: 0 | Z36: 0 | AA36: 0 | AB36: 0 | AC36: 0 | AD36: 0 | AE36: 0 | AF36: 0 | AG36: 0 | AH36: 0 | AI36: 0 | AJ36: 0 | AK36: 0 | AL36: =295313*2 -> 590626 | AM36: 0 | AN36: 0 | AO36: 0 | AP36: =SUM(C36:AO36) -> 6980809 | AQ36: Miller Ed West
A37: 35 | B37: Miller Ed East | C37: 179573 | D37: 328557 | E37: 0 | F37: 0 | G37: 0 | H37: 65635 | I37: 0 | J37: 0 | K37: 0 | L37: 0 | M37: 210771 | N37: 781701 | O37: 0 | P37: 0 | Q37: 0 | R37: 0 | S37: 0 | T37: 0 | U37: 0 | V37: 3111 | W37: 0 | X37: 0 | Y37: 0 | Z37: 0 | AA37: 0 | AB37: 0 | AC37: 0 | AD37: 0 | AE37: 0 | AF37: 0 | AG37: 0 | AH37: 0 | AI37: 0 | AJ37: 0 | AK37: 0 | AL37: 0 | AM37: 0 | AN37: 0 | AO37: 0 | AP37: =SUM(C37:AO37) -> 1569348 | AQ37: Miller Ed East
A38: 36 | B38: Peter Boscow | C38: 91127 | D38: 687534 | E38: 0 | F38: 0 | G38: 0 | H38: 0 | I38: 0 | J38: 0 | K38: 0 | L38: 0 | M38: 680752 | N38: 0 | O38: 0 | P38: 0 | Q38: 0 | R38: 0 | S38: 0 | T38: 0 | U38: 0 | V38: 176988 | W38: 0 | X38: 0 | Y38: 0 | Z38: 0 | AA38: 0 | AB38: 0 | AC38: 0 | AD38: 0 | AE38: 0 | AF38: 0 | AG38: 0 | AH38: 0 | AI38: 0 | AJ38: 0 | AK38: 0 | AL38: 0 | AM38: 0 | AN38: 0 | AO38: 0 | AP38: =SUM(C38:AO38) -> 1636401 | AQ38: Peter Boscow
A39: 37 | B39: Transportation | C39: 0 | D39: 0 | E39: 0 | F39: 744188 | G39: 0 | H39: 0 | I39: 0 | J39: 0 | K39: 0 | L39: 0 | M39: 193875 | N39: 0 | O39: 270895 | P39: 0 | Q39: 0 | R39: 0 | S39: 135158 | T39: 0 | U39: 91402 | V39: 0 | W39: 0 | X39: 0 | Y39: 0 | Z39: 0 | AA39: 0 | AB39: 0 | AC39: 0 | AD39: 0 | AE39: 0 | AF39: 0 | AG39: 0 | AH39: 0 | AI39: 0 | AJ39: 0 | AK39: 0 | AL39: 0 | AM39: 0 | AN39: 0 | AO39: 0 | AP39: =SUM(C39:AO39) -> 1435518 | AQ39: Transportation
A40: 38 | B40: Admin Center | C40: 322963 | D40: 0 | E40: 0 | F40: 0 | G40: 0 | H40: 0 | I40: 0 | J40: 0 | K40: 0 | L40: 0 | M40: 26311 | N40: 0 | O40: 0 | P40: 0 | Q40: 0 | R40: 0 | S40: 0 | T40: 0 | U40: 0 | V40: 1867 | W40: 0 | X40: 0 | Y40: 0 | Z40: 0 | AA40: 0 | AB40: 0 | AC40: 0 | AD40: 0 | AE40: 0 | AF40: 191442 | AG40: 0 | AH40: 0 | AI40: 0 | AJ40: 0 | AK40: 0 | AL40: 0 | AM40: 0 | AN40: 0 | AO40: 0 | AP40: =SUM(C40:AO40) -> 542583 | AQ40: Admin Center
A41: 39 | B41: Hare Field | C41: 0 | D41: 0 | E41: 0 | F41: 0 | G41: 0 | H41: 0 | I41: 0 | J41: 0 | K41: 0 | L41: 0 | M41: 13161 | N41: 0 | O41: 0 | P41: 0 | Q41: 59904 | R41: 0 | S41: 0 | T41: 0 | U41: 0 | V41: 149325 | W41: 0 | X41: 0 | Y41: 0 | Z41: 0 | AA41: 850854 | AB41: 0 | AC41: 957211 | AD41: 0 | AE41: 0 | AF41: 0 | AG41: 0 | AH41: 0 | AI41: 0 | AJ41: 0 | AK41: 0 | AL41: 0 | AM41: 0 | AN41: 0 | AO41: 0 | AP41: =SUM(C41:AO41) -> 2030455 | AQ41: Hare Field
A42: 40 | B42: Facilities | C42: 99167 | D42: 0 | E42: 0 | F42: 0 | G42: 0 | H42: 0 | I42: 0 | J42: 0 | K42: 0 | L42: 0 | M42: 0 | N42: 0 | O42: 0 | P42: 0 | Q42: 0 | R42: 0 | S42: 0 | T42: 0 | U42: 0 | V42: 469560 | W42: 0 | X42: 0 | Y42: 0 | Z42: 0 | AA42: 0 | AB42: 0 | AC42: 0 | AD42: 0 | AE42: 0 | AF42: 0 | AG42: 0 | AH42: 2431013 | AI42: 0 | AJ42: 0 | AK42: 0 | AL42: 0 | AM42: 0 | AN42: 0 | AO42: 0 | AP42: =SUM(C42:AO42) -> 2999740 | AQ42: Facilities
A43: 41 | B43: Districtwide Technology | C43: 0 | D43: 0 | E43: 0 | F43: 0 | G43: 0 | H43: =23122500-940000-175000-4000000-1575000-500000 -> 15932500 | I43: 0 | J43: 0 | K43: 0 | L43: 0 | M43: 0 | N43: 0 | O43: 0 | P43: 0 | Q43: 0 | R43: 0 | S43: 0 | T43: 0 | U43: 0 | V43: 0 | W43: 0 | X43: 0 | Y43: 0 | Z43: 0 | AA43: 0 | AB43: 0 | AC43: 0 | AD43: 0 | AE43: 0 | AF43: 0 | AG43: 0 | AH43: 0 | AI43: 0 | AJ43: 0 | AK43: 0 | AL43: 0 | AM43: 0 | AN43: 0 | AO43: 0 | AP43: =SUM(C43:AO43) -> 15932500 | AQ43: Districtwide Technology
A44: 42 | B44: Replace Classroom Furniture | C44: 0 | D44: 0 | E44: 0 | F44: 0 | G44: 0 | H44: 0 | I44: 0 | J44: 0 | K44: 0 | L44: 20000000 | M44: 0 | N44: 0 | O44: 0 | P44: 0 | Q44: 0 | R44: 0 | S44: 0 | T44: 0 | U44: 0 | V44: 0 | W44: 0 | X44: 0 | Y44: 0 | Z44: 0 | AA44: 0 | AB44: 0 | AC44: 0 | AD44: 0 | AE44: 0 | AF44: 0 | AG44: 0 | AH44: 0 | AI44: 0 | AJ44: 0 | AK44: 0 | AL44: 0 | AM44: 0 | AN44: 0 | AO44: 0 | AP44: =SUM(C44:AO44) -> 20000000 | AQ44: Replace Classroom Furniture
A45: 43 | B45: New ES in North Plains | C45: 0 | D45: 0 | E45: 0 | F45: 0 | G45: 0 | H45: 0 | I45: 0 | J45: 38587500 | K45: 0 | L45: 0 | M45: 0 | N45: 0 | O45: 0 | P45: 0 | Q45: 0 | R45: 0 | S45: 0 | T45: 0 | U45: 0 | V45: 0 | W45: 0 | X45: 0 | Y45: 0 | Z45: 0 | AA45: 0 | AB45: 0 | AC45: 0 | AD45: 0 | AE45: 0 | AF45: 0 | AG45: 0 | AH45: 0 | AI45: 0 | AJ45: 0 | AK45: 0 | AL45: 0 | AM45: 0 | AN45: 0 | AO45: 0 | AP45: =SUM(C45:AO45) -> 38587500 | AQ45: New ES in North Plains
A46: 44 | B46: New ES in South Hillsboro 1 | C46: 0 | D46: 0 | E46: 0 | F46: 0 | G46: 0 | H46: 0 | I46: 0 | J46: 38587500 | K46: 0 | L46: 0 | M46: 0 | N46: 0 | O46: 0 | P46: 0 | Q46: 0 | R46: 0 | S46: 0 | T46: 0 | U46: 0 | V46: 0 | W46: 0 | X46: 0 | Y46: 0 | Z46: 0 | AA46: 0 | AB46: 0 | AC46: 0 | AD46: 0 | AE46: 0 | AF46: 0 | AG46: 0 | AH46: 0 | AI46: 0 | AJ46: 0 | AK46: 0 | AL46: 0 | AM46: 0 | AN46: 0 | AO46: 0 | AP46: =SUM(C46:AO46) -> 38587500 | AQ46: New ES in South Hillsboro 1
A47: 45 | B47: New ES in South Hillsboro 2 | C47: 0 | D47: 0 | E47: 0 | F47: 0 | G47: 0 | H47: 0 | I47: 0 | J47: 40516875 | K47: 0 | L47: 0 | M47: 0 | N47: 0 | O47: 0 | P47: 0 | Q47: 0 | R47: 0 | S47: 0 | T47: 0 | U47: 0 | V47: 0 | W47: 0 | X47: 0 | Y47: 0 | Z47: 0 | AA47: 0 | AB47: 0 | AC47: 0 | AD47: 0 | AE47: 0 | AF47: 0 | AG47: 0 | AH47: 0 | AI47: 0 | AJ47: 0 | AK47: 0 | AL47: 0 | AM47: 0 | AN47: 0 | AO47: 0 | AP47: =SUM(C47:AO47) -> 40516875 | AQ47: New ES in South Hillsboro 2
A48: 46 | B48: New ES in Cornelius | C48: 0 | D48: 0 | E48: 0 | F48: 0 | G48: 0 | H48: 0 | I48: 0 | J48: 42542719 | K48: 0 | L48: 0 | M48: 0 | N48: 0 | O48: 0 | P48: 0 | Q48: 0 | R48: 0 | S48: 0 | T48: 0 | U48: 0 | V48: 0 | W48: 0 | X48: 0 | Y48: 0 | Z48: 0 | AA48: 0 | AB48: 0 | AC48: 0 | AD48: 0 | AE48: 0 | AF48: 0 | AG48: 0 | AH48: 0 | AI48: 0 | AJ48: 0 | AK48: 0 | AL48: 0 | AM48: 0 | AN48: 0 | AO48: 0 | AP48: =SUM(C48:AO48) -> 42542719 | AQ48: New ES in Cornelius
A49: 47 | B49: Performing Arts and Athletics Center | C49: 0 | D49: 0 | E49: 0 | F49: 0 | G49: 0 | H49: 0 | I49: 0 | J49: 0 | K49: 0 | L49: 0 | M49: 0 | N49: 0 | O49: 0 | P49: 0 | Q49: 0 | R49: 0 | S49: 0 | T49: 0 | U49: 0 | V49: 0 | W49: 0 | X49: 0 | Y49: 0 | Z49: 0 | AA49: 0 | AB49: 0 | AC49: 0 | AD49: 0 | AE49: 0 | AF49: 0 | AG49: 0 | AH49: 0 | AI49: 0 | AJ49: 0 | AK49: 0 | AL49: 0 | AM49: 0 | AN49: 0 | AO49: 8833692 | AP49: =SUM(C49:AO49) -> 8833692 | AQ49: Performing Arts and Athletics Center
A50: 48 | B50: Satellite Transportation/Maintenance Facility | C50: 0 | D50: 0 | E50: 0 | F50: 0 | G50: 0 | H50: 0 | I50: 0 | J50: 0 | K50: 0 | L50: 0 | M50: 0 | N50: 0 | O50: 0 | P50: 0 | Q50: 0 | R50: 0 | S50: 0 | T50: 0 | U50: 0 | V50: 0 | W50: 0 | X50: 0 | Y50: 0 | Z50: 0 | AA50: 0 | AB50: 0 | AC50: 0 | AD50: 0 | AE50: 0 | AF50: 0 | AG50: 0 | AH50: 0 | AI50: 0 | AJ50: 0 | AK50: 0 | AL50: 0 | AM50: 0 | AN50: 0 | AO50: 16352831 | AP50: =SUM(C50:AO50) -> 16352831 | AQ50: Satellite Transportation/Maintenance Facility
A51: 49 | B51: Brookwood Replacement | C51: 0 | D51: 0 | E51: 0 | F51: 0 | G51: 0 | H51: 0 | I51: 0 | J51: 0 | K51: 0 | L51: 0 | M51: 0 | N51: 0 | O51: 0 | P51: 0 | Q51: 0 | R51: 0 | S51: 0 | T51: 0 | U51: 0 | V51: 0 | W51: 0 | X51: 0 | Y51: 0 | Z51: 0 | AA51: 0 | AB51: 0 | AC51: 0 | AD51: 0 | AE51: 0 | AF51: 0 | AG51: 0 | AH51: 0 | AI51: 0 | AJ51: 0 | AK51: 0 | AL51: 0 | AM51: 29411099 | AN51: 0 | AO51: 0 | AP51: =SUM(C51:AO51) -> 29411099 | AQ51: Brookwood Replacement
A52: 50 | B52: Ladd Acres Replacement | C52: 0 | D52: 0 | E52: 0 | F52: 0 | G52: 0 | H52: 0 | I52: 0 | J52: 0 | K52: 0 | L52: 0 | M52: 0 | N52: 0 | O52: 0 | P52: 0 | Q52: 0 | R52: 0 | S52: 0 | T52: 0 | U52: 0 | V52: 0 | W52: 0 | X52: 0 | Y52: 0 | Z52: 0 | AA52: 0 | AB52: 0 | AC52: 0 | AD52: 0 | AE52: 0 | AF52: 0 | AG52: 0 | AH52: 0 | AI52: 0 | AJ52: 0 | AK52: 0 | AL52: 0 | AM52: 38257158 | AN52: 0 | AO52: 0 | AP52: =SUM(C52:AO52) -> 38257158 | AQ52: Ladd Acres Replacement
A53: 51 | B53: Land Purchase | C53: 0 | D53: 0 | E53: 0 | F53: 0 | G53: 0 | H53: 0 | I53: 0 | J53: 0 | K53: 0 | L53: 0 | M53: 0 | N53: 0 | O53: 0 | P53: 0 | Q53: 0 | R53: 0 | S53: 0 | T53: 0 | U53: 0 | V53: 0 | W53: 0 | X53: 0 | Y53: 0 | Z53: 0 | AA53: 0 | AB53: 0 | AC53: 0 | AD53: 0 | AE53: 0 | AF53: 0 | AG53: 0 | AH53: 0 | AI53: 0 | AJ53: 0 | AK53: 0 | AL53: 0 | AM53: 0 | AN53: 0 | AO53: 5000000 | AP53: =SUM(C53:AO53) -> 5000000 | AQ53: Land Purchase
A54: 52 | B54: Roofing Deduct for Seismic Upgrades | C54: 0 | D54: 0 | E54: 0 | F54: 0 | G54: 0 | H54: 0 | I54: 0 | J54: 0 | K54: 0 | L54: 0 | M54: -2050000 | N54: 0 | O54: 0 | P54: 0 | Q54: 0 | R54: 0 | S54: 0 | T54: 0 | U54: 0 | V54: 0 | W54: 0 | X54: 0 | Y54: 0 | Z54: 0 | AA54: 0 | AB54: 0 | AC54: 0 | AD54: 0 | AE54: 0 | AF54: 0 | AG54: 0 | AH54: 0 | AI54: 0 | AJ54: 0 | AK54: 0 | AL54: 0 | AM54: 0 | AN54: 0 | AO54: 0 | AP54: =SUM(C54:AO54) -> -2050000 | AQ54: Roofing Deduct for Seismic Upgrades
A55: 53 | B55: Mechanical/Electrical/Plumbing Energy Incentives & Rebates | C55: 0 | D55: 0 | E55: 0 | F55: 0 | G55: 0 | H55: 0 | I55: 0 | J55: 0 | K55: 0 | L55: 0 | M55: 0 | N55: -4300000 | O55: 0 | P55: 0 | Q55: 0 | R55: 0 | S55: 0 | T55: 0 | U55: 0 | V55: 0 | W55: 0 | X55: 0 | Y55: 0 | Z55: 0 | AA55: 0 | AB55: 0 | AC55: 0 | AD55: 0 | AE55: 0 | AF55: 0 | AG55: 0 | AH55: 0 | AI55: 0 | AJ55: 0 | AK55: 0 | AL55: 0 | AM55: 0 | AN55: 0 | AO55: 0 | AP55: =SUM(C55:AO55) -> -4300000 | AQ55: Mechanical/Electrical/Plumbing Energy Incentives & Rebates
A56: 54 | B56: Deduct from Painting - Use of CET Funding | C56: 0 | D56: 0 | E56: 0 | F56: 0 | G56: 0 | H56: 0 | I56: 0 | J56: 0 | K56: 0 | L56: 0 | M56: 0 | N56: 0 | O56: 0 | P56: 0 | Q56: 0 | R56: 0 | S56: 0 | T56: 0 | U56: 0 | V56: 0 | W56: 0 | X56: 0 | Y56: 0 | Z56: 0 | AA56: 0 | AB56: 0 | AC56: 0 | AD56: 0 | AE56: 0 | AF56: -1600000 | AG56: 0 | AH56: 0 | AI56: 0 | AJ56: 0 | AK56: 0 | AL56: 0 | AM56: 0 | AN56: 0 | AO56: 0 | AP56: =SUM(C56:AO56) -> -1600000 | AQ56: Deduct from Painting - Use of CET Funding
B57: TOTALS | C57: =SUM(C3:C56) -> 11890694 | D57: =SUM(D3:D56) -> 51275992 | E57: =SUM(E3:E56) -> 11020992 | F57: =SUM(F3:F56) -> 744188 | G57: =SUM(G3:G56) -> 1890000 | H57: =SUM(H3:H56) -> 30495361 | I57: =SUM(I3:I56) -> 825147 | J57: =SUM(J3:J56) -> 304747469 | ... AO57: =SUM(AO3:AO56) -> 30186523 | AP57: =SUM(AP3:AP55) -> 6.8422166e+08

Sheet $2.24 Package Recategorized
A1: Assumptions:
A2: Debt Service | B2: Maintain $2.24/$1,000 AV through 2027
B3: Rate drops to $1.50/$1,000 AV in 2028
B4: 4.2% AV Growth 2018
B5: 4.3% AV Growth 2019
B6: 4.4% AV Growth 2019
B7: 4.4% AV Growth 2020
B8: 3.5% AV Growth 2021-2038
A9: Bond Proceeds | B9: 408000000
A11: BOND PACKAGE A
A12: $2.24/$1,000 AV
C13: Description | D13: Totals based on Escalation
A14: 1 | B14: Safety & Security | C14: SAFETY & SECURITY TOTAL | D14: =+D15+D16+D19+D17+D18 -> 69212041 | E14: =+D14/$D$56 -> 0.16966946
B15: Entire Column 1 | C15: School Safety Upgrades | D15: =+'$2.24 Bond Package by Bldg'!C57 -> 11465846
B16: Entire Column 2 | C16: School Seismic Upgrades | D16: =+'$2.24 Bond Package by Bldg'!D57 -> 45164771
B17: Entire Column 3 | C17: Parent/Bus Drop-Off Improvements | D17: =+'$2.24 Bond Package by Bldg'!E57 -> 10136236
B18: Entire Column 5 | C18: Playground Upgrades | D18: =+'$2.24 Bond Package by Bldg'!G57 -> 1701000
B19: Entire Column 4 | C19: Install Cameras and GPS on All Buses | D19: =+'$2.24 Bond Package by Bldg'!F57 -> 744188
A20: 2 | B20: Educational Technology | C20: TECHNOLOGY TOTAL | D20: =+D21+D22 -> 30221198 | E20: =+D20/$D$56 -> 0.07408558
B21: Column 6 - Rows 1-35 | C21: Technology-Classroom | D21: =SUM('$2.24 Bond Package by Bldg'!H3:H37) -> 14288698
B22: Column 6 - Portion of Row 41 | C22: Technology-Infrastructure | D22: =+'$2.24 Bond Package by Bldg'!H43 -> 15932500
A23: 3 | B23: New Capacity | C23: CAPACITY TOTAL | D23: =SUM(D24:D30) -> 181455286 | E23: =+D23/$D$56 -> 0.44482751
B24: Column 8, Row 43 | C24: New Elementary School in North Plains | D24: =+'$2.24 Bond Package by Bldg'!J45 -> 38587500
B25: Column 8, Row 44 | C25: New Elementary School in South Hillsboro 1 | D25: =+'$2.24 Bond Package by Bldg'!J46 -> 38587500
B26: Column 8, Row 29 | C26: Evergreen Middle School Addition | D26: =+'$2.24 Bond Package by Bldg'!J31 -> 18786600
B27: Column 8, Row 31 | C27: Glencoe Addition | D27: =+'$2.24 Bond Package by Bldg'!J33 -> 18600276
B28: Entire Column 38 | C28: Construct New "Immediate Occupancy"-Eliminate Gymacafetoriums | D28: =+'$2.24 Bond Package by Bldg'!AN57-'$2.24 Bond Package by Bldg'!AN22 -> 23400000
B29: Entire Column 38, Row 22 | C29: Construct New Modular Cafeteria/Kitchen-Reedville Elementary | D29: =+'$2.24 Bond Package by Bldg'!AN22 -> 1500000
B30: Column 37, Row 49 | C30: Brookwood Elementary | D30: =+'$2.24 Bond Package by Bldg'!AM3 -> 41993410
A31: 4 | B31: Student Achievement | D31: =+D33+D34+D32 -> 30825147 | E31: =+D31/$D$56 -> 0.075566128
B32: Entire Column 7 | C32: Convert Libraries to Learning Centers | D32: =+'$2.24 Bond Package by Bldg'!I57 -> 825147
B33: Entire Column 9 | C33: High School CTE Investment | D33: =+'$2.24 Bond Package by Bldg'!K57 -> 20000000
B34: Column 10, Portion of Row 42 | C34: Flexible Classroom Furniture | D34: =+'$2.24 Bond Package by Bldg'!L57 -> 10000000
A35: 5 | B35: Current Infrastructure Improvements | D35: =SUM(D36:D52) -> 78643083 | E35: =+D35/$D$56 -> 0.19278913
B36: Column 8 - Portion of Row 32 | C36: Hillsboro High School Remodel | D36: =+'$2.24 Bond Package by Bldg'!J34 -> 11011248
B37: Entire Column 11 | C37: Roofing | D37: =+'$2.24 Bond Package by Bldg'!M57 -> 19815133
B38: Entire Column 12 | C38: Add Air Conditioning | D38: =+'$2.24 Bond Package by Bldg'!N57 -> 11822270
B39: Entire Column 13 | C39: Upgrade HVAC | D39: =+'$2.24 Bond Package by Bldg'!O57 -> 3488307
B40: Entire Column 14 | C40: Add Heat to HVAC | D40: =+'$2.24 Bond Package by Bldg'!P57 -> 194378
B41: Entire Column 15 | C41: Water Pipe Replacement | D41: =+'$2.24 Bond Package by Bldg'!Q57 -> 3487086
B42: Entire Column 16 | C42: Boiler Replacement | D42: =+'$2.24 Bond Package by Bldg'!R57 -> 2619705
B43: Entire Column 17 | C43: Direct Digital Controls (DDC) | D43: =+'$2.24 Bond Package by Bldg'!S57 -> 4657735
B44: Entire Column 18 | C44: Walk-In Freezer | D44: =+'$2.24 Bond Package by Bldg'!T57 -> 86392
B45: Entire Column 19 | C45: Upgrade Electrical Service/Generator | D45: =+'$2.24 Bond Package by Bldg'!U57 -> 554112
B46: Column 20 - Row 22 | C46: New Parking Lot - Reedville | D46: =+'$2.24 Bond Package by Bldg'!V22 -> 1300000
B47: Entire Column 21 | C47: Rooftop Condensor Replacement | D47: =+'$2.24 Bond Package by Bldg'!W57 -> 114604
B48: Entire Column 22 | C48: Chiller Replacement | D48: =+'$2.24 Bond Package by Bldg'!X57 -> 957211
B49: Entire Column 29 | C49: Seal Building Exteriors | D49: =+'$2.24 Bond Package by Bldg'!AE57 -> 624922
B50: Entire Column 30 | C50: Paint Building Exteriors | D50: =+'$2.24 Bond Package by Bldg'!AF57 -> 1207149
B51: Column 33 - Row 22 | C51: Replace Flooring | D51: =+'$2.24 Bond Package by Bldg'!AI22 -> 350000
B52: Column 39, Row 48 | C52: Satellite Transportation Facility | D52: =+'$2.24 Bond Package by Bldg'!AO50 -> 16352831
C53: TOTALS | D53: =+D35+D31+D23+D20+D14 -> 3.9035675e+08
A54: 6 | B54: Bond Issuance Cost (1.5%) | C54: BOND ISSUANCE COST TOTAL | D54: =D53*0.015 -> 5855351.3 | E54: =+D54/$D$56 -> 0.014354067
A55: 7 | B55: District Bond Costs (3.0%) | C55: DISTRICT BOND COSTS TOTAL | D55: =D53*0.03 -> 11710703 | E55: =+D55/D56 -> 0.028708134
D56: =D53+D54+D55 -> 4.0792281e+08 | E56: =SUM(E8:E55) -> 1
B58: Mandatory Items | C58: Life/Safety and Capacity/Bond Program Costs | D58: =+D15+D16+D24+D25+D26+D27+D54+D55 -> 1.8875855e+08
B59: Strongly Recommended Items | C59: Necessary Infrastructure not possible from General Fund | D59: =+D37+D41+D42+D52 -> 42274755
C60: TOTAL Mandatory/Strongly Recommended | D60: =D59+D58 -> 2.310333e+08
C63: $2.24 Bond Package
C64: * Funding Level - $408.0 Million
C65: * Notable Projects: Two new Elementary Schools (N. Plains
C66: and S. Hillsboro), satellite transportation facility, Hilhi
C67: upgrade and Glencoe and Evergreen Addition
C68: * Improvements to Hillsboro High School and Reedville Elementary
C69: * All Seismic and Safety Upgrades
C70: * All Parent/Bus Drop-off Improvements
C71: * Install Cameras on All Buses
C72: * All Playground Upgrades
C73: * All Classroom and Technology Infrastructure
C74: * Convert Libraries to Learning Centers
... C78: Cafegymatoriums-"Immediate Occupancy" Seimsic Standard

Sheet $2.24 Bond Package by Bldg
B1: Column | C1: 1 | D1: 2 | E1: 3 | F1: 4 | G1: 5 | H1: 6 | I1: 7 | J1: 8 | K1: 9 | L1: 10 | M1: 11 | N1: 12 | O1: 13 | P1: 14 | Q1: 15 | R1: 16 | S1: 17 | T1: 18 | U1: 19 | V1: 20 | W1: 21 | X1: 22 | Y1: 23 | Z1: 24 | AA1: 25 | AB1: 26 | AC1: 27 | AD1: 28 | AE1: 29 | AF1: 30 | AG1: 31 | AH1: 32 | AI1: 33 | AJ1: 34 | AK1: 35 | AL1: 36 | AM1: 37 | AN1: 38 | AO1: 39 | AP1: 40
A2: Row | B2: School/Facility | C2: School Safety and Security Enhancements | D2: School Seismic Upgrades | E2: Parent/Bus Drop-Off Improvements | F2: Install Cameras on all Buses | G2: Playground Replacements | H2: Technology | I2: Convert Secondary Libraries to Instructional Learning Centers | J2: Capacity | K2: CTE Infrastructure | L2: Replace Classroom Furniture | M2: Roofing | N2: Add AC | O2: Upgrade HVAC | P2: Add Heat to HVAC | Q2: Water Pipe Replacement | R2: Boiler Replacement | S2: DDC | T2: Walk-In Freezer | U2: Upgrade Electrical Service/ Generator | V2: Pavement/ Sidewalks/ Hardscape | W2: Rooftop Condenser Replacement | X2: Chiller Replacement | Y2: Tennis Court Resurface/ Replacement | Z2: Athletic Field Drainage/Repair Irrigation/Storm Drain | AA2: New Artificial Turf Field | AB2: Replace Gym Bleachers | AC2: Remodel Grandstands/ Lockerrooms/ Restrooms | AD2: Remodel Health Rooms | AE2: Building Brick Sealer | AF2: Paint Building Exterior | AG2: Replace Windows | AH2: Replace Maintenance Equipment and Vehicles | AI2: Replace Gym Floor/Other Flooring | AJ2: Construct New Track | AK2: Replace Scoreboards | AL2: Replace Portable Classrooms w/ Permanent Structures | AM2: Replacements | AN2: Construct New Gymnasium-Eliminate Cafeteria/Gymnasium | AO2: Other | AP2: TOTALS | AQ2: School/Facility
A3: 1 | B3: Brookwood | C3: 0 | D3: 0 | E3: 0 | F3: 0 | G3: 0 | H3: 0 | I3: 0 | J3: 0 | K3: 0 | L3: 0 | M3: 0 | N3: 0 | O3: 0 | P3: 0 | Q3: 0 | R3: 0 | S3: 0 | T3: 0 | U3: 0 | V3: 0 | W3: 0 | X3: 0 | Y3: 0 | Z3: 0 | AA3: 0 | AB3: 0 | AC3: 0 | AD3: 0 | AE3: 0 | AF3: 0 | AG3: 0 | AH3: 0 | AI3: 0 | AJ3: 0 | AK3: 0 | AL3: 0 | AM3: 41993410 | AN3: 0 | AO3: 0 | AP3: =SUM(C3:AO3) -> 41993410 | AQ3: Brookwood
A4: 2 | B4: Butternut Creek | C4: =+'Big List'!C4 -> 200501 | D4: =+'Big List'!D4 -> 477509 | E4: =+'Big List'!E4 -> 1209437 | F4: =+'Big List'!F4 -> 0 | G4: =+'Big List'!G4 -> 189000 | H4: =+'Big List'!H4 -> 340759.92 | I4: =+'Big List'!I4 -> 0 | J4: 0 | K4: =+'Big List'!K4 -> 0 | L4: =+(+'Big List'!$L$44-10000000)*'Bldg % of Enrollment'!D3 -> 205492.89 | M4: =+'Big List'!M4 -> 92018 | N4: =+'Big List'!N4 -> 897839 | O4: =+'Big List'!O4 -> 0 | P4: =+'Big List'!P4 -> 0 | Q4: =+'Big List'!Q4 -> 311261 | R4: =+'Big List'!R4 -> 0 | S4: =+'Big List'!S4 -> 0 | T4: =+'Big List'!T4 -> 0 | U4: =+'Big List'!U4 -> 0 | V4: 0 | W4: =+'Big List'!W4 -> 0 | X4: =+'Big List'!X4 -> 0 | Y4: 0 | Z4: 0 | AA4: 0 | AB4: 0 | AC4: 0 | AD4: 0 | AE4: =+'Big List'!AE4 -> 0 | AF4: =+'Big List'!AF4 -> 140569 | AG4: 0 | AH4: 0 | AI4: 0 | AJ4: 0 | AK4: 0 | AL4: 0 | AM4: 0 | AN4: =+'Big List'!AN4 -> 0 | AO4: 0 | AP4: =SUM(C4:AO4) -> 4064386.8 | AQ4: Butternut Creek
A5: 3 | B5: Eastwood | C5: =+'Big List'!C5 -> 278154 | D5: =+'Big List'!D5 -> 1773834 | E5: =+'Big List'!E5 -> 744188 | F5: =+'Big List'!F5 -> 0 | G5: =+'Big List'!G5 -> 189000 | H5: =+'Big List'!H5 -> 337597.19 | I5: =+'Big List'!I5 -> 0 | J5: 0 | K5: =+'Big List'!K5 -> 0 | L5: =+(+'Big List'!$L$44-10000000)*'Bldg % of Enrollment'!D4 -> 244640.03 | M5: =+'Big List'!M5 -> 1119936 | N5: =+'Big List'!N5 -> 0 | O5: =+'Big List'!O5 -> 0 | P5: =+'Big List'!P5 -> 60673 | Q5: =+'Big List'!Q5 -> 0 | R5: =+'Big List'!R5 -> 0 | S5: =+'Big List'!S5 -> 0 | T5: =+'Big List'!T5 -> 0 | U5: =+'Big List'!U5 -> 0 | V5: 0 | W5: =+'Big List'!W5 -> 0 | X5: =+'Big List'!X5 -> 0 | Y5: 0 | Z5: 0 | AA5: 0 | AB5: 0 | AC5: 0 | AD5: 0 | AE5: =+'Big List'!AE5 -> 33075 | AF5: =+'Big List'!AF5 -> 0 | AG5: 0 | AH5: 0 | AI5: 0 | AJ5: 0 | AK5: 0 | AL5: 0 | AM5: 0 | AN5: =+'Big List'!AN5 -> 2925000 | AO5: 0 | AP5: =SUM(C5:AO5) -> 7706097.2 | AQ5: Eastwood
A6: 4 | B6: Farmington View | C6: =+'Big List'!C6 -> 196796 | D6: =+'Big List'!D6 -> 903879 | E6: =+'Big List'!E6 -> 1182431 | F6: =+'Big List'!F6 -> 0 | G6: =+'Big List'!G6 -> 189000 | H6: =+'Big List'!H6 -> 207473.08 | I6: =+'Big List'!I6 -> 0 | J6: 0 | K6: =+'Big List'!K6 -> 0 | L6: =+(+'Big List'!$L$44-10000000)*'Bldg % of Enrollment'!D5 -> 157440.15 | M6: =+'Big List'!M6 -> 74523 | N6: =+'Big List'!N6 -> 571281 | O6: =+'Big List'!O6 -> 0 | P6: =+'Big List'!P6 -> 0 | Q6: =+'Big List'!Q6 -> 165484 | R6: =+'Big List'!R6 -> 161178 | S6: =+'Big List'!S6 -> 260796 | T6: =+'Big List'!T6 -> 50109 | U6: =+'Big List'!U6 -> 0 | V6: 0 | W6: =+'Big List'!W6 -> 0 | X6: =+'Big List'!X6 -> 0 | Y6: 0 | Z6: 0 | AA6: 0 | AB6: 0 | AC6: 0 | AD6: 0 | AE6: =+'Big List'!AE6 -> 0 | AF6: =+'Big List'!AF6 -> 140569 | AG6: 0 | AH6: 0 | AI6: 0 | AJ6: 0 | AK6: 0 | AL6: 0 | AM6: 0 | AN6: =+'Big List'!AN6 -> 0 | AO6: 0 | AP6: =SUM(C6:AO6) -> 4260959.2 | AQ6: Farmington View
A7: 5 | B7: Free Orchards | C7: =+'Big List'!C7 -> 258150 | D7: =+'Big List'!D7 -> 0 | E7: =+'Big List'!E7 -> 0 | F7: =+'Big List'!F7 -> 0 | G7: =+'Big List'!G7 -> 0 | H7: =+'Big List'!H7 -> 284304.28 | I7: =+'Big List'!I7 -> 0 | J7: 0 | K7: =+'Big List'!K7 -> 0 | L7: =+(+'Big List'!$L$44-10000000)*'Bldg % of Enrollment'!D6 -> 198826.66 | M7: =+'Big List'!M7 -> 26324 | N7: =+'Big List'!N7 -> 0 | O7: =+'Big List'!O7 -> 0 | P7: =+'Big List'!P7 -> 0 | Q7: =+'Big List'!Q7 -> 0 | R7: =+'Big List'!R7 -> 0 | S7: =+'Big List'!S7 -> 0 | T7: =+'Big List'!T7 -> 0 | U7: =+'Big List'!U7 -> 0 | V7: 0 | W7: =+'Big List'!W7 -> 0 | X7: =+'Big List'!X7 -> 0 | Y7: 0 | Z7: 0 | AA7: 0 | AB7: 0 | AC7: 0 | AD7: 0 | AE7: =+'Big List'!AE7 -> 49613 | AF7: =+'Big List'!AF7 -> 0 | AG7: 0 | AH7: 0 | AI7: 0 | AJ7: 0 | AK7: 0 | AL7: 0 | AM7: 0 | AN7: =+'Big List'!AN7 -> 0 | AO7: 0 | AP7: =SUM(C7:AO7) -> 817217.94 | AQ7: Free Orchards
A8: 6 | B8: Groner | C8: =+'Big List'!C8 -> 218791 | D8: =+'Big List'!D8 -> 2191401 | E8: =+'Big List'!E8 -> 0 | F8: =+'Big List'!F8 -> 0 | G8: =+'Big List'!G8 -> 189000 | H8: =+'Big List'!H8 -> 214487.04 | I8: =+'Big List'!I8 -> 0 | J8: 0 | K8: =+'Big List'!K8 -> 0 | L8: =+(+'Big List'!$L$44-10000000)*'Bldg % of Enrollment'!D7 -> 112295.28 | M8: =+'Big List'!M8 -> 106108 | N8: =+'Big List'!N8 -> 0 | O8: =+'Big List'!O8 -> 0 | P8: =+'Big List'!P8 -> 0 | Q8: =+'Big List'!Q8 -> 202761 | R8: =+'Big List'!R8 -> 0 | S8: =+'Big List'!S8 -> 0 | T8: =+'Big List'!T8 -> 0 | U8: =+'Big List'!U8 -> 0 | V8: 0 | W8: =+'Big List'!W8 -> 0 | X8: =+'Big List'!X8 -> 0 | Y8: 0 | Z8: 0 | AA8: 0 | AB8: 0 | AC8: 0 | AD8: 0 | AE8: =+'Big List'!AE8 -> 49613 | AF8: =+'Big List'!AF8 -> 0 | AG8: 0 | AH8: 0 | AI8: 0 | AJ8: 0 | AK8: 0 | AL8: 0 | AM8: 0 | AN8: =+'Big List'!AN8 -> 0 | AO8: 0 | AP8: =SUM(C8:AO8) -> 3284456.3 | AQ8: Groner
A9: 7 | B9: Imlay | C9: =+'Big List'!C9 -> 281303 | D9: =+'Big List'!D9 -> 0 | E9: =+'Big List'!E9 -> 0 | F9: =+'Big List'!F9 -> 0 | G9: =+'Big List'!G9 -> 0 | H9: =+'Big List'!H9 -> 491341.81 | I9: =+'Big List'!I9 -> 0 | J9: 0 | K9: =+'Big List'!K9 -> 0 | L9: =+(+'Big List'!$L$44-10000000)*'Bldg % of Enrollment'!D8 -> 273290.09 | M9: =+'Big List'!M9 -> 129181 | N9: =+'Big List'!N9 -> 0 | O9: =+'Big List'!O9 -> 0 | P9: =+'Big List'!P9 -> 0 | Q9: =+'Big List'!Q9 -> 0 | R9: =+'Big List'!R9 -> 0 | S9: =+'Big List'!S9 -> 0 | T9: =+'Big List'!T9 -> 0 | U9: =+'Big List'!U9 -> 0 | V9: 0 | W9: =+'Big List'!W9 -> 0 | X9: =+'Big List'!X9 -> 0 | Y9: 0 | Z9: 0 | AA9: 0 | AB9: 0 | AC9: 0 | AD9: 0 | AE9: =+'Big List'!AE9 -> 0 | AF9: =+'Big List'!AF9 -> 0 | AG9: 0 | AH9: 0 | AI9: 0 | AJ9: 0 | AK9: 0 | AL9: 0 | AM9: 0 | AN9: =+'Big List'!AN9 -> 0 | AO9: 0 | AP9: =SUM(C9:AO9) -> 1175115.9 | AQ9: Imlay
A10: 8 | B10: Indian Hills | C10: =+'Big List'!C10 -> 178737 | D10: =+'Big List'!D10 -> 592216 | E10: =+'Big List'!E10 -> 0 | F10: =+'Big List'!F10 -> 0 | G10: =+'Big List'!G10 -> 0 | H10: =+'Big List'!H10 -> 332245.52 | I10: =+'Big List'!I10 -> 0 | J10: 0 | K10: =+'Big List'!K10 -> 0 | L10: =+(+'Big List'!$L$44-10000000)*'Bldg % of Enrollment'!D9 -> 238326.03 | M10: =+'Big List'!M10 -> 32447 | N10: =+'Big List'!N10 -> 1134256 | O10: =+'Big List'!O10 -> 0 | P10: =+'Big List'!P10 -> 0 | Q10: =+'Big List'!Q10 -> 0 | R10: =+'Big List'!R10 -> 0 | S10: =+'Big List'!S10 -> 0 | T10: =+'Big List'!T10 -> 0 | U10: =+'Big List'!U10 -> 0 | V10: 0 | W10: =+'Big List'!W10 -> 0 | X10: =+'Big List'!X10 -> 0 | Y10: 0 | Z10: 0 | AA10: 0 | AB10: 0 | AC10: 0 | AD10: 0 | AE10: =+'Big List'!AE10 -> 0 | AF10: =+'Big List'!AF10 -> 140569 | AG10: 0 | AH10: 0 | AI10: 0 | AJ10: 0 | AK10: 0 | AL10: 0 | AM10: 0 | AN10: =+'Big List'!AN10 -> 0 | AO10: 0 | AP10: =SUM(C10:AO10) -> 2648796.5 | AQ10: Indian Hills
A11: 9 | B11: Jackson | C11: =+'Big List'!C11 -> 283942 | D11: =+'Big List'!D11 -> 1238588 | E11: =+'Big List'!E11 -> 826875 | F11: =+'Big List'!F11 -> 0 | G11: =+'Big List'!G11 -> 0 | H11: =+'Big List'!H11 -> 380674.5 | I11: =+'Big List'!I11 -> 0 | J11: 0 | K11: =+'Big List'!K11 -> 0 | L11: =+(+'Big List'!$L$44-10000000)*'Bldg % of Enrollment'!D10 -> 283869.94 | M11: =+'Big List'!M11 -> 39486 | N11: =+'Big List'!N11 -> 0 | O11: =+'Big List'!O11 -> 0 | P11: =+'Big List'!P11 -> 0 | Q11: =+'Big List'!Q11 -> 0 | R11: =+'Big List'!R11 -> 0 | S11: =+'Big List'!S11 -> 0 | T11: =+'Big List'!T11 -> 0 | U11: =+'Big List'!U11 -> 0 | V11: 0 | W11: =+'Big List'!W11 -> 0 | X11: =+'Big List'!X11 -> 0 | Y11: 0 | Z11: 0 | AA11: 0 | AB11: 0 | AC11: 0 | AD11: 0 | AE11: =+'Big List'!AE11 -> 0 | AF11: =+'Big List'!AF11 -> 0 | AG11: 0 | AH11: 0 | AI11: 0 | AJ11: 0 | AK11: 0 | AL11: 0 | AM11: 0 | AN11: =+'Big List'!AN11 -> 2925000 | AO11: 0 | AP11: =SUM(C11:AO11) -> 5978435.4 | AQ11: Jackson
A12: 10 | B12: Ladd Acres | C12: =+'Big List'!C12 -> 448001 | D12: =+'Big List'!D12 -> 503592 | E12: =+'Big List'!E12 -> 1103051 | F12: =+'Big List'!F12 -> 0 | G12: =+'Big List'!G12 -> 189000 | H12: =+'Big List'!H12 -> 366755.13 | I12: =+'Big List'!I12 -> 0 | J12: 0 | K12: =+'Big List'!K12 -> 0 | L12: =+(+'Big List'!$L$44-10000000)*'Bldg % of Enrollment'!D11 -> 269549.3 | M12: =+'Big List'!M12 -> 43424 | N12: =+'Big List'!N12 -> 2015217 | O12: =+'Big List'!O12 -> 0 | P12: =+'Big List'!P12 -> 0 | Q12: =+'Big List'!Q12 -> 165297 | R12: =+'Big List'!R12 -> 0 | S12: =+'Big List'!S12 -> 0 | T12: =+'Big List'!T12 -> 0 | U12: =+'Big List'!U12 -> 0 | V12: 0 | W12: =+'Big List'!W12 -> 0 | X12: =+'Big List'!X12 -> 0 | Y12: 0 | Z12: 0 | AA12: 0 | AB12: 0 | AC12: 0 | AD12: 0 | AE12: =+'Big List'!AE12 -> 0 | AF12: =+'Big List'!AF12 -> 124031 | AG12: 0 | AH12: 0 | AI12: 0 | AJ12: 0 | AK12: 0 | AL12: 0 | AM12: 0 | AN12: =+'Big List'!AN12 -> 2925000 | AO12: 0 | AP12: =SUM(C12:AO12) -> 8152917.4 | AQ12: Ladd Acres
A13: 11 | B13: Lenox | C13: =+'Big List'!C13 -> 504678 | D13: =+'Big List'!D13 -> 715020 | E13: =+'Big List'!E13 -> 1212199 | F13: =+'Big List'!F13 -> 0 | G13: =+'Big List'!G13 -> 0 | H13: =+'Big List'!H13 -> 331976.41 | I13: =+'Big List'!I13 -> 0 | J13: 0 | K13: =+'Big List'!K13 -> 0 | L13: =+(+'Big List'!$L$44-10000000)*'Bldg % of Enrollment'!D12 -> 238517.1 | M13: =+'Big List'!M13 -> 351089 | N13: =+'Big List'!N13 -> 1525599 | O13: =+'Big List'!O13 -> 0 | P13: =+'Big List'!P13 -> 68498 | Q13: =+'Big List'!Q13 -> 0 | R13: =+'Big List'!R13 -> 0 | S13: =+'Big List'!S13 -> 456435 | T13: =+'Big List'!T13 -> 0 | U13: =+'Big List'!U13 -> 0 | V13: 0 | W13: =+'Big List'!W13 -> 0 | X13: =+'Big List'!X13 -> 0 | Y13: 0 | Z13: 0 | AA13: 0 | AB13: 0 | AC13: 0 | AD13: 0 | AE13: =+'Big List'!AE13 -> 0 | AF13: =+'Big List'!AF13 -> 140569 | AG13: 0 | AH13: 0 | AI13: 0 | AJ13: 0 | AK13: 0 | AL13: 0 | AM13: 0 | AN13: =+'Big List'!AN13 -> 0 | AO13: 0 | AP13: =SUM(C13:AO13) -> 5544580.5 | AQ13: Lenox
A14: 12 | B14: Lincoln Street | C14: =+'Big List'!C14 -> 286130 | D14: =+'Big List'!D14 -> 0 | E14: =+'Big List'!E14 -> 0 | F14: =+'Big List'!F14 -> 0 | G14: =+'Big List'!G14 -> 0 | H14: =+'Big List'!H14 -> 337189.33 | I14: =+'Big List'!I14 -> 0 | J14: 0 | K14: =+'Big List'!K14 -> 0 | L14: =+(+'Big List'!$L$44-10000000)*'Bldg % of Enrollment'!D13 -> 263179.57 | M14: =+'Big List'!M14 -> 26324 | N14: =+'Big List'!N14 -> 0 | O14: =+'Big List'!O14 -> 0 | P14: =+'Big List'!P14 -> 0 | Q14: =+'Big List'!Q14 -> 0 | R14: =+'Big List'!R14 -> 0 | S14: =+'Big List'!S14 -> 0 | T14: =+'Big List'!T14 -> 0 | U14: =+'Big List'!U14 -> 0 | V14: 0 | W14: =+'Big List'!W14 -> 0 | X14: =+'Big List'!X14 -> 0 | Y14: 0 | Z14: 0 | AA14: 0 | AB14: 0 | AC14: 0 | AD14: 0 | AE14: =+'Big List'!AE14 -> 49613 | AF14: =+'Big List'!AF14 -> 0 | AG14: 0 | AH14: 0 | AI14: 0 | AJ14: 0 | AK14: 0 | AL14: 0 | AM14: 0 | AN14: =+'Big List'!AN14 -> 0 | AO14: 0 | AP14: =SUM(C14:AO14) -> 962435.9 | AQ14: Lincoln Street
A15: 13 | B15: McKinney | C15: =+'Big List'!C15 -> 254381 | D15: =+'Big List'!D15 -> 1689555 | E15: =+'Big List'!E15 -> 744188 | F15: =+'Big List'!F15 -> 0 | G15: =+'Big List'!G15 -> 0 | H15: =+'Big List'!H15 -> 308403.59 | I15: =+'Big List'!I15 -> 0 | J15: 0 | K15: =+'Big List'!K15 -> 0 | L15: =+(+'Big List'!$L$44-10000000)*'Bldg % of Enrollment'!D14 -> 235585.08 | M15: =+'Big List'!M15 -> 78058 | N15: =+'Big List'!N15 -> 0 | O15: =+'Big List'!O15 -> 0 | P15: =+'Big List'!P15 -> 0 | Q15: =+'Big List'!Q15 -> 0 | R15: =+'Big List'!R15 -> 0 | S15: =+'Big List'!S15 -> 0 | T15: =+'Big List'!T15 -> 0 | U15: =+'Big List'!U15 -> 0 | V15: 0 | W15: =+'Big List'!W15 -> 0 | X15: =+'Big List'!X15 -> 0 | Y15: 0 | Z15: 0 | AA15: 0 | AB15: 0 | AC15: 0 | AD15: 0 | AE15: =+'Big List'!AE15 -> 0 | AF15: =+'Big List'!AF15 -> 0 | AG15: 0 | AH15: 0 | AI15: 0 | AJ15: 0 | AK15: 0 | AL15: 0 | AM15: 0 | AN15: =+'Big List'!AN15 -> 2925000 | AO15: 0 | AP15: =SUM(C15:AO15) -> 6235170.7 | AQ15: McKinney
... A21: 19 | B21: Quatama | C21: =+'Big List'!C21 -> 288075 | D21: =+'Big List'!D21 -> 0 | E21: =+'Big List'!E21 -> 0 | F21: =+'Big List'!F21 -> 0 | G21: =+'Big List'!G21 -> 0 | H21: =+'Big List'!H21 -> 320483.98 | I21: =+'Big List'!I21 -> 0 | J21: 0 | K21: =+'Big List'!K21 -> 0 | L21: =+(+'Big List'!$L$44-10000000)*'Bldg % of Enrollment'!D20 -> 252098.56 | M21: =+'Big List'!M21 -> 39486 | N21: =+'Big List'!N21 -> 0 | O21: =+'Big List'!O21 -> 0 | P21: =+'Big List'!P21 -> 0 | Q21: =+'Big List'!Q21 -> 0 | R21: =+'Big List'!R21 -> 0 | S21: =+'Big List'!S21 -> 0 | T21: =+'Big List'!T21 -> 0 | U21: =+'Big List'!U21 -> 0 | V21: 0 | W21: =+'Big List'!W21 -> 0 | X21: =+'Big List'!X21 -> 0 | Y21: 0 | Z21: 0 | AA21: 0 | AB21: 0 | AC21: 0 | AD21: 0 | AE21: =+'Big List'!AE21 -> 0 | AF21: =+'Big List'!AF21 -> 0 | AG21: 0 | AH21: 0 | AI21: 0 | AJ21: 0 | AK21: 0 | AL21: 0 | AM21: 0 | AN21: =+'Big List'!AN21 -> 0 | AO21: 0 | AP21: =SUM(C21:AO21) -> 900143.54 | AQ21: Quatama
A22: 20 | B22: Reedville | C22: =+'Big List'!C22 -> 305421 | D22: =+'Big List'!D22 -> 1160508 | E22: =+'Big List'!E22 -> 0 | F22: =+'Big List'!F22 -> 0 | G22: =+'Big List'!G22 -> 189000 | H22: =+'Big List'!H22 -> 198089.64 | I22: =+'Big List'!I22 -> 0 | J22: 0 | K22: =+'Big List'!K22 -> 0 | L22: =+(+'Big List'!$L$44-10000000)*'Bldg % of Enrollment'!D21 -> 122064.29 | M22: =+'Big List'!M22 -> 349895 | N22: =+'Big List'!N22 -> 891951 | O22: =+'Big List'!O22 -> 0 | P22: =+'Big List'!P22 -> 0 | Q22: =+'Big List'!Q22 -> 0 | R22: =+'Big List'!R22 -> 0 | S22: =+'Big List'!S22 -> 182413 | T22: =+'Big List'!T22 -> 0 | U22: =+'Big List'!U22 -> 53380 | V22: 1300000 | W22: =+'Big List'!W22 -> 0 | X22: =+'Big List'!X22 -> 0 | Y22: 0 | Z22: 0 | AA22: 0 | AB22: 0 | AC22: 0 | AD22: 0 | AE22: =+'Big List'!AE22 -> 0 | AF22: =+'Big List'!AF22 -> 130233 | AG22: 0 | AH22: 0 | AI22: =+'Big List'!AI22 -> 350000 | AJ22: 0 | AK22: 0 | AL22: 0 | AM22: 0 | AN22: =+'Big List'!AN22 -> 1500000 | AO22: 0 | AP22: =SUM(C22:AO22) -> 6732954.9 | AQ22: Reedville
A23: 21 | B23: Rosedale | C23: =+'Big List'!C23 -> 276953 | D23: =+'Big List'!D23 -> 0 | E23: =+'Big List'!E23 -> 0 | F23: =+'Big List'!F23 -> 0 | G23: =+'Big List'!G23 -> 0 | H23: =+'Big List'!H23 -> 297315.18 | I23: =+'Big List'!I23 -> 0 | J23: 0 | K23: =+'Big List'!K23 -> 0 | L23: =+(+'Big List'!$L$44-10000000)*'Bldg % of Enrollment'!D22 -> 221261.83 | M23: =+'Big List'!M23 -> 67195 | N23: =+'Big List'!N23 -> 0 | O23: =+'Big List'!O23 -> 0 | P23: =+'Big List'!P23 -> 0 | Q23: =+'Big List'!Q23 -> 0 | R23: =+'Big List'!R23 -> 0 | S23: =+'Big List'!S23 -> 0 | T23: =+'Big List'!T23 -> 0 | U23: =+'Big List'!U23 -> 0 | V23: 0 | W23: =+'Big List'!W23 -> 0 | X23: =+'Big List'!X23 -> 0 | Y23: 0 | Z23: 0 | AA23: 0 | AB23: 0 | AC23: 0 | AD23: 0 | AE23: =+'Big List'!AE23 -> 52093 | AF23: =+'Big List'!AF23 -> 0 | AG23: 0 | AH23: 0 | AI23: 0 | AJ23: 0 | AK23: 0 | AL23: 0 | AM23: 0 | AN23: =+'Big List'!AN23 -> 0 | AO23: 0 | AP23: =SUM(C23:AO23) -> 914818.01 | AQ23: Rosedale
A24: 22 | B24: Tobias | C24: =+'Big List'!C24 -> 218244 | D24: =+'Big List'!D24 -> 0 | E24: =+'Big List'!E24 -> 303877 | F24: =+'Big List'!F24 -> 0 | G24: =+'Big List'!G24 -> 0 | H24: =+'Big List'!H24 -> 413457.18 | I24: =+'Big List'!I24 -> 0 | J24: 0 | K24: =+'Big List'!K24 -> 0 | L24: =+(+'Big List'!$L$44-10000000)*'Bldg % of Enrollment'!D23 -> 221953.66 | M24: =+'Big List'!M24 -> 1661890 | N24: =+'Big List'!N24 -> 0 | O24: =+'Big List'!O24 -> 0 | P24: =+'Big List'!P24 -> 0 | Q24: =+'Big List'!Q24 -> 0 | R24: =+'Big List'!R24 -> 0 | S24: =+'Big List'!S24 -> 0 | T24: =+'Big List'!T24 -> 0 | U24: =+'Big List'!U24 -> 0 | V24: 0 | W24: =+'Big List'!W24 -> 0 | X24: =+'Big List'!X24 -> 0 | Y24: 0 | Z24: 0 | AA24: 0 | AB24: 0 | AC24: 0 | AD24: 0 | AE24: =+'Big List'!AE24 -> 52093 | AF24: =+'Big List'!AF24 -> 0 | AG24: 0 | AH24: 0 | AI24: 0 | AJ24: 0 | AK24: 0 | AL24: 0 | AM24: 0 | AN24: =+'Big List'!AN24 -> 0 | AO24: 0 | AP24: =SUM(C24:AO24) -> 2871514.8 | AQ24: Tobias
A25: 23 | B25: West Union | C25: =+'Big List'!C25 -> 317794 | D25: =+'Big List'!D25 -> 1360381 | E25: =+'Big List'!E25 -> 0 | F25: =+'Big List'!F25 -> 0 | G25: =+'Big List'!G25 -> 189000 | H25: =+'Big List'!H25 -> 280138.1 | I25: =+'Big List'!I25 -> 0 | J25: 0 | K25: =+'Big List'!K25 -> 0 | L25: =+(+'Big List'!$L$44-10000000)*'Bldg % of Enrollment'!D24 -> 202175.7 | M25: =+'Big List'!M25 -> 139855 | N25: =+'Big List'!N25 -> 1153076 | O25: =+'Big List'!O25 -> 0 | P25: =+'Big List'!P25 -> 0 | Q25: =+'Big List'!Q25 -> 0 | R25: =+'Big List'!R25 -> 0 | S25: =+'Big List'!S25 -> 0 | T25: =+'Big List'!T25 -> 0 | U25: =+'Big List'!U25 -> 0 | V25: 0 | W25: =+'Big List'!W25 -> 0 | X25: =+'Big List'!X25 -> 0 | Y25: 0 | Z25: 0 | AA25: 0 | AB25: 0 | AC25: 0 | AD25: 0 | AE25: =+'Big List'!AE25 -> 52093 | AF25: =+'Big List'!AF25 -> 0 | AG25: 0 | AH25: 0 | AI25: 0 | AJ25: 0 | AK25: 0 | AL25: 0 | AM25: 0 | AN25: =+'Big List'!AN25 -> 0 | AO25: 0 | AP25: =SUM(C25:AO25) -> 3694512.8 | AQ25: West Union
A26: 24 | B26: Witch Hazel | C26: =+'Big List'!C26 -> 310136 | D26: =+'Big List'!D26 -> 0 | E26: =+'Big List'!E26 -> 0 | F26: =+'Big List'!F26 -> 0 | G26: =+'Big List'!G26 -> 0 | H26: =+'Big List'!H26 -> 375707.9 | I26: =+'Big List'!I26 -> 0 | J26: 0 | K26: =+'Big List'!K26 -> 0 | L26: =+(+'Big List'!$L$44-10000000)*'Bldg % of Enrollment'!D25 -> 275993.43 | M26: =+'Big List'!M26 -> 148239 | N26: =+'Big List'!N26 -> 0 | O26: =+'Big List'!O26 -> 0 | P26: =+'Big List'!P26 -> 0 | Q26: =+'Big List'!Q26 -> 0 | R26: =+'Big List'!R26 -> 0 | S26: =+'Big List'!S26 -> 0 | T26: =+'Big List'!T26 -> 0 | U26: =+'Big List'!U26 -> 0 | V26: 0 | W26: =+'Big List'!W26 -> 0 | X26: =+'Big List'!X26 -> 0 | Y26: 0 | Z26: 0 | AA26: 0 | AB26: 0 | AC26: 0 | AD26: 0 | AE26: =+'Big List'!AE26 -> 0 | AF26: =+'Big List'!AF26 -> 0 | AG26: 0 | AH26: 0 | AI26: 0 | AJ26: 0 | AK26: 0 | AL26: 0 | AM26: 0 | AN26: =+'Big List'!AN26 -> 0 | AO26: 0 | AP26: =SUM(C26:AO26) -> 1110076.3 | AQ26: Witch Hazel
A27: 25 | B27: WL Henry | C27: =+'Big List'!C27 -> 419897 | D27: =+'Big List'!D27 -> 609594 | E27: =+'Big List'!E27 -> 1158204 | F27: =+'Big List'!F27 -> 0 | G27: =+'Big List'!G27 -> 189000 | H27: =+'Big List'!H27 -> 338638.41 | I27: =+'Big List'!I27 -> 0 | J27: 0 | K27: =+'Big List'!K27 -> 0 | L27: =+(+'Big List'!$L$44-10000000)*'Bldg % of Enrollment'!D26 -> 173970.93 | M27: =+'Big List'!M27 -> 96411 | N27: =+'Big List'!N27 -> 1254559 | O27: =+'Big List'!O27 -> 0 | P27: =+'Big List'!P27 -> 0 | Q27: =+'Big List'!Q27 -> 618790 | R27: =+'Big List'!R27 -> 371987 | S27: =+'Big List'!S27 -> 667523 | T27: =+'Big List'!T27 -> 0 | U27: =+'Big List'!U27 -> 52708 | V27: 0 | W27: =+'Big List'!W27 -> 0 | X27: =+'Big List'!X27 -> 0 | Y27: 0 | Z27: 0 | AA27: 0 | AB27: 0 | AC27: 0 | AD27: 0 | AE27: =+'Big List'!AE27 -> 52093 | AF27: =+'Big List'!AF27 -> 0 | AG27: 0 | AH27: 0 | AI27: 0 | AJ27: 0 | AK27: 0 | AL27: 0 | AM27: 0 | AN27: =+'Big List'!AN27 -> 2925000 | AO27: 0 | AP27: =SUM(C27:AO27) -> 8928375.3 | AQ27: WL Henry
A28: 26 | B28: South Meadows | C28: =+'Big List'!C28 -> 368845 | D28: =+'Big List'!D28 -> 0 | E28: =+'Big List'!E28 -> 0 | F28: =+'Big List'!F28 -> 0 | G28: =+'Big List'!G28 -> 0 | H28: =+'Big List'!H28 -> 404666.86 | I28: =+'Big List'!I28 -> 66444 | J28: 0 | K28: =+'Big List'!K28 -> 0 | L28: =+(+'Big List'!$L$44-10000000)*'Bldg % of Enrollment'!D28 -> 370549.16 | M28: =+'Big List'!M28 -> 81333 | N28: =+'Big List'!N28 -> 0 | O28: =+'Big List'!O28 -> 0 | P28: =+'Big List'!P28 -> 0 | Q28: =+'Big List'!Q28 -> 0 | R28: =+'Big List'!R28 -> 0 | S28: =+'Big List'!S28 -> 0 | T28: =+'Big List'!T28 -> 0 | U28: =+'Big List'!U28 -> 207077 | V28: 0 | W28: =+'Big List'!W28 -> 0 | X28: =+'Big List'!X28 -> 0 | Y28: 0 | Z28: 0 | AA28: 0 | AB28: 0 | AC28: 0 | AD28: 0 | AE28: =+'Big List'!AE28 -> 86822 | AF28: =+'Big List'!AF28 -> 0 | AG28: 0 | AH28: 0 | AI28: 0 | AJ28: 0 | AK28: 0 | AL28: 0 | AM28: 0 | AN28: =+'Big List'!AN28 -> 0 | AO28: 0 | AP28: =SUM(C28:AO28) -> 1585737 | AQ28: South Meadows
A29: 27 | B29: Poynter | C29: =+'Big List'!C29 -> 410963 | D29: =+'Big List'!D29 -> 11311973 | E29: =+'Big List'!E29 -> 0 | F29: =+'Big List'!F29 -> 0 | G29: =+'Big List'!G29 -> 0 | H29: =+'Big List'!H29 -> 528262.32 | I29: =+'Big List'!I29 -> 66444 | J29: 0 | K29: =+'Big List'!K29 -> 0 | L29: =+(+'Big List'!$L$44-10000000)*'Bldg % of Enrollment'!D29 -> 381104.85 | M29: =+'Big List'!M29 -> 1451343 | N29: =+'Big List'!N29 -> 2823397 | O29: =+'Big List'!O29 -> 858551 | P29: =+'Big List'!P29 -> 0 | Q29: =+'Big List'!Q29 -> 669122 | R29: =+'Big List'!R29 -> 761807 | S29: =+'Big List'!S29 -> 1234438 | T29: =+'Big List'!T29 -> 36283 | U29: =+'Big List'!U29 -> 65555 | V29: 0 | W29: =+'Big List'!W29 -> 0 | X29: =+'Big List'!X29 -> 0 | Y29: 0 | Z29: 0 | AA29: 0 | AB29: 0 | AC29: 0 | AD29: 0 | AE29: =+'Big List'!AE29 -> 0 | AF29: =+'Big List'!AF29 -> 273489 | AG29: 0 | AH29: 0 | AI29: 0 | AJ29: 0 | AK29: 0 | AL29: 0 | AM29: 0 | AN29: =+'Big List'!AN29 -> 0 | AO29: 0 | AP29: =SUM(C29:AO29) -> 20872732 | AQ29: Poynter
A30: 28 | B30: Brown | C30: =+'Big List'!C30 -> 368845 | D30: =+'Big List'!D30 -> 2520000 | E30: =+'Big List'!E30 -> 0 | F30: =+'Big List'!F30 -> 0 | G30: =+'Big List'!G30 -> 0 | H30: =+'Big List'!H30 -> 466157.2 | I30: =+'Big List'!I30 -> 66444 | J30: 0 | K30: =+'Big List'!K30 -> 0 | L30: =+(+'Big List'!$L$44-10000000)*'Bldg % of Enrollment'!D30 -> 364016.96 | M30: =+'Big List'!M30 -> 1538261 | N30: =+'Big List'!N30 -> 1743545 | O30: =+'Big List'!O30 -> 747494 | P30: =+'Big List'!P30 -> 0 | Q30: =+'Big List'!Q30 -> 616092 | R30: =+'Big List'!R30 -> 587447 | S30: =+'Big List'!S30 -> 1101704 | T30: =+'Big List'!T30 -> 0 | U30: =+'Big List'!U30 -> 0 | V30: 0 | W30: =+'Big List'!W30 -> 0 | X30: =+'Big List'!X30 -> 0 | Y30: 0 | Z30: 0 | AA30: 0 | AB30: 0 | AC30: 0 | AD30: 0 | AE30: =+'Big List'!AE30 -> 0 | AF30: =+'Big List'!AF30 -> 273489 | AG30: 0 | AH30: 0 | AI30: 0 | AJ30: 0 | AK30: 0 | AL30: 0 | AM30: 0 | AN30: =+'Big List'!AN30 -> 0 | AO30: 0 | AP30: =SUM(C30:AO30) -> 10393495 | AQ30: Brown
A31: 29 | B31: Evergreen | C31: =+'Big List'!C31 -> 356083 | D31: =+'Big List'!D31 -> 1621827 | E31: =+'Big List'!E31 -> 0 | F31: =+'Big List'!F31 -> 0 | G31: =+'Big List'!G31 -> 0 | H31: =+'Big List'!H31 -> 540834.34 | I31: =+'Big List'!I31 -> 69767 | J31: =+'Big List'!J31 -> 18786600 | K31: =+'Big List'!K31 -> 0 | L31: =+(+'Big List'!$L$44-10000000)*'Bldg % of Enrollment'!D31 -> 423521.1 | M31: =+'Big List'!M31 -> 2914944 | N31: =+'Big List'!N31 -> 0 | O31: =+'Big List'!O31 -> 764543 | P31: =+'Big List'!P31 -> 0 | Q31: =+'Big List'!Q31 -> 0 | R31: =+'Big List'!R31 -> 0 | S31: =+'Big List'!S31 -> 0 | T31: =+'Big List'!T31 -> 0 | U31: =+'Big List'!U31 -> 0 | V31: 0 | W31: =+'Big List'!W31 -> 0 | X31: =+'Big List'!X31 -> 0 | Y31: 0 | Z31: 0 | AA31: 0 | AB31: 0 | AC31: 0 | AD31: 0 | AE31: =+'Big List'!AE31 -> 0 | AF31: =+'Big List'!AF31 -> 260466 | AG31: 0 | AH31: 0 | AI31: 0 | AJ31: 0 | AK31: 0 | AL31: 0 | AM31: 0 | AN31: =+'Big List'!AN31 -> 0 | AO31: 0 | AP31: =SUM(C31:AO31) -> 25738585 | AQ31: Evergreen
A32: 30 | B32: Century | C32: =+'Big List'!C32 -> 643246 | D32: =+'Big List'!D32 -> 0 | E32: =+'Big List'!E32 -> 0 | F32: =+'Big List'!F32 -> 0 | G32: =+'Big List'!G32 -> 0 | H32: =+'Big List'!H32 -> 1099137.8 | I32: =+'Big List'!I32 -> 139012 | J32: 0 | K32: =+'Big List'!K32 -> 5000000 | L32: =+(+'Big List'!$L$44-10000000)*'Bldg % of Enrollment'!D33 -> 816249.05 | M32: =+'Big List'!M32 -> 2999888 | N32: =+'Big List'!N32 -> 0 | O32: =+'Big List'!O32 -> 111049 | P32: =+'Big List'!P32 -> 0 | Q32: =+'Big List'!Q32 -> 0 | R32: =+'Big List'!R32 -> 0 | S32: =+'Big List'!S32 -> 0 | T32: =+'Big List'!T32 -> 0 | U32: =+'Big List'!U32 -> 0 | V32: 0 | W32: =+'Big List'!W32 -> 0 | X32: =+'Big List'!X32 -> 0 | Y32: 0 | Z32: 0 | AA32: 0 | AB32: 0 | AC32: 0 | AD32: 0 | AE32: =+'Big List'!AE32 -> 0 | AF32: =+'Big List'!AF32 -> 0 | AG32: 0 | AH32: 0 | AI32: 0 | AJ32: 0 | AK32: 0 | AL32: 0 | AM32: 0 | AN32: =+'Big List'!AN32 -> 0 | AO32: 0 | AP32: =SUM(C32:AO32) -> 10808582 | AQ32: Century
A33: 31 | B33: Glencoe | C33: =+'Big List'!C33 -> 470374 | D33: =+'Big List'!D33 -> 2049450 | E33: =+'Big List'!E33 -> 957211 | F33: =+'Big List'!F33 -> 0 | G33: =+'Big List'!G33 -> 0 | H33: =+'Big List'!H33 -> 1209444.1 | I33: =+'Big List'!I33 -> 139012 | J33: =+'Big List'!J33 -> 18600276 | K33: =+'Big List'!K33 -> 5000000 | L33: =+(+'Big List'!$L$44-10000000)*'Bldg % of Enrollment'!D34 -> 808301.76 | M33: =+'Big List'!M33 -> 1963321 | N33: =+'Big List'!N33 -> 0 | O33: =+'Big List'!O33 -> 564293 | P33: =+'Big List'!P33 -> 0 | Q33: =+'Big List'!Q33 -> 0 | R33: =+'Big List'!R33 -> 0 | S33: =+'Big List'!S33 -> 0 | T33: =+'Big List'!T33 -> 0 | U33: =+'Big List'!U33 -> 0 | V33: 0 | W33: =+'Big List'!W33 -> 0 | X33: =+'Big List'!X33 -> 0 | Y33: 0 | Z33: 0 | AA33: 0 | AB33: 0 | AC33: 0 | AD33: 0 | AE33: =+'Big List'!AE33 -> 0 | AF33: =+'Big List'!AF33 -> 478606 | AG33: 0 | AH33: 0 | AI33: 0 | AJ33: 0 | AK33: 0 | AL33: 0 | AM33: 0 | AN33: =+'Big List'!AN33 -> 0 | AO33: 0 | AP33: =SUM(C33:AO33) -> 32240289 | AQ33: Glencoe
A34: 32 | B34: Hilhi | C34: =+'Big List'!C34 -> 568871 | D34: =+'Big List'!D34 -> 3272743 | E34: =+'Big List'!E34 -> 0 | F34: =+'Big List'!F34 -> 0 | G34: =+'Big List'!G34 -> 0 | H34: =+'Big List'!H34 -> 1007841.2 | I34: =+'Big List'!I34 -> 139012 | J34: =+'Big List'!J34-10000000 -> 11011248 | K34: =+'Big List'!K34 -> 5000000 | L34: =+(+'Big List'!$L$44-10000000)*'Bldg % of Enrollment'!D35 -> 660571.17 | M34: =+'Big List'!M34 -> 3271998 | N34: =+'Big List'!N34 -> 0 | O34: =+'Big List'!O34 -> 0 | P34: =+'Big List'!P34 -> 0 | Q34: =+'Big List'!Q34 -> 0 | R34: =+'Big List'!R34 -> 0 | S34: =+'Big List'!S34 -> 0 | T34: =+'Big List'!T34 -> 0 | U34: =+'Big List'!U34 -> 83990 | V34: 0 | W34: =+'Big List'!W34 -> 0 | X34: =+'Big List'!X34 -> 0 | Y34: 0 | Z34: 0 | AA34: 0 | AB34: 0 | AC34: 0 | AD34: 0 | AE34: =+'Big List'!AE34 -> 0 | AF34: =+'Big List'!AF34 -> 382884 | AG34: 0 | AH34: 0 | AI34: 0 | AJ34: 0 | AK34: 0 | AL34: 0 | AM34: 0 | AN34: =+'Big List'!AN34 -> 0 | AO34: 0 | AP34: =SUM(C34:AO34) -> 25399158 | AQ34: Hilhi
A35: 33 | B35: Liberty | C35: =+'Big List'!C35 -> 548099 | D35: =+'Big List'!D35 -> 0 | E35: =+'Big List'!E35 -> 0 | F35: =+'Big List'!F35 -> 0 | G35: =+'Big List'!G35 -> 0 | H35: =+'Big List'!H35 -> 970178.08 | I35: =+'Big List'!I35 -> 139012 | J35: 0 | K35: =+'Big List'!K35 -> 5000000 | L35: =+(+'Big List'!$L$44-10000000)*'Bldg % of Enrollment'!D36 -> 782093.46 | M35: =+'Big List'!M35 -> 115038 | N35: =+'Big List'!N35 -> 0 | O35: =+'Big List'!O35 -> 0 | P35: =+'Big List'!P35 -> 0 | Q35: =+'Big List'!Q35 -> 0 | R35: =+'Big List'!R35 -> 0 | S35: =+'Big List'!S35 -> 0 | T35: =+'Big List'!T35 -> 0 | U35: =+'Big List'!U35 -> 0 | V35: 0 | W35: =+'Big List'!W35 -> 0 | X35: =+'Big List'!X35 -> 957211 | Y35: 0 | Z35: 0 | AA35: 0 | AB35: 0 | AC35: 0 | AD35: 0 | AE35: =+'Big List'!AE35 -> 95721 | AF35: =+'Big List'!AF35 -> 0 | AG35: 0 | AH35: 0 | AI35: 0 | AJ35: 0 | AK35: 0 | AL35: 0 | AM35: 0 | AN35: =+'Big List'!AN35 -> 0 | AO35: 0 | AP35: =SUM(C35:AO35) -> 8607352.5 | AQ35: Liberty
A36: 34 | B36: Miller Ed West | C36: =+'Big List'!C36 -> 226476 | D36: =+'Big List'!D36 -> 3838888 | E36: =+'Big List'!E36 -> 0 | F36: =+'Big List'!F36 -> 0 | G36: =+'Big List'!G36 -> 0 | H36: =+'Big List'!H36 -> 61541 | I36: =+'Big List'!I36 -> 0 | J36: 0 | K36: =+'Big List'!K36 -> 0 | L36: 0 | M36: =+'Big List'!M36 -> 690879 | N36: =+'Big List'!N36 -> 0 | O36: =+'Big List'!O36 -> 171482 | P36: =+'Big List'!P36 -> 0 | Q36: =+'Big List'!Q36 -> 181005 | R36: =+'Big List'!R36 -> 737286 | S36: =+'Big List'!S36 -> 284483 | T36: =+'Big List'!T36 -> 0 | U36: =+'Big List'!U36 -> 0 | V36: 0 | W36: =+'Big List'!W36 -> 0 | X36: =+'Big List'!X36 -> 0 | Y36: 0 | Z36: 0 | AA36: 0 | AB36: 0 | AC36: 0 | AD36: 0 | AE36: =+'Big List'!AE36 -> 0 | AF36: =+'Big List'!AF36 -> 0 | AG36: 0 | AH36: 0 | AI36: 0 | AJ36: 0 | AK36: 0 | AL36: 0 | AM36: 0 | AN36: =+'Big List'!AN36 -> 0 | AO36: 0 | AP36: =SUM(C36:AO36) -> 6192040 | AQ36: Miller Ed West
A37: 35 | B37: Miller Ed East | C37: =+'Big List'!C37 -> 179573 | D37: =+'Big List'!D37 -> 328557 | E37: =+'Big List'!E37 -> 0 | F37: =+'Big List'!F37 -> 0 | G37: =+'Big List'!G37 -> 0 | H37: =+'Big List'!H37 -> 65635 | I37: =+'Big List'!I37 -> 0 | J37: 0 | K37: =+'Big List'!K37 -> 0 | L37: 0 | M37: =+'Big List'!M37 -> 210771 | N37: =+'Big List'!N37 -> 781701 | O37: =+'Big List'!O37 -> 0 | P37: =+'Big List'!P37 -> 0 | Q37: =+'Big List'!Q37 -> 0 | R37: =+'Big List'!R37 -> 0 | S37: =+'Big List'!S37 -> 0 | T37: =+'Big List'!T37 -> 0 | U37: =+'Big List'!U37 -> 0 | V37: 0 | W37: =+'Big List'!W37 -> 0 | X37: =+'Big List'!X37 -> 0 | Y37: 0 | Z37: 0 | AA37: 0 | AB37: 0 | AC37: 0 | AD37: 0 | AE37: =+'Big List'!AE37 -> 0 | AF37: =+'Big List'!AF37 -> 0 | AG37: 0 | AH37: 0 | AI37: 0 | AJ37: 0 | AK37: 0 | AL37: 0 | AM37: 0 | AN37: =+'Big List'!AN37 -> 0 | AO37: 0 | AP37: =SUM(C37:AO37) -> 1566237 | AQ37: Miller Ed East
A38: 36 | B38: Peter Boscow | C38: =+'Big List'!C38 -> 91127 | D38: =+'Big List'!D38 -> 687534 | E38: =+'Big List'!E38 -> 0 | F38: =+'Big List'!F38 -> 0 | G38: =+'Big List'!G38 -> 0 | H38: =+'Big List'!H38 -> 0 | I38: =+'Big List'!I38 -> 0 | J38: 0 | K38: =+'Big List'!K38 -> 0 | L38: =+(+'Big List'!$L$44-10000000)*'Bldg % of Enrollment'!D37 -> 0 | M38: =+'Big List'!M38 -> 680752 | N38: =+'Big List'!N38 -> 0 | O38: =+'Big List'!O38 -> 0 | P38: =+'Big List'!P38 -> 0 | Q38: =+'Big List'!Q38 -> 0 | R38: =+'Big List'!R38 -> 0 | S38: =+'Big List'!S38 -> 0 | T38: =+'Big List'!T38 -> 0 | U38: =+'Big List'!U38 -> 0 | V38: 0 | W38: =+'Big List'!W38 -> 0 | X38: =+'Big List'!X38 -> 0 | Y38: 0 | Z38: 0 | AA38: 0 | AB38: 0 | AC38: 0 | AD38: 0 | AE38: =+'Big List'!AE38 -> 0 | AF38: =+'Big List'!AF38 -> 0 | AG38: 0 | AH38: 0 | AI38: 0 | AJ38: 0 | AK38: 0 | AL38: 0 | AM38: 0 | AN38: =+'Big List'!AN38 -> 0 | AO38: 0 | AP38: =SUM(C38:AO38) -> 1459413 | AQ38: Peter Boscow
A39: 37 | B39: Transportation | C39: =+'Big List'!C39 -> 0 | D39: =+'Big List'!D39 -> 0 | E39: =+'Big List'!E39 -> 0 | F39: =+'Big List'!F39 -> 744188 | G39: =+'Big List'!G39 -> 0 | H39: =+'Big List'!H39 -> 0 | I39: =+'Big List'!I39 -> 0 | J39: 0 | K39: =+'Big List'!K39 -> 0 | L39: 0 | M39: =+'Big List'!M39 -> 193875 | N39: =+'Big List'!N39 -> 0 | O39: =+'Big List'!O39 -> 270895 | P39: =+'Big List'!P39 -> 0 | Q39: =+'Big List'!Q39 -> 0 | R39: =+'Big List'!R39 -> 0 | S39: =+'Big List'!S39 -> 135158 | T39: =+'Big List'!T39 -> 0 | U39: =+'Big List'!U39 -> 91402 | V39: 0 | W39: =+'Big List'!W39 -> 0 | X39: =+'Big List'!X39 -> 0 | Y39: 0 | Z39: 0 | AA39: 0 | AB39: 0 | AC39: 0 | AD39: 0 | AE39: =+'Big List'!AE39 -> 0 | AF39: =+'Big List'!AF39 -> 0 | AG39: 0 | AH39: 0 | AI39: 0 | AJ39: 0 | AK39: 0 | AL39: 0 | AM39: 0 | AN39: =+'Big List'!AN39 -> 0 | AO39: 0 | AP39: =SUM(C39:AO39) -> 1435518 | AQ39: Transportation
A40: 38 | B40: Admin Center | C40: =+'Big List'!C40 -> 322963 | D40: =+'Big List'!D40 -> 0 | E40: =+'Big List'!E40 -> 0 | F40: =+'Big List'!F40 -> 0 | G40: =+'Big List'!G40 -> 0 | H40: =+'Big List'!H40 -> 0 | I40: =+'Big List'!I40 -> 0 | J40: 0 | K40: =+'Big List'!K40 -> 0 | L40: =+(+'Big List'!$L$44-10000000)*'Bldg % of Enrollment'!D39 -> 0 | M40: =+'Big List'!M40 -> 26311 | N40: =+'Big List'!N40 -> 0 | O40: =+'Big List'!O40 -> 0 | P40: =+'Big List'!P40 -> 0 | Q40: =+'Big List'!Q40 -> 0 | R40: =+'Big List'!R40 -> 0 | S40: =+'Big List'!S40 -> 0 | T40: =+'Big List'!T40 -> 0 | U40: =+'Big List'!U40 -> 0 | V40: 0 | W40: =+'Big List'!W40 -> 0 | X40: =+'Big List'!X40 -> 0 | Y40: 0 | Z40: 0 | AA40: 0 | AB40: 0 | AC40: 0 | AD40: 0 | AE40: =+'Big List'!AE40 -> 0 | AF40: =+'Big List'!AF40 -> 191442 | AG40: 0 | AH40: 0 | AI40: 0 | AJ40: 0 | AK40: 0 | AL40: 0 | AM40: 0 | AN40: =+'Big List'!AN40 -> 0 | AO40: 0 | AP40: =SUM(C40:AO40) -> 540716 | AQ40: Admin Center
A41: 39 | B41: Hare Field | C41: =+'Big List'!C41 -> 0 | D41: =+'Big List'!D41 -> 0 | E41: =+'Big List'!E41 -> 0 | F41: =+'Big List'!F41 -> 0 | G41: =+'Big List'!G41 -> 0 | H41: =+'Big List'!H41 -> 0 | I41: =+'Big List'!I41 -> 0 | J41: 0 | K41: =+'Big List'!K41 -> 0 | L41: =+(+'Big List'!$L$44-10000000)*'Bldg % of Enrollment'!D40 -> 0 | M41: =+'Big List'!M41 -> 13161 | N41: =+'Big List'!N41 -> 0 | O41: =+'Big List'!O41 -> 0 | P41: =+'Big List'!P41 -> 0 | Q41: =+'Big List'!Q41 -> 59904 | R41: =+'Big List'!R41 -> 0 | S41: =+'Big List'!S41 -> 0 | T41: =+'Big List'!T41 -> 0 | U41: =+'Big List'!U41 -> 0 | V41: 0 | W41: =+'Big List'!W41 -> 0 | X41: =+'Big List'!X41 -> 0 | Y41: 0 | Z41: 0 | AA41: 0 | AB41: 0 | AC41: 0 | AD41: 0 | AE41: =+'Big List'!AE41 -> 0 | AF41: =+'Big List'!AF41 -> 0 | AG41: 0 | AH41: 0 | AI41: 0 | AJ41: 0 | AK41: 0 | AL41: 0 | AM41: 0 | AN41: =+'Big List'!AN41 -> 0 | AO41: 0 | AP41: =SUM(C41:AO41) -> 73065 | AQ41: Hare Field
A42: 40 | B42: Facilities | C42: =+'Big List'!C42 -> 99167 | D42: =+'Big List'!D42 -> 0 | E42: =+'Big List'!E42 -> 0 | F42: =+'Big List'!F42 -> 0 | G42: =+'Big List'!G42 -> 0 | H42: =+'Big List'!H42 -> 0 | I42: =+'Big List'!I42 -> 0 | J42: 0 | K42: =+'Big List'!K42 -> 0 | L42: =+'Big List'!L42 -> 0 | M42: =+'Big List'!M42 -> 0 | N42: =+'Big List'!N42 -> 0 | O42: =+'Big List'!O42 -> 0 | P42: =+'Big List'!P42 -> 0 | Q42: =+'Big List'!Q42 -> 0 | R42: =+'Big List'!R42 -> 0 | ... U42: =+'Big List'!U42 -> 0 | V42: 0 | W42: =+'Big List'!W42 -> 0 | X42: =+'Big List'!X42 -> 0 | Y42: 0 | Z42: 0 | AA42: 0 | AB42: 0 | AC42: 0 | AD42: 0 | AE42: =+'Big List'!AE42 -> 0 | AF42: =+'Big List'!AF42 -> 0 | AG42: 0 | AH42: 0 | AI42: 0 | AJ42: 0 | AK42: 0 | AL42: 0 | AM42: 0 | AN42: =+'Big List'!AN42 -> 0 | AO42: 0 | AP42: =SUM(C42:AO42) -> 99167 | AQ42: Facilities
A43: 41 | B43: Districtwide Technology | C43: =+'Big List'!C43 -> 0 | D43: =+'Big List'!D43 -> 0 | E43: =+'Big List'!E43 -> 0 | F43: =+'Big List'!F43 -> 0 | G43: =+'Big List'!G43 -> 0 | H43: =+'Big List'!H43 -> 15932500 | I43: =+'Big List'!I43 -> 0 | J43: 0 | K43: =+'Big List'!K43 -> 0 | L43: =+'Big List'!L43 -> 0 | M43: =+'Big List'!M43 -> 0 | N43: =+'Big List'!N43 -> 0 | O43: =+'Big List'!O43 -> 0 | P43: =+'Big List'!P43 -> 0 | Q43: =+'Big List'!Q43 -> 0 | R43: =+'Big List'!R43 -> 0 | ... U43: =+'Big List'!U43 -> 0 | V43: 0 | W43: =+'Big List'!W43 -> 0 | X43: =+'Big List'!X43 -> 0 | Y43: 0 | Z43: 0 | AA43: 0 | AB43: 0 | AC43: 0 | AD43: 0 | AE43: =+'Big List'!AE43 -> 0 | AF43: =+'Big List'!AF43 -> 0 | AG43: 0 | AH43: 0 | AI43: 0 | AJ43: 0 | AK43: 0 | AL43: 0 | AM43: 0 | AN43: =+'Big List'!AN43 -> 0 | AO43: 0 | AP43: =SUM(C43:AO43) -> 15932500 | AQ43: Districtwide Technology
A44: 42 | B44: Replace Classroom Furniture | C44: =+'Big List'!C44 -> 0 | D44: =+'Big List'!D44 -> 0 | E44: =+'Big List'!E44 -> 0 | F44: =+'Big List'!F44 -> 0 | G44: =+'Big List'!G44 -> 0 | H44: =+'Big List'!H44 -> 0 | I44: =+'Big List'!I44 -> 0 | J44: 0 | K44: =+'Big List'!K44 -> 0 | L44: 0 | M44: =+'Big List'!M44 -> 0 | N44: =+'Big List'!N44 -> 0 | O44: =+'Big List'!O44 -> 0 | P44: =+'Big List'!P44 -> 0 | Q44: =+'Big List'!Q44 -> 0 | R44: =+'Big List'!R44 -> 0 | S44: =+'Big List'!S44 -> 0 | T44: =+'Big List'!T44 -> 0 | U44: =+'Big List'!U44 -> 0 | V44: 0 | W44: =+'Big List'!W44 -> 0 | X44: =+'Big List'!X44 -> 0 | Y44: 0 | Z44: 0 | AA44: 0 | AB44: 0 | AC44: 0 | AD44: 0 | AE44: =+'Big List'!AE44 -> 0 | AF44: =+'Big List'!AF44 -> 0 | AG44: 0 | AH44: 0 | AI44: 0 | AJ44: 0 | AK44: 0 | AL44: 0 | AM44: 0 | AN44: =+'Big List'!AN44 -> 0 | AO44: 0 | AP44: =SUM(C44:AO44) -> 0 | AQ44: Replace Classroom Furniture
A45: 43 | B45: New ES in North Plains | C45: =+'Big List'!C45 -> 0 | D45: =+'Big List'!D45 -> 0 | E45: =+'Big List'!E45 -> 0 | F45: =+'Big List'!F45 -> 0 | G45: =+'Big List'!G45 -> 0 | H45: =+'Big List'!H45 -> 0 | I45: =+'Big List'!I45 -> 0 | J45: =+'Big List'!J45 -> 38587500 | ... U45: =+'Big List'!U45 -> 0 | V45: 0 | W45: =+'Big List'!W45 -> 0 | X45: =+'Big List'!X45 -> 0 | Y45: 0 | Z45: 0 | AA45: 0 | AB45: 0 | AC45: 0 | AD45: 0 | AE45: =+'Big List'!AE45 -> 0 | AF45: =+'Big List'!AF45 -> 0 | AG45: 0 | AH45: 0 | AI45: 0 | AJ45: 0 | AK45: 0 | AL45: 0 | AM45: 0 | AN45: =+'Big List'!AN45 -> 0 | AO45: 0 | AP45: =SUM(C45:AO45) -> 38587500 | AQ45: New ES in North Plains
A46: 44 | B46: New ES in South Hillsboro 1 | C46: =+'Big List'!C46 -> 0 | D46: =+'Big List'!D46 -> 0 | E46: =+'Big List'!E46 -> 0 | F46: =+'Big List'!F46 -> 0 | G46: =+'Big List'!G46 -> 0 | H46: =+'Big List'!H46 -> 0 | I46: =+'Big List'!I46 -> 0 | J46: =+'Big List'!J46 -> 38587500 | ... U46: =+'Big List'!U46 -> 0 | V46: 0 | W46: =+'Big List'!W46 -> 0 | X46: =+'Big List'!X46 -> 0 | Y46: 0 | Z46: 0 | AA46: 0 | AB46: 0 | AC46: 0 | AD46: 0 | AE46: =+'Big List'!AE46 -> 0 | AF46: =+'Big List'!AF46 -> 0 | AG46: 0 | AH46: 0 | AI46: 0 | AJ46: 0 | AK46: 0 | AL46: 0 | AM46: 0 | AN46: =+'Big List'!AN46 -> 0 | AO46: 0 | AP46: =SUM(C46:AO46) -> 38587500 | AQ46: New ES in South Hillsboro 1
A47: 45 | B47: New ES in South Hillsboro 2 | C47: =+'Big List'!C47 -> 0 | D47: =+'Big List'!D47 -> 0 | E47: =+'Big List'!E47 -> 0 | F47: =+'Big List'!F47 -> 0 | G47: =+'Big List'!G47 -> 0 | H47: =+'Big List'!H47 -> 0 | I47: =+'Big List'!I47 -> 0 | J47: 0 | K47: =+'Big List'!K47 -> 0 | L47: =+'Big List'!L47 -> 0 | M47: =+'Big List'!M47 -> 0 | N47: =+'Big List'!N47 -> 0 | O47: =+'Big List'!O47 -> 0 | P47: =+'Big List'!P47 -> 0 | Q47: =+'Big List'!Q47 -> 0 | R47: =+'Big List'!R47 -> 0 | ... U47: =+'Big List'!U47 -> 0 | V47: 0 | W47: =+'Big List'!W47 -> 0 | X47: =+'Big List'!X47 -> 0 | Y47: 0 | Z47: 0 | AA47: 0 | AB47: 0 | AC47: 0 | AD47: 0 | AE47: =+'Big List'!AE47 -> 0 | AF47: =+'Big List'!AF47 -> 0 | AG47: 0 | AH47: 0 | AI47: 0 | AJ47: 0 | AK47: 0 | AL47: 0 | AM47: 0 | AN47: =+'Big List'!AN47 -> 0 | AO47: 0 | AP47: =SUM(C47:AO47) -> 0 | AQ47: New ES in South Hillsboro 2
A48: 46 | B48: New ES in Cornelius | C48: =+'Big List'!C48 -> 0 | D48: =+'Big List'!D48 -> 0 | E48: =+'Big List'!E48 -> 0 | F48: =+'Big List'!F48 -> 0 | G48: =+'Big List'!G48 -> 0 | H48: =+'Big List'!H48 -> 0 | I48: =+'Big List'!I48 -> 0 | J48: 0 | K48: =+'Big List'!K48 -> 0 | L48: =+'Big List'!L48 -> 0 | M48: =+'Big List'!M48 -> 0 | N48: =+'Big List'!N48 -> 0 | O48: =+'Big List'!O48 -> 0 | P48: =+'Big List'!P48 -> 0 | Q48: =+'Big List'!Q48 -> 0 | R48: =+'Big List'!R48 -> 0 | ... U48: =+'Big List'!U48 -> 0 | V48: 0 | W48: =+'Big List'!W48 -> 0 | X48: =+'Big List'!X48 -> 0 | Y48: 0 | Z48: 0 | AA48: 0 | AB48: 0 | AC48: 0 | AD48: 0 | AE48: =+'Big List'!AE48 -> 0 | AF48: =+'Big List'!AF48 -> 0 | AG48: 0 | AH48: 0 | AI48: 0 | AJ48: 0 | AK48: 0 | AL48: 0 | AM48: 0 | AN48: =+'Big List'!AN48 -> 0 | AO48: 0 | AP48: =SUM(C48:AO48) -> 0 | AQ48: New ES in Cornelius
A49: 47 | B49: Multi-Use Field House | C49: =+'Big List'!C49 -> 0 | D49: =+'Big List'!D49 -> 0 | E49: =+'Big List'!E49 -> 0 | F49: =+'Big List'!F49 -> 0 | G49: =+'Big List'!G49 -> 0 | H49: =+'Big List'!H49 -> 0 | I49: =+'Big List'!I49 -> 0 | J49: 0 | K49: =+'Big List'!K49 -> 0 | L49: =+'Big List'!L49 -> 0 | M49: =+'Big List'!M49 -> 0 | N49: =+'Big List'!N49 -> 0 | O49: =+'Big List'!O49 -> 0 | P49: =+'Big List'!P49 -> 0 | Q49: =+'Big List'!Q49 -> 0 | R49: =+'Big List'!R49 -> 0 | ... U49: =+'Big List'!U49 -> 0 | V49: 0 | W49: =+'Big List'!W49 -> 0 | X49: =+'Big List'!X49 -> 0 | Y49: 0 | Z49: 0 | AA49: 0 | AB49: 0 | AC49: 0 | AD49: 0 | AE49: =+'Big List'!AE49 -> 0 | AF49: =+'Big List'!AF49 -> 0 | AG49: 0 | AH49: 0 | AI49: 0 | AJ49: 0 | AK49: 0 | AL49: 0 | AM49: 0 | AN49: =+'Big List'!AN49 -> 0 | AO49: 0 | AP49: =SUM(C49:AO49) -> 0 | AQ49: Multi-Use Field House
A50: 48 | B50: Satellite Transportation/Maintenance Facility | C50: =+'Big List'!C50 -> 0 | D50: =+'Big List'!D50 -> 0 | E50: =+'Big List'!E50 -> 0 | F50: =+'Big List'!F50 -> 0 | G50: =+'Big List'!G50 -> 0 | H50: =+'Big List'!H50 -> 0 | I50: =+'Big List'!I50 -> 0 | J50: 0 | K50: =+'Big List'!K50 -> 0 | L50: =+'Big List'!L50 -> 0 | M50: =+'Big List'!M50 -> 0 | N50: =+'Big List'!N50 -> 0 | O50: =+'Big List'!O50 -> 0 | P50: =+'Big List'!P50 -> 0 | Q50: =+'Big List'!Q50 -> 0 | R50: =+'Big List'!R50 -> 0 | ... U50: =+'Big List'!U50 -> 0 | V50: 0 | W50: =+'Big List'!W50 -> 0 | X50: =+'Big List'!X50 -> 0 | Y50: 0 | Z50: 0 | AA50: 0 | AB50: 0 | AC50: 0 | AD50: 0 | AE50: =+'Big List'!AE50 -> 0 | AF50: =+'Big List'!AF50 -> 0 | AG50: 0 | AH50: 0 | AI50: 0 | AJ50: 0 | AK50: 0 | AL50: 0 | AM50: 0 | AN50: =+'Big List'!AN50 -> 0 | AO50: =+'Big List'!AO50 -> 16352831 | AP50: =SUM(C50:AO50) -> 16352831 | AQ50: Satellite Transportation/Maintenance Facility
A51: 49 | B51: Brookwood Replacement | C51: =+'Big List'!C51 -> 0 | D51: =+'Big List'!D51 -> 0 | E51: =+'Big List'!E51 -> 0 | F51: =+'Big List'!F51 -> 0 | G51: =+'Big List'!G51 -> 0 | H51: =+'Big List'!H51 -> 0 | I51: =+'Big List'!I51 -> 0 | J51: 0 | K51: =+'Big List'!K51 -> 0 | L51: =+'Big List'!L51 -> 0 | M51: =+'Big List'!M51 -> 0 | N51: =+'Big List'!N51 -> 0 | O51: =+'Big List'!O51 -> 0 | P51: =+'Big List'!P51 -> 0 | Q51: =+'Big List'!Q51 -> 0 | R51: =+'Big List'!R51 -> 0 | ... U51: =+'Big List'!U51 -> 0 | V51: 0 | W51: =+'Big List'!W51 -> 0 | X51: =+'Big List'!X51 -> 0 | Y51: 0 | Z51: 0 | AA51: 0 | AB51: 0 | AC51: 0 | AD51: 0 | AE51: =+'Big List'!AE51 -> 0 | AF51: =+'Big List'!AF51 -> 0 | AG51: 0 | AH51: 0 | AI51: 0 | AJ51: 0 | AK51: 0 | AL51: 0 | AM51: 0 | AN51: =+'Big List'!AN51 -> 0 | AO51: 0 | AP51: =SUM(C51:AO51) -> 0 | AQ51: Brookwood Replacement
A52: 50 | B52: Ladd Acres Replacement | C52: =+'Big List'!C52 -> 0 | D52: =+'Big List'!D52 -> 0 | E52: =+'Big List'!E52 -> 0 | F52: =+'Big List'!F52 -> 0 | G52: =+'Big List'!G52 -> 0 | H52: =+'Big List'!H52 -> 0 | I52: =+'Big List'!I52 -> 0 | J52: 0 | K52: =+'Big List'!K52 -> 0 | L52: =+'Big List'!L52 -> 0 | M52: =+'Big List'!M52 -> 0 | N52: =+'Big List'!N52 -> 0 | O52: =+'Big List'!O52 -> 0 | P52: =+'Big List'!P52 -> 0 | Q52: =+'Big List'!Q52 -> 0 | R52: =+'Big List'!R52 -> 0 | ... U52: =+'Big List'!U52 -> 0 | V52: 0 | W52: =+'Big List'!W52 -> 0 | X52: =+'Big List'!X52 -> 0 | Y52: 0 | Z52: 0 | AA52: 0 | AB52: 0 | AC52: 0 | AD52: 0 | AE52: =+'Big List'!AE52 -> 0 | AF52: =+'Big List'!AF52 -> 0 | AG52: 0 | AH52: 0 | AI52: 0 | AJ52: 0 | AK52: 0 | AL52: 0 | AM52: 0 | AN52: =+'Big List'!AN52 -> 0 | AO52: 0 | AP52: =SUM(C52:AO52) -> 0 | AQ52: Ladd Acres Replacement
A53: 51 | B53: Land Purchase | C53: =+'Big List'!C53 -> 0 | D53: =+'Big List'!D53 -> 0 | E53: =+'Big List'!E53 -> 0 | F53: =+'Big List'!F53 -> 0 | G53: =+'Big List'!G53 -> 0 | H53: =+'Big List'!H53 -> 0 | I53: =+'Big List'!I53 -> 0 | J53: 0 | K53: =+'Big List'!K53 -> 0 | L53: =+'Big List'!L53 -> 0 | M53: =+'Big List'!M53 -> 0 | N53: =+'Big List'!N53 -> 0 | O53: =+'Big List'!O53 -> 0 | P53: =+'Big List'!P53 -> 0 | Q53: =+'Big List'!Q53 -> 0 | R53: =+'Big List'!R53 -> 0 | ... U53: =+'Big List'!U53 -> 0 | V53: 0 | W53: =+'Big List'!W53 -> 0 | X53: =+'Big List'!X53 -> 0 | Y53: 0 | Z53: 0 | AA53: 0 | AB53: 0 | AC53: 0 | AD53: 0 | AE53: =+'Big List'!AE53 -> 0 | AF53: =+'Big List'!AF53 -> 0 | AG53: 0 | AH53: 0 | AI53: 0 | AJ53: 0 | AK53: 0 | AL53: 0 | AM53: 0 | AN53: =+'Big List'!AN53 -> 0 | AO53: 0 | AP53: =SUM(C53:AO53) -> 0 | AQ53: Land Purchase
A54: 52 | B54: Roofing Deduct for Seismic Upgrades | C54: 0 | D54: 0 | E54: =+'Big List'!E54 -> 0 | F54: 0 | G54: 0 | H54: 0 | I54: =+'Big List'!I54 -> 0 | J54: 0 | K54: =+'Big List'!K54 -> 0 | L54: =+'Big List'!L54 -> 0 | M54: =+'Big List'!M54 -> -2050000 | N54: =+'Big List'!N54 -> 0 | O54: =+'Big List'!O54 -> 0 | P54: =+'Big List'!P54 -> 0 | Q54: =+'Big List'!Q54 -> 0 | R54: =+'Big List'!R54 -> 0 | ... U54: =+'Big List'!U54 -> 0 | V54: 0 | W54: =+'Big List'!W54 -> 0 | X54: =+'Big List'!X54 -> 0 | Y54: 0 | Z54: 0 | AA54: 0 | AB54: 0 | AC54: 0 | AD54: 0 | AE54: =+'Big List'!AE54 -> 0 | AF54: =+'Big List'!AF54 -> 0 | AG54: 0 | AH54: 0 | AI54: 0 | AJ54: 0 | AK54: 0 | AL54: 0 | AM54: 0 | AN54: =+'Big List'!AN54 -> 0 | AO54: 0 | AP54: =SUM(C54:AO54) -> -2050000 | AQ54: Roofing Deduct for Seismic Upgrades
A55: 53 | B55: Mechanical/Electrical/Plumbing Energy Incentives & Rebates | C55: =+'Big List'!C55 -> 0 | D55: =+'Big List'!D55 -> 0 | E55: =+'Big List'!E55 -> 0 | F55: =+'Big List'!F55 -> 0 | G55: =+'Big List'!G55 -> 0 | H55: =+'Big List'!H55 -> 0 | I55: =+'Big List'!I55 -> 0 | J55: =+'Big List'!J55 -> 0 | ... AP55: =+'Big List'!AP55 -> -4300000 | AQ55: Mechanical/Electrical/Plumbing Energy Incentives & Rebates
A56: 54 | B56: Deduct from Painting - Use of CET Funding | C56: 0 | D56: 0 | E56: 0 | F56: 0 | G56: 0 | H56: 0 | I56: 0 | J56: 0 | K56: 0 | L56: 0 | M56: 0 | N56: 0 | O56: 0 | P56: 0 | Q56: 0 | R56: 0 | S56: 0 | T56: 0 | U56: 0 | V56: 0 | W56: 0 | X56: 0 | Y56: 0 | Z56: 0 | AA56: 0 | AB56: 0 | AC56: 0 | AD56: 0 | AE56: 0 | AF56: -1600000 | AG56: 0 | AH56: 0 | AI56: 0 | AJ56: 0 | AK56: 0 | AL56: 0 | AM56: 0 | AN56: 0 | AO56: 0 | AP56: =SUM(C56:AO56) -> -1600000 | AQ56: Deduct from Painting - Use of CET Funding
B57: TOTALS | C57: =SUM(C3:C56) -> 11465846 | D57: =SUM(D3:D56) -> 45164771 | E57: =SUM(E3:E56) -> 10136236 | F57: =SUM(F3:F56) -> 744188 | G57: =SUM(G3:G56) -> 1701000 | H57: =SUM(H3:H56) -> 30221198 | I57: =SUM(I3:I56) -> 825147 | J57: =SUM(J3:J56) -> 125573124 | ... AP57: =SUM(AP3:AP56) -> 3.9035675e+08
AP58: =+AP57-'$2.24 Package Recategorized'!D52 -> 3.7400392e+08
L59: 10000000

Sheet $2.50 Recategorized
A1: Assumptions:
A2: Debt Service | B2: Maintain $2.50/$1,000 AV through 2027
B3: Rate drops to $1.50/$1,000 AV in 2028
B4: 4.2% AV Growth 2018
B5: 4.3% AV Growth 2019
B6: 4.4% AV Growth 2019
B7: 4.4% AV Growth 2020
B8: 3.5% AV Growth 2021-2038
A9: Bond Proceeds | B9: 442555000
A11: BOND PACKAGE B
A12: $2.50/$1,000 AV
C13: Description | D13: Totals based on Escalation
A14: 1 | B14: Safety & Security | C14: SAFETY & SECURITY TOTAL | D14: =+D15+D16+D18+D17+D19 -> 69212041 | E14: =+D14/D62 -> 0.15642736
B15: Entire Column 1 | C15: School Safety Upgrades | D15: =+'$2.50 Bond Package by Bldg'!C57 -> 11465846
B16: Entire Column 2 | C16: School Seismic Upgrades | D16: =+'$2.50 Bond Package by Bldg'!D57 -> 45164771
B17: Entire Column 3 | C17: Parent/Bus Drop-Off Improvements | D17: =+'$2.50 Bond Package by Bldg'!E57 -> 10136236
B18: Entire Column 4 | C18: Install Cameras and GPS on All Buses | D18: =+'$2.50 Bond Package by Bldg'!F57 -> 744188
B19: Entire Column 5 | C19: Playground Upgrades | D19: =+'$2.50 Bond Package by Bldg'!G57 -> 1701000
A20: 2 | B20: Educational Technology | C20: TECHNOLOGY TOTAL | D20: =+D21+D22 -> 30221198 | E20: =+D20/D62 -> 0.068303466
B21: Column 6 - Rows 1-35 | C21: Technology-Classroom | D21: =SUM('$2.50 Bond Package by Bldg'!H3:H37) -> 14288698
B22: Column 6 - Portion of Row 41 | C22: Technology-Infrastructure | D22: =+'$2.50 Bond Package by Bldg'!H43 -> 15932500
A23: 3 | B23: New Capacity | C23: CAPACITY TOTAL | D23: =SUM(D24:D31) -> 186455286 | E23: =+D23/D62 -> 0.4214109
B24: Column 8, Row 43 | C24: New Elementary School in North Plains | D24: =+'$2.50 Bond Package by Bldg'!J45 -> 38587500
B25: Column 8, Row 44 | C25: New Elementary School in South Hillsboro 1 | D25: =+'$2.50 Bond Package by Bldg'!J46 -> 38587500
B26: Column 8, Row 29 | C26: Evergreen Middle School Addition | D26: =+'$2.50 Bond Package by Bldg'!J31 -> 18786600
B27: Column 8, Row 31 | C27: Glencoe Addition | D27: =+'$2.50 Bond Package by Bldg'!J33 -> 18600276
B28: Entire Column 38 | C28: Construct New "Immediate Occupancy"-Eliminate Gymacafetoriums | D28: =+'$2.24 Bond Package by Bldg'!AN57-'$2.24 Bond Package by Bldg'!AN22 -> 23400000
B29: Entire Column 38, Row 22 | C29: Construct New Modular Cafeteria/Kitchen-Reedville Elementary | D29: =+'$2.24 Bond Package by Bldg'!AN22 -> 1500000
B30: Column 37, Row 49 | C30: Brookwood Elementary | D30: =+'$2.50 Bond Package by Bldg'!AM3 -> 41993410
B31: Column 39, Row 52 | C31: Purchase Land | D31: =+'$2.50 Bond Package by Bldg'!AO52 -> 5000000
A32: 4 | B32: Student Achievement | D32: =+D34+D35+D33 -> 30825147 | E32: =+D32/D62 -> 0.069668462
B33: Entire Column 7 | C33: Convert Libraries to Learning Centers | D33: =+'$2.50 Bond Package by Bldg'!I57 -> 825147
B34: Entire Column 9 | C34: High School CTE Investment | D34: =+'$2.50 Bond Package by Bldg'!K57 -> 20000000
B35: Column 10, Portion of Row 42 | C35: Classroom Furniture Replacement * | D35: =+'$2.50 Bond Package by Bldg'!L57 -> 10000000
A36: 5 | B36: Current Infrastructure Improvements | D36: =SUM(D37:D58) -> 106688075 | E36: =+D36/D62 -> 0.24112761
B37: Column 8 - Portion of Row 32 | C37: Hillsboro High School Remodel | D37: =+'$2.50 Bond Package by Bldg'!J34 -> 11011248
B38: Entire Column 11 | C38: Roofing | D38: =+'$2.50 Bond Package by Bldg'!$M$57 -> 19815133
B39: Entire Column 12 | C39: Add Air Conditioning | D39: =+'$2.50 Bond Package by Bldg'!$N$57 -> 11822270
B40: Entire Column 13 | C40: Upgrade HVAC | D40: =+'$2.50 Bond Package by Bldg'!$O$57 -> 3488307
B41: Entire Column 14 | C41: Add Heat to HVAC | D41: =+'$2.50 Bond Package by Bldg'!$P$57 -> 194378
B42: Entire Column 15 | C42: Water Pipe Replacement | D42: =+'$2.50 Bond Package by Bldg'!$Q$57 -> 3487086
B43: Entire Column 16 | C43: Boiler Replacement | D43: =+'$2.50 Bond Package by Bldg'!$R$57 -> 2619705
B44: Entire Column 17 | C44: Direct Digital Controls (DDC) | D44: =+'$2.50 Bond Package by Bldg'!$S$57 -> 4657735
B45: Entire Column 18 | C45: Walk-In Freezer | D45: =+'$2.50 Bond Package by Bldg'!$T$57 -> 86392
B46: Entire Column 19 | C46: Upgrade Electrical Service/Generator | D46: =+'$2.50 Bond Package by Bldg'!$U$57 -> 554112
B47: Column 20 | C47: Pavement/Sidewalks/Hardscape* | D47: =+'$2.50 Bond Package by Bldg'!V57 -> 5383941
B48: Entire Column 21 | C48: Rooftop Condensor Replacement | D48: =+'$2.50 Bond Package by Bldg'!$W$57 -> 114604
B49: Entire Column 22 | C49: Chiller Replacement | D49: =+'$2.50 Bond Package by Bldg'!$X$57 -> 957211
B50: Entire Column 23 | C50: Resurface/Replace Tennis Courts | D50: =+'$2.50 Bond Package by Bldg'!Y57 -> 1285398
B51: Entire Column 29 | C51: Seal Building Exteriors | D51: =+'$2.50 Bond Package by Bldg'!$AE$57 -> 624922
B52: Entire Column 30 | C52: Paint Building Exteriors | D52: =+'$2.50 Bond Package by Bldg'!$AF$57 -> 1207149
B53: Entire Column 31 | C53: Replace Single Pane Windows | D53: =+'$2.50 Bond Package by Bldg'!$AG$57 -> 4224256
B54: Column 36 | C54: Replace "Poor" condition Portable Buildings w/ Permanent Structures | D54: =+'$2.50 Bond Package by Bldg'!$AL$57 -> 7828138
B55: Column 33 - Row 22 | C55: Replace Flooring | D55: =+'$2.50 Bond Package by Bldg'!AI22 -> 350000
B56: Entire Column 34 | C56: Construct New Track | D56: =+'$2.50 Bond Package by Bldg'!$AJ$57 -> 1823259
B57: Column 39, Row 48 | C57: Satellite Transportation/Maintenace Facility | D57: =+'$2.50 Bond Package by Bldg'!AO50 -> 16352831
B58: Column 39, Row 49 | C58: Construction of Lighted Turf Fields | D58: =+'$2.50 Bond Package by Bldg'!AA57 -> 8800000
C59: TOTALS | D59: =+D36+D32+D23+D20+D14 -> 4.2340175e+08
A60: 6 | B60: Bond Issuance Cost (1.5%) | C60: BOND ISSUANCE COST TOTAL | D60: =D59*0.015 -> 6351026.2 | E60: =+D60/D62 -> 0.014354067
A61: 7 | B61: District Bond Costs (3.0%) | C61: DISTRICT BOND COSTS TOTAL | D61: =D59*0.03 -> 12702052 | E61: =+D61/D62 -> 0.028708134
D62: =D59+D60+D61 -> 4.4245483e+08 | E62: =SUM(E14:E61) -> 1
B64: Mandatory Items | C64: Life/Safety and Capacity/Bond Program Costs | D64: =+D61+D60+D27+D26+D25+D24+D16+D15 -> 1.9024557e+08
B65: Strongly Recommended Items | C65: Necessary Infrastructure not possible from General Fund | D65: =+D57+D43+D42+D38 -> 42274755
C66: TOTAL Mandatory/Strongly Recommended | D66: =D65+D64 -> 2.3252033e+08
C69: $2.50 Bond Package
C70: * Funding Level - $442.5 Million
C71: * Notable Projects: Identical to $2.24 Bond Package (Base Bond Package)
C72: with the addition of:
C73: * Add a portion of Pavement/Sidewalk/Hardscape Replacement
C74: * Add Resurface/Replace Tennis Courts
C75: * Replace Single Pane Windows
C76: * Replace Portable Buildings w/ Permanent Structures
C77: * Add Construct New Track
C78: * Construct Lighted Turf Fields at Century, Hilhi and Glencoe
C79: * Add Land Purchase

Sheet $2.50 Bond Package by Bldg
B1: Column | C1: 1 | D1: 2 | E1: 3 | F1: 4 | G1: 5 | H1: 6 | I1: 7 | J1: 8 | K1: 9 | L1: 10 | M1: 11 | N1: 12 | O1: 13 | P1: 14 | Q1: 15 | R1: 16 | S1: 17 | T1: 18 | U1: 19 | V1: 20 | W1: 21 | X1: 22 | Y1: 23 | Z1: 24 | AA1: 25 | AB1: 26 | AC1: 27 | AD1: 28 | AE1: 29 | AF1: 30 | AG1: 31 | AH1: 32 | AI1: 33 | AJ1: 34 | AK1: 35 | AL1: 36 | AM1: 37 | AN1: 38 | AO1: 39 | AP1: 40
A2: Row | B2: School/Facility | C2: School Safety and Security Enhancements | D2: School Seismic Upgrades | E2: Parent/Bus Drop-Off Improvements | F2: Install Cameras on all Buses | G2: Playground Replacements | H2: Technology | I2: Convert Secondary Libraries to Instructional Learning Centers | J2: Capacity | K2: CTE Infrastructure | L2: Replace Classroom Furniture | M2: Roofing | N2: Add AC | O2: Upgrade HVAC | P2: Add Heat to HVAC | Q2: Water Pipe Replacement | R2: Boiler Replacement | S2: DDC | T2: Walk-In Freezer | U2: Upgrade Electrical Service/ Generator | V2: Pavement/ Sidewalks/ Hardscape | W2: Rooftop Condenser Replacement | X2: Chiller Replacement | Y2: Tennis Court Resurface/ Replacement | Z2: Athletic Field Drainage/Repair Irrigation/Storm Drain | AA2: New Artificial Turf Field | AB2: Replace Gym Bleachers | AC2: Remodel Grandstands/ Lockerrooms/ Restrooms | AD2: Remodel Health Rooms | AE2: Building Brick Sealer | AF2: Paint Building Exterior | AG2: Replace Windows | AH2: Replace Maintenance Equipment and Vehicles | AI2: Replace Gym Floor/Other Flooring | AJ2: Construct New Track | AK2: Replace Scoreboards | AL2: Replace Portable Classrooms w/ Permanent Structures | AM2: Replacements | AN2: Construct New Gymnasium-Eliminate Cafeteria/Gymnasium | AO2: Other | AP2: TOTALS | AQ2: School/Facility
A3: 1 | B3: Brookwood | C3: 0 | D3: 0 | E3: 0 | F3: 0 | G3: 0 | H3: 0 | I3: 0 | J3: 0 | K3: 0 | L3: 0 | M3: 0 | N3: 0 | O3: 0 | P3: 0 | Q3: 0 | R3: 0 | S3: 0 | T3: 0 | U3: 0 | V3: 0 | W3: 0 | X3: 0 | Y3: 0 | Z3: 0 | AA3: 0 | AB3: 0 | AC3: 0 | AD3: 0 | AE3: 0 | AF3: 0 | AG3: 0 | AH3: 0 | AI3: 0 | AJ3: 0 | AK3: 0 | AL3: 0 | AM3: 41993410 | AN3: 0 | AO3: 0 | AP3: =SUM(C3:AO3) -> 41993410 | AQ3: Brookwood
A4: 2 | B4: Butternut Creek | C4: =+'Big List'!C4 -> 200501 | D4: =+'Big List'!D4 -> 477509 | E4: =+'Big List'!E4 -> 1209437 | F4: =+'Big List'!F4 -> 0 | G4: =+'Big List'!G4 -> 189000 | H4: =+'Big List'!H4 -> 340759.92 | I4: 0 | J4: 0 | K4: =+'Big List'!K4 -> 0 | L4: =(+'Big List'!$L$44-10000000)*'Bldg % of Enrollment'!D3 -> 205492.89 | M4: =+'Big List'!M4 -> 92018 | N4: =+'Big List'!N4 -> 897839 | O4: =+'Big List'!O4 -> 0 | P4: =+'Big List'!P4 -> 0 | Q4: =+'Big List'!Q4 -> 311261 | R4: =+'Big List'!R4 -> 0 | S4: =+'Big List'!S4 -> 0 | T4: =+'Big List'!T4 -> 0 | U4: =+'Big List'!U4 -> 0 | V4: 0 | W4: =+'Big List'!W4 -> 0 | X4: =+'Big List'!X4 -> 0 | Y4: =+'Big List'!Y4 -> 0 | Z4: 0 | AA4: 0 | AB4: 0 | AC4: 0 | AD4: 0 | AE4: =+'Big List'!AE4 -> 0 | AF4: =+'Big List'!AF4 -> 140569 | AG4: =+'Big List'!AG4 -> 0 | AH4: 0 | AI4: 0 | AJ4: =+'Big List'!AJ4 -> 0 | AK4: 0 | AL4: =295313*3 -> 885939 | AM4: 0 | AN4: =+'Big List'!AN4 -> 0 | AO4: 0 | AP4: =SUM(C4:AO4) -> 4950325.8 | AQ4: Butternut Creek
A5: 3 | B5: Eastwood | C5: =+'Big List'!C5 -> 278154 | D5: =+'Big List'!D5 -> 1773834 | E5: =+'Big List'!E5 -> 744188 | F5: =+'Big List'!F5 -> 0 | G5: =+'Big List'!G5 -> 189000 | H5: =+'Big List'!H5 -> 337597.19 | I5: 0 | J5: 0 | K5: =+'Big List'!K5 -> 0 | L5: =(+'Big List'!$L$44-10000000)*'Bldg % of Enrollment'!D4 -> 244640.03 | M5: =+'Big List'!M5 -> 1119936 | N5: =+'Big List'!N5 -> 0 | O5: =+'Big List'!O5 -> 0 | P5: =+'Big List'!P5 -> 60673 | Q5: =+'Big List'!Q5 -> 0 | R5: =+'Big List'!R5 -> 0 | S5: =+'Big List'!S5 -> 0 | T5: =+'Big List'!T5 -> 0 | U5: =+'Big List'!U5 -> 0 | V5: 0 | W5: =+'Big List'!W5 -> 0 | X5: =+'Big List'!X5 -> 0 | Y5: =+'Big List'!Y5 -> 0 | Z5: 0 | AA5: 0 | AB5: 0 | AC5: 0 | AD5: 0 | AE5: =+'Big List'!AE5 -> 33075 | AF5: =+'Big List'!AF5 -> 0 | AG5: =+'Big List'!AG5 -> 0 | AH5: 0 | AI5: 0 | AJ5: =+'Big List'!AJ5 -> 0 | AK5: 0 | AL5: =295313*2 -> 590626 | AM5: 0 | AN5: =+'Big List'!AN5 -> 2925000 | AO5: 0 | AP5: =SUM(C5:AO5) -> 8296723.2 | AQ5: Eastwood
A6: 4 | B6: Farmington View | C6: =+'Big List'!C6 -> 196796 | D6: =+'Big List'!D6 -> 903879 | E6: =+'Big List'!E6 -> 1182431 | F6: =+'Big List'!F6 -> 0 | G6: =+'Big List'!G6 -> 189000 | H6: =+'Big List'!H6 -> 207473.08 | I6: 0 | J6: 0 | K6: =+'Big List'!K6 -> 0 | L6: =(+'Big List'!$L$44-10000000)*'Bldg % of Enrollment'!D5 -> 157440.15 | M6: =+'Big List'!M6 -> 74523 | N6: =+'Big List'!N6 -> 571281 | O6: =+'Big List'!O6 -> 0 | P6: =+'Big List'!P6 -> 0 | Q6: =+'Big List'!Q6 -> 165484 | R6: =+'Big List'!R6 -> 161178 | S6: =+'Big List'!S6 -> 260796 | T6: =+'Big List'!T6 -> 50109 | U6: =+'Big List'!U6 -> 0 | V6: 0 | W6: =+'Big List'!W6 -> 0 | X6: =+'Big List'!X6 -> 0 | Y6: =+'Big List'!Y6 -> 0 | Z6: 0 | AA6: 0 | AB6: 0 | AC6: 0 | AD6: 0 | AE6: =+'Big List'!AE6 -> 0 | AF6: =+'Big List'!AF6 -> 140569 | AG6: =+'Big List'!AG6 -> 551526 | AH6: 0 | AI6: 0 | AJ6: =+'Big List'!AJ6 -> 0 | AK6: 0 | AL6: =295313*2 -> 590626 | AM6: 0 | AN6: =+'Big List'!AN6 -> 0 | AO6: 0 | AP6: =SUM(C6:AO6) -> 5403111.2 | AQ6: Farmington View
A7: 5 | B7: Free Orchards | C7: =+'Big List'!C7 -> 258150 | D7: =+'Big List'!D7 -> 0 | E7: =+'Big List'!E7 -> 0 | F7: =+'Big List'!F7 -> 0 | G7: =+'Big List'!G7 -> 0 | H7: =+'Big List'!H7 -> 284304.28 | I7: 0 | J7: 0 | K7: =+'Big List'!K7 -> 0 | L7: =(+'Big List'!$L$44-10000000)*'Bldg % of Enrollment'!D6 -> 198826.66 | M7: =+'Big List'!M7 -> 26324 | N7: =+'Big List'!N7 -> 0 | O7: =+'Big List'!O7 -> 0 | P7: =+'Big List'!P7 -> 0 | Q7: =+'Big List'!Q7 -> 0 | R7: =+'Big List'!R7 -> 0 | S7: =+'Big List'!S7 -> 0 | T7: =+'Big List'!T7 -> 0 | U7: =+'Big List'!U7 -> 0 | V7: 0 | W7: =+'Big List'!W7 -> 0 | X7: =+'Big List'!X7 -> 0 | Y7: =+'Big List'!Y7 -> 0 | Z7: 0 | AA7: 0 | AB7: 0 | AC7: 0 | AD7: 0 | AE7: =+'Big List'!AE7 -> 49613 | AF7: =+'Big List'!AF7 -> 0 | AG7: =+'Big List'!AG7 -> 0 | AH7: 0 | AI7: 0 | AJ7: =+'Big List'!AJ7 -> 0 | AK7: 0 | AL7: 0 | AM7: 0 | AN7: =+'Big List'!AN7 -> 0 | AO7: 0 | AP7: =SUM(C7:AO7) -> 817217.94 | AQ7: Free Orchards
A8: 6 | B8: Groner | C8: =+'Big List'!C8 -> 218791 | D8: =+'Big List'!D8 -> 2191401 | E8: =+'Big List'!E8 -> 0 | F8: =+'Big List'!F8 -> 0 | G8: =+'Big List'!G8 -> 189000 | H8: =+'Big List'!H8 -> 214487.04 | I8: 0 | J8: 0 | K8: =+'Big List'!K8 -> 0 | L8: =(+'Big List'!$L$44-10000000)*'Bldg % of Enrollment'!D7 -> 112295.28 | M8: =+'Big List'!M8 -> 106108 | N8: =+'Big List'!N8 -> 0 | O8: =+'Big List'!O8 -> 0 | P8: =+'Big List'!P8 -> 0 | Q8: =+'Big List'!Q8 -> 202761 | R8: =+'Big List'!R8 -> 0 | S8: =+'Big List'!S8 -> 0 | T8: =+'Big List'!T8 -> 0 | U8: =+'Big List'!U8 -> 0 | V8: 0 | W8: =+'Big List'!W8 -> 0 | X8: =+'Big List'!X8 -> 0 | Y8: =+'Big List'!Y8 -> 0 | Z8: 0 | AA8: 0 | AB8: 0 | AC8: 0 | AD8: 0 | AE8: =+'Big List'!AE8 -> 49613 | AF8: =+'Big List'!AF8 -> 0 | AG8: =+'Big List'!AG8 -> 882276 | AH8: 0 | AI8: 0 | AJ8: =+'Big List'!AJ8 -> 0 | AK8: 0 | AL8: =295313*0 -> 0 | AM8: 0 | AN8: =+'Big List'!AN8 -> 0 | AO8: 0 | AP8: =SUM(C8:AO8) -> 4166732.3 | AQ8: Groner
A9: 7 | B9: Imlay | C9: =+'Big List'!C9 -> 281303 | D9: =+'Big List'!D9 -> 0 | E9: =+'Big List'!E9 -> 0 | F9: =+'Big List'!F9 -> 0 | G9: =+'Big List'!G9 -> 0 | H9: =+'Big List'!H9 -> 491341.81 | I9: 0 | J9: 0 | K9: =+'Big List'!K9 -> 0 | L9: =(+'Big List'!$L$44-10000000)*'Bldg % of Enrollment'!D8 -> 273290.09 | M9: =+'Big List'!M9 -> 129181 | N9: =+'Big List'!N9 -> 0 | O9: =+'Big List'!O9 -> 0 | P9: =+'Big List'!P9 -> 0 | Q9: =+'Big List'!Q9 -> 0 | R9: =+'Big List'!R9 -> 0 | S9: =+'Big List'!S9 -> 0 | T9: =+'Big List'!T9 -> 0 | U9: =+'Big List'!U9 -> 0 | V9: 0 | W9: =+'Big List'!W9 -> 0 | X9: =+'Big List'!X9 -> 0 | Y9: =+'Big List'!Y9 -> 0 | Z9: 0 | AA9: 0 | AB9: 0 | AC9: 0 | AD9: 0 | AE9: =+'Big List'!AE9 -> 0 | AF9: =+'Big List'!AF9 -> 0 | AG9: =+'Big List'!AG9 -> 0 | AH9: 0 | AI9: 0 | AJ9: =+'Big List'!AJ9 -> 0 | AK9: 0 | AL9: =295313*0 -> 0 | AM9: 0 | AN9: =+'Big List'!AN9 -> 0 | AO9: 0 | AP9: =SUM(C9:AO9) -> 1175115.9 | AQ9: Imlay
A10: 8 | B10: Indian Hills | C10: =+'Big List'!C10 -> 178737 | D10: =+'Big List'!D10 -> 592216 | E10: =+'Big List'!E10 -> 0 | F10: =+'Big List'!F10 -> 0 | G10: =+'Big List'!G10 -> 0 | H10: =+'Big List'!H10 -> 332245.52 | I10: 0 | J10: 0 | K10: =+'Big List'!K10 -> 0 | L10: =(+'Big List'!$L$44-10000000)*'Bldg % of Enrollment'!D9 -> 238326.03 | M10: =+'Big List'!M10 -> 32447 | N10: =+'Big List'!N10 -> 1134256 | O10: =+'Big List'!O10 -> 0 | P10: =+'Big List'!P10 -> 0 | Q10: =+'Big List'!Q10 -> 0 | R10: =+'Big List'!R10 -> 0 | S10: =+'Big List'!S10 -> 0 | T10: =+'Big List'!T10 -> 0 | U10: =+'Big List'!U10 -> 0 | V10: 0 | W10: =+'Big List'!W10 -> 0 | X10: =+'Big List'!X10 -> 0 | Y10: =+'Big List'!Y10 -> 0 | Z10: 0 | AA10: 0 | AB10: 0 | AC10: 0 | AD10: 0 | AE10: =+'Big List'!AE10 -> 0 | AF10: =+'Big List'!AF10 -> 140569 | AG10: =+'Big List'!AG10 -> 0 | AH10: 0 | AI10: 0 | AJ10: =+'Big List'!AJ10 -> 0 | AK10: 0 | AL10: =295313*2 -> 590626 | AM10: 0 | AN10: =+'Big List'!AN10 -> 0 | AO10: 0 | AP10: =SUM(C10:AO10) -> 3239422.5 | AQ10: Indian Hills
A11: 9 | B11: Jackson | C11: =+'Big List'!C11 -> 283942 | D11: =+'Big List'!D11 -> 1238588 | E11: =+'Big List'!E11 -> 826875 | F11: =+'Big List'!F11 -> 0 | G11: =+'Big List'!G11 -> 0 | H11: =+'Big List'!H11 -> 380674.5 | I11: 0 | J11: 0 | K11: =+'Big List'!K11 -> 0 | L11: =(+'Big List'!$L$44-10000000)*'Bldg % of Enrollment'!D10 -> 283869.94 | M11: =+'Big List'!M11 -> 39486 | N11: =+'Big List'!N11 -> 0 | O11: =+'Big List'!O11 -> 0 | P11: =+'Big List'!P11 -> 0 | Q11: =+'Big List'!Q11 -> 0 | R11: =+'Big List'!R11 -> 0 | S11: =+'Big List'!S11 -> 0 | T11: =+'Big List'!T11 -> 0 | U11: =+'Big List'!U11 -> 0 | V11: 0 | W11: =+'Big List'!W11 -> 0 | X11: =+'Big List'!X11 -> 0 | Y11: =+'Big List'!Y11 -> 0 | Z11: 0 | AA11: 0 | AB11: 0 | AC11: 0 | AD11: 0 | AE11: =+'Big List'!AE11 -> 0 | AF11: =+'Big List'!AF11 -> 0 | AG11: =+'Big List'!AG11 -> 0 | AH11: 0 | AI11: 0 | AJ11: =+'Big List'!AJ11 -> 0 | AK11: 0 | AL11: =295313*1 -> 295313 | AM11: 0 | AN11: =+'Big List'!AN11 -> 2925000 | AO11: 0 | AP11: =SUM(C11:AO11) -> 6273748.4 | AQ11: Jackson
A12: 10 | B12: Ladd Acres | C12: =+'Big List'!C12 -> 448001 | D12: =+'Big List'!D12 -> 503592 | E12: =+'Big List'!E12 -> 1103051 | F12: =+'Big List'!F12 -> 0 | G12: =+'Big List'!G12 -> 189000 | H12: =+'Big List'!H12 -> 366755.13 | I12: 0 | J12: 0 | K12: =+'Big List'!K12 -> 0 | L12: =(+'Big List'!$L$44-10000000)*'Bldg % of Enrollment'!D11 -> 269549.3 | M12: =+'Big List'!M12 -> 43424 | N12: =+'Big List'!N12 -> 2015217 | O12: =+'Big List'!O12 -> 0 | P12: =+'Big List'!P12 -> 0 | Q12: =+'Big List'!Q12 -> 165297 | R12: =+'Big List'!R12 -> 0 | S12: =+'Big List'!S12 -> 0 | T12: =+'Big List'!T12 -> 0 | U12: =+'Big List'!U12 -> 0 | V12: 0 | W12: =+'Big List'!W12 -> 0 | X12: =+'Big List'!X12 -> 0 | Y12: =+'Big List'!Y12 -> 0 | Z12: 0 | AA12: 0 | AB12: 0 | AC12: 0 | AD12: 0 | AE12: =+'Big List'!AE12 -> 0 | AF12: =+'Big List'!AF12 -> 124031 | AG12: =+'Big List'!AG12 -> 0 | AH12: 0 | AI12: 0 | AJ12: =+'Big List'!AJ12 -> 0 | AK12: 0 | AL12: 0 | AM12: 0 | AN12: =+'Big List'!AN12 -> 2925000 | AO12: 0 | AP12: =SUM(C12:AO12) -> 8152917.4 | AQ12: Ladd Acres
A13: 11 | B13: Lenox | C13: =+'Big List'!C13 -> 504678 | D13: =+'Big List'!D13 -> 715020 | E13: =+'Big List'!E13 -> 1212199 | F13: =+'Big List'!F13 -> 0 | G13: =+'Big List'!G13 -> 0 | H13: =+'Big List'!H13 -> 331976.41 | I13: 0 | J13: 0 | K13: =+'Big List'!K13 -> 0 | L13: =(+'Big List'!$L$44-10000000)*'Bldg % of Enrollment'!D12 -> 238517.1 | M13: =+'Big List'!M13 -> 351089 | N13: =+'Big List'!N13 -> 1525599 | O13: =+'Big List'!O13 -> 0 | P13: =+'Big List'!P13 -> 68498 | Q13: =+'Big List'!Q13 -> 0 | R13: =+'Big List'!R13 -> 0 | S13: =+'Big List'!S13 -> 456435 | T13: =+'Big List'!T13 -> 0 | U13: =+'Big List'!U13 -> 0 | V13: 0 | W13: =+'Big List'!W13 -> 0 | X13: =+'Big List'!X13 -> 0 | Y13: =+'Big List'!Y13 -> 0 | Z13: 0 | AA13: 0 | AB13: 0 | AC13: 0 | AD13: 0 | AE13: =+'Big List'!AE13 -> 0 | AF13: =+'Big List'!AF13 -> 140569 | AG13: =+'Big List'!AG13 -> 0 | AH13: 0 | AI13: 0 | AJ13: =+'Big List'!AJ13 -> 0 | AK13: 0 | AL13: 0 | AM13: 0 | AN13: =+'Big List'!AN13 -> 0 | AO13: 0 | AP13: =SUM(C13:AO13) -> 5544580.5 | AQ13: Lenox
A14: 12 | B14: Lincoln Street | C14: =+'Big List'!C14 -> 286130 | D14: =+'Big List'!D14 -> 0 | E14: =+'Big List'!E14 -> 0 | F14: =+'Big List'!F14 -> 0 | G14: =+'Big List'!G14 -> 0 | H14: =+'Big List'!H14 -> 337189.33 | I14: 0 | J14: 0 | K14: =+'Big List'!K14 -> 0 | L14: =(+'Big List'!$L$44-10000000)*'Bldg % of Enrollment'!D13 -> 263179.57 | M14: =+'Big List'!M14 -> 26324 | N14: =+'Big List'!N14 -> 0 | O14: =+'Big List'!O14 -> 0 | P14: =+'Big List'!P14 -> 0 | Q14: =+'Big List'!Q14 -> 0 | R14: =+'Big List'!R14 -> 0 | S14: =+'Big List'!S14 -> 0 | T14: =+'Big List'!T14 -> 0 | U14: =+'Big List'!U14 -> 0 | V14: 0 | W14: =+'Big List'!W14 -> 0 | X14: =+'Big List'!X14 -> 0 | Y14: =+'Big List'!Y14 -> 0 | Z14: 0 | AA14: 0 | AB14: 0 | AC14: 0 | AD14: 0 | AE14: =+'Big List'!AE14 -> 49613 | AF14: =+'Big List'!AF14 -> 0 | AG14: =+'Big List'!AG14 -> 0 | AH14: 0 | AI14: 0 | AJ14: =+'Big List'!AJ14 -> 0 | AK14: 0 | AL14: 0 | AM14: 0 | AN14: =+'Big List'!AN14 -> 0 | AO14: 0 | AP14: =SUM(C14:AO14) -> 962435.9 | AQ14: Lincoln Street
A15: 13 | B15: McKinney | C15: =+'Big List'!C15 -> 254381 | D15: =+'Big List'!D15 -> 1689555 | E15: =+'Big List'!E15 -> 744188 | F15: =+'Big List'!F15 -> 0 | G15: =+'Big List'!G15 -> 0 | H15: =+'Big List'!H15 -> 308403.59 | I15: 0 | J15: 0 | K15: =+'Big List'!K15 -> 0 | L15: =(+'Big List'!$L$44-10000000)*'Bldg % of Enrollment'!D14 -> 235585.08 | M15: =+'Big List'!M15 -> 78058 | N15: =+'Big List'!N15 -> 0 | O15: =+'Big List'!O15 -> 0 | P15: =+'Big List'!P15 -> 0 | Q15: =+'Big List'!Q15 -> 0 | R15: =+'Big List'!R15 -> 0 | S15: =+'Big List'!S15 -> 0 | T15: =+'Big List'!T15 -> 0 | U15: =+'Big List'!U15 -> 0 | V15: 0 | W15: =+'Big List'!W15 -> 0 | X15: =+'Big List'!X15 -> 0 | Y15: =+'Big List'!Y15 -> 0 | Z15: 0 | AA15: 0 | AB15: 0 | AC15: 0 | AD15: 0 | AE15: =+'Big List'!AE15 -> 0 | AF15: =+'Big List'!AF15 -> 0 | AG15: =+'Big List'!AG15 -> 0 | AH15: 0 | AI15: 0 | AJ15: =+'Big List'!AJ15 -> 0 | AK15: 0 | AL15: =295313*3 -> 885939 | AM15: 0 | AN15: =+'Big List'!AN15 -> 2925000 | AO15: 0 | AP15: =SUM(C15:AO15) -> 7121109.7 | AQ15: McKinney
A16: 14 | B16: Minter Bridge | C16: =+'Big List'!C16 -> 234933 | D16: =+'Big List'!D16 -> 2280979 | E16: =+'Big List'!E16 -> 694575 | F16: =+'Big List'!F16 -> 0 | G16: =+'Big List'!G16 -> 0 | H16: =+'Big List'!H16 -> 348420.37 | I16: 0 | J16: 0 | K16: =+'Big List'!K16 -> 0 | L16: =(+'Big List'!$L$44-10000000)*'Bldg % of Enrollment'!D15 -> 241180.35 | M16: =+'Big List'!M16 -> 113443 | N16: =+'Big List'!N16 -> 0 | O16: =+'Big List'!O16 -> 0 | P16: =+'Big List'!P16 -> 65207 | Q16: =+'Big List'!Q16 -> 0 | R16: =+'Big List'!R16 -> 0 | S16: =+'Big List'!S16 -> 0 | T16: =+'Big List'!T16 -> 0 | U16: =+'Big List'!U16 -> 0 | V16: 0 | W16: =+'Big List'!W16 -> 0 | X16: =+'Big List'!X16 -> 0 | Y16: =+'Big List'!Y16 -> 0 | Z16: 0 | AA16: 0 | AB16: 0 | AC16: 0 | AD16: 0 | AE16: =+'Big List'!AE16 -> 0 | AF16: =+'Big List'!AF16 -> 0 | AG16: =+'Big List'!AG16 -> 0 | AH16: 0 | AI16: 0 | AJ16: =+'Big List'!AJ16 -> 0 | AK16: 0 | AL16: =295313*0 -> 0 | AM16: 0 | AN16: =+'Big List'!AN16 -> 2925000 | AO16: 0 | AP16: =SUM(C16:AO16) -> 6903737.7 | AQ16: Minter Bridge
A17: 15 | B17: Mooberry | C17: =+'Big List'!C17 -> 218791 | D17: =+'Big List'!D17 -> 1332341 | E17: =+'Big List'!E17 -> 0 | F17: =+'Big List'!F17 -> 0 | G17: =+'Big List'!G17 -> 189000 | H17: =+'Big List'!H17 -> 357188.73 | I17: 0 | J17: 0 | K17: =+'Big List'!K17 -> 0 | L17: =(+'Big List'!$L$44-10000000)*'Bldg % of Enrollment'!D16 -> 232310.72 | M17: =+'Big List'!M17 -> 113752 | N17: =+'Big List'!N17 -> 1329849 | O17: =+'Big List'!O17 -> 0 | P17: =+'Big List'!P17 -> 0 | Q17: =+'Big List'!Q17 -> 497370 | R17: =+'Big List'!R17 -> 0 | S17: =+'Big List'!S17 -> 0 | T17: =+'Big List'!T17 -> 0 | U17: =+'Big List'!U17 -> 0 | V17: 0 | W17: =+'Big List'!W17 -> 0 | X17: =+'Big List'!X17 -> 0 | Y17: =+'Big List'!Y17 -> 0 | Z17: 0 | AA17: 0 | AB17: 0 | AC17: 0 | AD17: 0 | AE17: =+'Big List'!AE17 -> 0 | AF17: =+'Big List'!AF17 -> 0 | AG17: =+'Big List'!AG17 -> 520931 | AH17: 0 | AI17: 0 | AJ17: =+'Big List'!AJ17 -> 0 | AK17: 0 | AL17: =295313*3 -> 885939 | AM17: 0 | AN17: =+'Big List'!AN17 -> 2925000 | AO17: 0 | AP17: =SUM(C17:AO17) -> 8602472.4 | AQ17: Mooberry
A18: 16 | B18: North Plains | C18: =+'Big List'!C18 -> 228515 | D18: =+'Big List'!D18 -> 2704402 | E18: =+'Big List'!E18 -> 0 | F18: =+'Big List'!F18 -> 0 | G18: =+'Big List'!G18 -> 0 | H18: =+'Big List'!H18 -> 277501.68 | I18: 0 | J18: 0 | K18: =+'Big List'!K18 -> 0 | L18: =(+'Big List'!$L$44-10000000)*'Bldg % of Enrollment'!D17 -> 166479.73 | M18: =+'Big List'!M18 -> 782389 | N18: =+'Big List'!N18 -> 0 | O18: =+'Big List'!O18 -> 0 | P18: =+'Big List'!P18 -> 0 | Q18: =+'Big List'!Q18 -> 0 | R18: =+'Big List'!R18 -> 0 | S18: =+'Big List'!S18 -> 334785 | T18: =+'Big List'!T18 -> 0 | U18: =+'Big List'!U18 -> 0 | V18: 0 | W18: =+'Big List'!W18 -> 0 | X18: =+'Big List'!X18 -> 0 | Y18: =+'Big List'!Y18 -> 0 | Z18: 0 | AA18: 0 | AB18: 0 | AC18: 0 | AD18: 0 | AE18: =+'Big List'!AE18 -> 0 | AF18: =+'Big List'!AF18 -> 130233 | AG18: =+'Big List'!AG18 -> 0 | AH18: 0 | AI18: 0 | AJ18: =+'Big List'!AJ18 -> 0 | AK18: 0 | AL18: 0 | AM18: 0 | AN18: =+'Big List'!AN18 -> 2925000 | AO18: 0 | AP18: =SUM(C18:AO18) -> 7549305.4 | AQ18: North Plains
A19: 17 | B19: Orenco | C19: =+'Big List'!C19 -> 313601 | D19: =+'Big List'!D19 -> 0 | E19: =+'Big List'!E19 -> 0 | F19: =+'Big List'!F19 -> 0 | G19: =+'Big List'!G19 -> 0 | H19: =+'Big List'!H19 -> 395982.29 | I19: 0 | J19: 0 | K19: =+'Big List'!K19 -> 0 | L19: =(+'Big List'!$L$44-10000000)*'Bldg % of Enrollment'!D18 -> 332643.19 | M19: =+'Big List'!M19 -> 42074 | N19: =+'Big List'!N19 -> 0 | O19: =+'Big List'!O19 -> 0 | P19: =+'Big List'!P19 -> 0 | Q19: =+'Big List'!Q19 -> 0 | R19: =+'Big List'!R19 -> 0 | S19: =+'Big List'!S19 -> 0 | T19: =+'Big List'!T19 -> 0 | U19: =+'Big List'!U19 -> 0 | V19: 0 | W19: =+'Big List'!W19 -> 57302 | X19: =+'Big List'!X19 -> 0 | Y19: =+'Big List'!Y19 -> 0 | Z19: 0 | AA19: 0 | AB19: 0 | AC19: 0 | AD19: 0 | AE19: =+'Big List'!AE19 -> 0 | AF19: =+'Big List'!AF19 -> 0 | AG19: =+'Big List'!AG19 -> 0 | AH19: 0 | AI19: 0 | AJ19: =+'Big List'!AJ19 -> 0 | AK19: 0 | AL19: 0 | AM19: 0 | AN19: =+'Big List'!AN19 -> 0 | AO19: 0 | AP19: =SUM(C19:AO19) -> 1141602.5 | AQ19: Orenco
A20: 18 | B20: Patterson | C20: =+'Big List'!C20 -> 289290 | D20: =+'Big List'!D20 -> 0 | E20: =+'Big List'!E20 -> 0 | F20: =+'Big List'!F20 -> 0 | G20: =+'Big List'!G20 -> 0 | H20: =+'Big List'!H20 -> 398868.84 | I20: 0 | J20: 0 | K20: =+'Big List'!K20 -> 0 | L20: =(+'Big List'!$L$44-10000000)*'Bldg % of Enrollment'!D19 -> 230448.01 | M20: =+'Big List'!M20 -> 39711 | N20: =+'Big List'!N20 -> 0 | O20: =+'Big List'!O20 -> 0 | P20: =+'Big List'!P20 -> 0 | Q20: =+'Big List'!Q20 -> 0 | R20: =+'Big List'!R20 -> 0 | S20: =+'Big List'!S20 -> 0 | T20: =+'Big List'!T20 -> 0 | U20: =+'Big List'!U20 -> 0 | V20: 0 | W20: =+'Big List'!W20 -> 57302 | X20: =+'Big List'!X20 -> 0 | Y20: =+'Big List'!Y20 -> 0 | Z20: 0 | AA20: 0 | AB20: 0 | AC20: 0 | AD20: 0 | AE20: =+'Big List'!AE20 -> 52093 | AF20: =+'Big List'!AF20 -> 0 | AG20: =+'Big List'!AG20 -> 0 | AH20: 0 | AI20: 0 | AJ20: =+'Big List'!AJ20 -> 0 | AK20: 0 | AL20: =295313*0 -> 0 | AM20: 0 | AN20: =+'Big List'!AN20 -> 0 | AO20: 0 | AP20: =SUM(C20:AO20) -> 1067712.8 | AQ20: Patterson
A21: 19 | B21: Quatama | C21: =+'Big List'!C21 -> 288075 | D21: =+'Big List'!D21 -> 0 | E21: =+'Big List'!E21 -> 0 | F21: =+'Big List'!F21 -> 0 | G21: =+'Big List'!G21 -> 0 | H21: =+'Big List'!H21 -> 320483.98 | I21: 0 | J21: 0 | K21: =+'Big List'!K21 -> 0 | L21: =(+'Big List'!$L$44-10000000)*'Bldg % of Enrollment'!D20 -> 252098.56 | M21: =+'Big List'!M21 -> 39486 | N21: =+'Big List'!N21 -> 0 | O21: =+'Big List'!O21 -> 0 | P21: =+'Big List'!P21 -> 0 | Q21: =+'Big List'!Q21 -> 0 | R21: =+'Big List'!R21 -> 0 | S21: =+'Big List'!S21 -> 0 | T21: =+'Big List'!T21 -> 0 | U21: =+'Big List'!U21 -> 0 | V21: 0 | W21: =+'Big List'!W21 -> 0 | X21: =+'Big List'!X21 -> 0 | Y21: =+'Big List'!Y21 -> 0 | Z21: 0 | AA21: 0 | AB21: 0 | AC21: 0 | AD21: 0 | AE21: =+'Big List'!AE21 -> 0 | AF21: =+'Big List'!AF21 -> 0 | AG21: =+'Big List'!AG21 -> 0 | AH21: 0 | AI21: 0 | AJ21: =+'Big List'!AJ21 -> 0 | AK21: 0 | AL21: 0 | AM21: 0 | AN21: =+'Big List'!AN21 -> 0 | AO21: 0 | AP21: =SUM(C21:AO21) -> 900143.54 | AQ21: Quatama
A22: 20 | B22: Reedville | C22: =+'Big List'!C22 -> 305421 | D22: =+'Big List'!D22 -> 1160508 | E22: =+'Big List'!E22 -> 0 | F22: =+'Big List'!F22 -> 0 | G22: =+'Big List'!G22 -> 189000 | H22: =+'Big List'!H22 -> 198089.64 | I22: 0 | J22: 0 | K22: =+'Big List'!K22 -> 0 | L22: =(+'Big List'!$L$44-10000000)*'Bldg % of Enrollment'!D21 -> 122064.29 | M22: =+'Big List'!M22 -> 349895 | N22: =+'Big List'!N22 -> 891951 | O22: =+'Big List'!O22 -> 0 | P22: =+'Big List'!P22 -> 0 | Q22: =+'Big List'!Q22 -> 0 | R22: =+'Big List'!R22 -> 0 | S22: =+'Big List'!S22 -> 182413 | T22: =+'Big List'!T22 -> 0 | U22: =+'Big List'!U22 -> 53380 | V22: 1300000 | W22: =+'Big List'!W22 -> 0 | X22: =+'Big List'!X22 -> 0 | Y22: =+'Big List'!Y22 -> 0 | Z22: 0 | AA22: 0 | AB22: 0 | AC22: 0 | AD22: 0 | AE22: =+'Big List'!AE22 -> 0 | AF22: =+'Big List'!AF22 -> 130233 | AG22: =+'Big List'!AG22 -> 0 | AH22: 0 | AI22: =+'Big List'!AI22 -> 350000 | AJ22: =+'Big List'!AJ22 -> 0 | AK22: 0 | AL22: =(295313*4)+150000 -> 1331252 | AM22: 0 | AN22: =+'Big List'!AN22 -> 1500000 | AO22: 0 | AP22: =SUM(C22:AO22) -> 8064206.9 | AQ22: Reedville
A23: 21 | B23: Rosedale | C23: =+'Big List'!C23 -> 276953 | D23: =+'Big List'!D23 -> 0 | E23: =+'Big List'!E23 -> 0 | F23: =+'Big List'!F23 -> 0 | G23: =+'Big List'!G23 -> 0 | H23: =+'Big List'!H23 -> 297315.18 | I23: 0 | J23: 0 | K23: =+'Big List'!K23 -> 0 | L23: =(+'Big List'!$L$44-10000000)*'Bldg % of Enrollment'!D22 -> 221261.83 | M23: =+'Big List'!M23 -> 67195 | N23: =+'Big List'!N23 -> 0 | O23: =+'Big List'!O23 -> 0 | P23: =+'Big List'!P23 -> 0 | Q23: =+'Big List'!Q23 -> 0 | R23: =+'Big List'!R23 -> 0 | S23: =+'Big List'!S23 -> 0 | T23: =+'Big List'!T23 -> 0 | U23: =+'Big List'!U23 -> 0 | V23: 0 | W23: =+'Big List'!W23 -> 0 | X23: =+'Big List'!X23 -> 0 | Y23: =+'Big List'!Y23 -> 0 | Z23: 0 | AA23: 0 | AB23: 0 | AC23: 0 | AD23: 0 | AE23: =+'Big List'!AE23 -> 52093 | AF23: =+'Big List'!AF23 -> 0 | AG23: =+'Big List'!AG23 -> 0 | AH23: 0 | AI23: 0 | AJ23: =+'Big List'!AJ23 -> 0 | AK23: 0 | AL23: 0 | AM23: 0 | AN23: =+'Big List'!AN23 -> 0 | AO23: 0 | AP23: =SUM(C23:AO23) -> 914818.01 | AQ23: Rosedale
A24: 22 | B24: Tobias | C24: =+'Big List'!C24 -> 218244 | D24: =+'Big List'!D24 -> 0 | E24: =+'Big List'!E24 -> 303877 | F24: =+'Big List'!F24 -> 0 | G24: =+'Big List'!G24 -> 0 | H24: =+'Big List'!H24 -> 413457.18 | I24: 0 | J24: 0 | K24: =+'Big List'!K24 -> 0 | L24: =(+'Big List'!$L$44-10000000)*'Bldg % of Enrollment'!D23 -> 221953.66 | M24: =+'Big List'!M24 -> 1661890 | N24: =+'Big List'!N24 -> 0 | O24: =+'Big List'!O24 -> 0 | P24: =+'Big List'!P24 -> 0 | Q24: =+'Big List'!Q24 -> 0 | R24: =+'Big List'!R24 -> 0 | S24: =+'Big List'!S24 -> 0 | T24: =+'Big List'!T24 -> 0 | U24: =+'Big List'!U24 -> 0 | V24: 0 | W24: =+'Big List'!W24 -> 0 | X24: =+'Big List'!X24 -> 0 | Y24: =+'Big List'!Y24 -> 0 | Z24: 0 | AA24: 0 | AB24: 0 | AC24: 0 | AD24: 0 | AE24: =+'Big List'!AE24 -> 52093 | AF24: =+'Big List'!AF24 -> 0 | AG24: =+'Big List'!AG24 -> 0 | AH24: 0 | AI24: 0 | AJ24: =+'Big List'!AJ24 -> 0 | AK24: 0 | AL24: =295313*3 -> 885939 | AM24: 0 | AN24: =+'Big List'!AN24 -> 0 | AO24: 0 | AP24: =SUM(C24:AO24) -> 3757453.8 | AQ24: Tobias
A25: 23 | B25: West Union | C25: =+'Big List'!C25 -> 317794 | D25: =+'Big List'!D25 -> 1360381 | E25: =+'Big List'!E25 -> 0 | F25: =+'Big List'!F25 -> 0 | G25: =+'Big List'!G25 -> 189000 | H25: =+'Big List'!H25 -> 280138.1 | I25: 0 | J25: 0 | K25: =+'Big List'!K25 -> 0 | L25: =(+'Big List'!$L$44-10000000)*'Bldg % of Enrollment'!D24 -> 202175.7 | M25: =+'Big List'!M25 -> 139855 | N25: =+'Big List'!N25 -> 1153076 | O25: =+'Big List'!O25 -> 0 | P25: =+'Big List'!P25 -> 0 | Q25: =+'Big List'!Q25 -> 0 | R25: =+'Big List'!R25 -> 0 | S25: =+'Big List'!S25 -> 0 | T25: =+'Big List'!T25 -> 0 | U25: =+'Big List'!U25 -> 0 | V25: 0 | W25: =+'Big List'!W25 -> 0 | X25: =+'Big List'!X25 -> 0 | Y25: =+'Big List'!Y25 -> 0 | Z25: 0 | AA25: 0 | AB25: 0 | AC25: 0 | AD25: 0 | AE25: =+'Big List'!AE25 -> 52093 | AF25: =+'Big List'!AF25 -> 0 | AG25: =+'Big List'!AG25 -> 926389 | AH25: 0 | AI25: 0 | AJ25: =+'Big List'!AJ25 -> 0 | AK25: 0 | AL25: 0 | AM25: 0 | AN25: =+'Big List'!AN25 -> 0 | AO25: 0 | AP25: =SUM(C25:AO25) -> 4620901.8 | AQ25: West Union
A26: 24 | B26: Witch Hazel | C26: =+'Big List'!C26 -> 310136 | D26: =+'Big List'!D26 -> 0 | E26: =+'Big List'!E26 -> 0 | F26: =+'Big List'!F26 -> 0 | G26: =+'Big List'!G26 -> 0 | H26: =+'Big List'!H26 -> 375707.9 | I26: 0 | J26: 0 | K26: =+'Big List'!K26 -> 0 | L26: =(+'Big List'!$L$44-10000000)*'Bldg % of Enrollment'!D25 -> 275993.43 | M26: =+'Big List'!M26 -> 148239 | N26: =+'Big List'!N26 -> 0 | O26: =+'Big List'!O26 -> 0 | P26: =+'Big List'!P26 -> 0 | Q26: =+'Big List'!Q26 -> 0 | R26: =+'Big List'!R26 -> 0 | S26: =+'Big List'!S26 -> 0 | T26: =+'Big List'!T26 -> 0 | U26: =+'Big List'!U26 -> 0 | V26: 0 | W26: =+'Big List'!W26 -> 0 | X26: =+'Big List'!X26 -> 0 | Y26: =+'Big List'!Y26 -> 0 | Z26: 0 | AA26: 0 | AB26: 0 | AC26: 0 | AD26: 0 | AE26: =+'Big List'!AE26 -> 0 | AF26: =+'Big List'!AF26 -> 0 | AG26: =+'Big List'!AG26 -> 0 | AH26: 0 | AI26: 0 | AJ26: =+'Big List'!AJ26 -> 0 | AK26: 0 | AL26: =295313*0 -> 0 | AM26: 0 | AN26: =+'Big List'!AN26 -> 0 | AO26: 0 | AP26: =SUM(C26:AO26) -> 1110076.3 | AQ26: Witch Hazel
A27: 25 | B27: WL Henry | C27: =+'Big List'!C27 -> 419897 | D27: =+'Big List'!D27 -> 609594 | E27: =+'Big List'!E27 -> 1158204 | F27: =+'Big List'!F27 -> 0 | G27: =+'Big List'!G27 -> 189000 | H27: =+'Big List'!H27 -> 338638.41 | I27: 0 | J27: 0 | K27: =+'Big List'!K27 -> 0 | L27: =(+'Big List'!$L$44-10000000)*'Bldg % of Enrollment'!D26 -> 173970.93 | M27: =+'Big List'!M27 -> 96411 | N27: =+'Big List'!N27 -> 1254559 | O27: =+'Big List'!O27 -> 0 | P27: =+'Big List'!P27 -> 0 | Q27: =+'Big List'!Q27 -> 618790 | R27: =+'Big List'!R27 -> 371987 | S27: =+'Big List'!S27 -> 667523 | T27: =+'Big List'!T27 -> 0 | U27: =+'Big List'!U27 -> 52708 | V27: 0 | W27: =+'Big List'!W27 -> 0 | X27: =+'Big List'!X27 -> 0 | Y27: =+'Big List'!Y27 -> 0 | Z27: 0 | AA27: 0 | AB27: 0 | AC27: 0 | AD27: 0 | AE27: =+'Big List'!AE27 -> 52093 | AF27: =+'Big List'!AF27 -> 0 | AG27: =+'Big List'!AG27 -> 926389 | AH27: 0 | AI27: 0 | AJ27: =+'Big List'!AJ27 -> 0 | AK27: 0 | AL27: =295313*2 -> 590626 | AM27: 0 | AN27: =+'Big List'!AN27 -> 2925000 | AO27: 0 | AP27: =SUM(C27:AO27) -> 10445390 | AQ27: WL Henry
A28: 26 | B28: South Meadows | C28: =+'Big List'!C28 -> 368845 | D28: =+'Big List'!D28 -> 0 | E28: =+'Big List'!E28 -> 0 | F28: =+'Big List'!F28 -> 0 | G28: =+'Big List'!G28 -> 0 | H28: =+'Big List'!H28 -> 404666.86 | I28: =+'Big List'!I28 -> 66444 | J28: 0 | K28: =+'Big List'!K28 -> 0 | L28: =(+'Big List'!$L$44-10000000)*'Bldg % of Enrollment'!D28 -> 370549.16 | M28: =+'Big List'!M28 -> 81333 | N28: =+'Big List'!N28 -> 0 | O28: =+'Big List'!O28 -> 0 | P28: =+'Big List'!P28 -> 0 | Q28: =+'Big List'!Q28 -> 0 | R28: =+'Big List'!R28 -> 0 | S28: =+'Big List'!S28 -> 0 | T28: =+'Big List'!T28 -> 0 | U28: =+'Big List'!U28 -> 207077 | V28: 0 | W28: =+'Big List'!W28 -> 0 | X28: =+'Big List'!X28 -> 0 | Y28: =+'Big List'!Y28 -> 0 | Z28: 0 | AA28: 0 | AB28: 0 | AC28: 0 | AD28: 0 | AE28: =+'Big List'!AE28 -> 86822 | AF28: =+'Big List'!AF28 -> 0 | AG28: =+'Big List'!AG28 -> 0 | AH28: 0 | AI28: 0 | AJ28: =+'Big List'!AJ28 -> 0 | AK28: 0 | AL28: 0 | AM28: 0 | AN28: =+'Big List'!AN28 -> 0 | AO28: 0 | AP28: =SUM(C28:AO28) -> 1585737 | AQ28: South Meadows
A29: 27 | B29: Poynter | C29: =+'Big List'!C29 -> 410963 | D29: =+'Big List'!D29 -> 11311973 | E29: =+'Big List'!E29 -> 0 | F29: =+'Big List'!F29 -> 0 | G29: =+'Big List'!G29 -> 0 | H29: =+'Big List'!H29 -> 528262.32 | I29: =+'Big List'!I29 -> 66444 | J29: 0 | K29: =+'Big List'!K29 -> 0 | L29: =(+'Big List'!$L$44-10000000)*'Bldg % of Enrollment'!D29 -> 381104.85 | M29: =+'Big List'!M29 -> 1451343 | N29: =+'Big List'!N29 -> 2823397 | O29: =+'Big List'!O29 -> 858551 | P29: =+'Big List'!P29 -> 0 | Q29: =+'Big List'!Q29 -> 669122 | R29: =+'Big List'!R29 -> 761807 | S29: =+'Big List'!S29 -> 1234438 | T29: =+'Big List'!T29 -> 36283 | U29: =+'Big List'!U29 -> 65555 | V29: 0 | W29: =+'Big List'!W29 -> 0 | X29: =+'Big List'!X29 -> 0 | Y29: =+'Big List'!Y29 -> 0 | Z29: 0 | AA29: 0 | AB29: 0 | AC29: 0 | AD29: 0 | AE29: =+'Big List'!AE29 -> 0 | AF29: =+'Big List'!AF29 -> 273489 | AG29: =+'Big List'!AG29 -> 364652 | AH29: 0 | AI29: 0 | AJ29: =+'Big List'!AJ29 -> 0 | AK29: 0 | AL29: 0 | AM29: 0 | AN29: =+'Big List'!AN29 -> 0 | AO29: 0 | AP29: =SUM(C29:AO29) -> 21237384 | AQ29: Poynter
A30: 28 | B30: Brown | C30: =+'Big List'!C30 -> 368845 | D30: =+'Big List'!D30 -> 2520000 | E30: =+'Big List'!E30 -> 0 | F30: =+'Big List'!F30 -> 0 | G30: =+'Big List'!G30 -> 0 | H30: =+'Big List'!H30 -> 466157.2 | I30: =+'Big List'!I30 -> 66444 | J30: 0 | K30: =+'Big List'!K30 -> 0 | L30: =(+'Big List'!$L$44-10000000)*'Bldg % of Enrollment'!D30 -> 364016.96 | M30: =+'Big List'!M30 -> 1538261 | N30: =+'Big List'!N30 -> 1743545 | O30: =+'Big List'!O30 -> 747494 | P30: =+'Big List'!P30 -> 0 | Q30: =+'Big List'!Q30 -> 616092 | R30: =+'Big List'!R30 -> 587447 | S30: =+'Big List'!S30 -> 1101704 | T30: =+'Big List'!T30 -> 0 | U30: =+'Big List'!U30 -> 0 | V30: 0 | W30: =+'Big List'!W30 -> 0 | X30: =+'Big List'!X30 -> 0 | Y30: =+'Big List'!Y30 -> 0 | Z30: 0 | AA30: 0 | AB30: 0 | AC30: 0 | AD30: 0 | AE30: =+'Big List'!AE30 -> 0 | AF30: =+'Big List'!AF30 -> 273489 | AG30: =+'Big List'!AG30 -> 0 | AH30: 0 | AI30: 0 | AJ30: =+'Big List'!AJ30 -> 0 | AK30: 0 | AL30: 0 | AM30: 0 | AN30: =+'Big List'!AN30 -> 0 | AO30: 0 | AP30: =SUM(C30:AO30) -> 10393495 | AQ30: Brown
A31: 29 | B31: Evergreen | C31: =+'Big List'!C31 -> 356083 | D31: =+'Big List'!D31 -> 1621827 | E31: =+'Big List'!E31 -> 0 | F31: =+'Big List'!F31 -> 0 | G31: =+'Big List'!G31 -> 0 | H31: =+'Big List'!H31 -> 540834.34 | I31: =+'Big List'!I31 -> 69767 | J31: =+'Big List'!J31 -> 18786600 | K31: =+'Big List'!K31 -> 0 | L31: =(+'Big List'!$L$44-10000000)*'Bldg % of Enrollment'!D31 -> 423521.1 | M31: =+'Big List'!M31 -> 2914944 | N31: =+'Big List'!N31 -> 0 | O31: =+'Big List'!O31 -> 764543 | P31: =+'Big List'!P31 -> 0 | Q31: =+'Big List'!Q31 -> 0 | R31: =+'Big List'!R31 -> 0 | S31: =+'Big List'!S31 -> 0 | T31: =+'Big List'!T31 -> 0 | U31: =+'Big List'!U31 -> 0 | V31: 0 | W31: =+'Big List'!W31 -> 0 | X31: =+'Big List'!X31 -> 0 | Y31: =+'Big List'!Y31 -> 0 | Z31: 0 | AA31: 0 | AB31: 0 | AC31: 0 | AD31: 0 | AE31: =+'Big List'!AE31 -> 0 | AF31: =+'Big List'!AF31 -> 260466 | AG31: =+'Big List'!AG31 -> 52093 | AH31: 0 | AI31: 0 | AJ31: =+'Big List'!AJ31 -> 0 | AK31: 0 | AL31: 0 | AM31: 0 | AN31: =+'Big List'!AN31 -> 0 | AO31: 0 | AP31: =SUM(C31:AO31) -> 25790678 | AQ31: Evergreen
A32: 30 | B32: Century | C32: =+'Big List'!C32 -> 643246 | D32: =+'Big List'!D32 -> 0 | E32: =+'Big List'!E32 -> 0 | F32: =+'Big List'!F32 -> 0 | G32: =+'Big List'!G32 -> 0 | H32: =+'Big List'!H32 -> 1099137.8 | I32: =+'Big List'!I32 -> 139012 | J32: 0 | K32: =+'Big List'!K32 -> 5000000 | L32: =(+'Big List'!$L$44-10000000)*'Bldg % of Enrollment'!D33 -> 816249.05 | M32: =+'Big List'!M32 -> 2999888 | N32: =+'Big List'!N32 -> 0 | O32: =+'Big List'!O32 -> 111049 | P32: =+'Big List'!P32 -> 0 | Q32: =+'Big List'!Q32 -> 0 | R32: =+'Big List'!R32 -> 0 | S32: =+'Big List'!S32 -> 0 | T32: =+'Big List'!T32 -> 0 | U32: =+'Big List'!U32 -> 0 | V32: 0 | W32: =+'Big List'!W32 -> 0 | X32: =+'Big List'!X32 -> 0 | Y32: =+'Big List'!Y32 -> 1093956 | Z32: 0 | AA32: =+'Big List'!AA32 -> 2933333.3 | AB32: 0 | AC32: 0 | AD32: 0 | AE32: =+'Big List'!AE32 -> 0 | AF32: =+'Big List'!AF32 -> 0 | AG32: =+'Big List'!AG32 -> 0 | AH32: 0 | AI32: 0 | AJ32: =+'Big List'!AJ32 -> 0 | AK32: 0 | AL32: 0 | AM32: 0 | AN32: =+'Big List'!AN32 -> 0 | AO32: 0 | AP32: =SUM(C32:AO32) -> 14835871 | AQ32: Century
A33: 31 | B33: Glencoe | C33: =+'Big List'!C33 -> 470374 | D33: =+'Big List'!D33 -> 2049450 | E33: =+'Big List'!E33 -> 957211 | F33: =+'Big List'!F33 -> 0 | G33: =+'Big List'!G33 -> 0 | H33: =+'Big List'!H33 -> 1209444.1 | I33: =+'Big List'!I33 -> 139012 | J33: =+'Big List'!J33 -> 18600276 | K33: =+'Big List'!K33 -> 5000000 | L33: =(+'Big List'!$L$44-10000000)*'Bldg % of Enrollment'!D34 -> 808301.76 | M33: =+'Big List'!M33 -> 1963321 | N33: =+'Big List'!N33 -> 0 | O33: =+'Big List'!O33 -> 564293 | P33: =+'Big List'!P33 -> 0 | Q33: =+'Big List'!Q33 -> 0 | R33: =+'Big List'!R33 -> 0 | S33: =+'Big List'!S33 -> 0 | T33: =+'Big List'!T33 -> 0 | ... Y33: =+'Big List'!Y33 -> 0 | Z33: 0 | AA33: =+'Big List'!AA33 -> 2933333.3 | AB33: 0 | AC33: 0 | AD33: 0 | AE33: =+'Big List'!AE33 -> 0 | AF33: =+'Big List'!AF33 -> 478606 | AG33: =+'Big List'!AG33 -> 0 | AH33: 0 | AI33: 0 | AJ33: =+'Big List'!AJ33 -> 0 | AK33: 0 | AL33: 0 | AM33: 0 | AN33: =+'Big List'!AN33 -> 0 | AO33: 0 | AP33: =SUM(C33:AO33) -> 36468250 | AQ33: Glencoe
A34: 32 | B34: Hilhi | C34: =+'Big List'!C34 -> 568871 | D34: =+'Big List'!D34 -> 3272743 | E34: =+'Big List'!E34 -> 0 | F34: =+'Big List'!F34 -> 0 | G34: =+'Big List'!G34 -> 0 | H34: =+'Big List'!H34 -> 1007841.2 | I34: =+'Big List'!I34 -> 139012 | J34: =+'Big List'!J34-10000000 -> 11011248 | K34: =+'Big List'!K34 -> 5000000 | L34: =(+'Big List'!$L$44-10000000)*'Bldg % of Enrollment'!D35 -> 660571.17 | M34: =+'Big List'!M34 -> 3271998 | N34: =+'Big List'!N34 -> 0 | O34: =+'Big List'!O34 -> 0 | P34: =+'Big List'!P34 -> 0 | Q34: =+'Big List'!Q34 -> 0 | R34: =+'Big List'!R34 -> 0 | S34: =+'Big List'!S34 -> 0 | T34: =+'Big List'!T34 -> 0 | ... Y34: =+'Big List'!Y34 -> 76577 | Z34: 0 | AA34: =+'Big List'!AA34 -> 2933333.3 | AB34: 0 | AC34: 0 | AD34: 0 | AE34: =+'Big List'!AE34 -> 0 | AF34: =+'Big List'!AF34 -> 382884 | AG34: =+'Big List'!AG34 -> 0 | AH34: 0 | AI34: 0 | AJ34: =+'Big List'!AJ34 -> 1823259 | AK34: 0 | AL34: 0 | AM34: 0 | AN34: =+'Big List'!AN34 -> 0 | AO34: 0 | AP34: =SUM(C34:AO34) -> 33021641 | AQ34: Hilhi
A35: 33 | B35: Liberty | C35: =+'Big List'!C35 -> 548099 | D35: =+'Big List'!D35 -> 0 | E35: =+'Big List'!E35 -> 0 | F35: =+'Big List'!F35 -> 0 | G35: =+'Big List'!G35 -> 0 | H35: =+'Big List'!H35 -> 970178.08 | I35: =+'Big List'!I35 -> 139012 | J35: 0 | K35: =+'Big List'!K35 -> 5000000 | L35: =(+'Big List'!$L$44-10000000)*'Bldg % of Enrollment'!D36 -> 782093.46 | M35: =+'Big List'!M35 -> 115038 | N35: =+'Big List'!N35 -> 0 | O35: =+'Big List'!O35 -> 0 | P35: =+'Big List'!P35 -> 0 | Q35: =+'Big List'!Q35 -> 0 | R35: =+'Big List'!R35 -> 0 | S35: =+'Big List'!S35 -> 0 | T35: =+'Big List'!T35 -> 0 | U35: =+'Big List'!U35 -> 0 | V35: 0 | W35: =+'Big List'!W35 -> 0 | X35: =+'Big List'!X35 -> 957211 | Y35: =+'Big List'!Y35 -> 114865 | Z35: 0 | AA35: 0 | AB35: 0 | AC35: 0 | AD35: 0 | AE35: =+'Big List'!AE35 -> 95721 | AF35: =+'Big List'!AF35 -> 0 | AG35: =+'Big List'!AG35 -> 0 | AH35: 0 | AI35: 0 | AJ35: =+'Big List'!AJ35 -> 0 | AK35: 0 | AL35: 0 | AM35: 0 | AN35: =+'Big List'!AN35 -> 0 | AO35: 0 | AP35: =SUM(C35:AO35) -> 8722217.5 | AQ35: Liberty
A36: 34 | B36: Miller Ed West | C36: =+'Big List'!C36 -> 226476 | D36: =+'Big List'!D36 -> 3838888 | E36: =+'Big List'!E36 -> 0 | F36: =+'Big List'!F36 -> 0 | G36: =+'Big List'!G36 -> 0 | H36: =+'Big List'!H36 -> 61541 | I36: 0 | J36: 0 | K36: =+'Big List'!K36 -> 0 | L36: 0 | M36: =+'Big List'!M36 -> 690879 | N36: =+'Big List'!N36 -> 0 | O36: =+'Big List'!O36 -> 171482 | P36: =+'Big List'!P36 -> 0 | Q36: =+'Big List'!Q36 -> 181005 | R36: =+'Big List'!R36 -> 737286 | S36: =+'Big List'!S36 -> 284483 | T36: =+'Big List'!T36 -> 0 | U36: =+'Big List'!U36 -> 0 | V36: 0 | W36: =+'Big List'!W36 -> 0 | X36: =+'Big List'!X36 -> 0 | Y36: =+'Big List'!Y36 -> 0 | Z36: 0 | AA36: 0 | AB36: 0 | AC36: 0 | AD36: 0 | AE36: =+'Big List'!AE36 -> 0 | AF36: =+'Big List'!AF36 -> 0 | AG36: =+'Big List'!AG36 -> 0 | AH36: 0 | AI36: 0 | AJ36: =+'Big List'!AJ36 -> 0 | AK36: 0 | AL36: =295313*1 -> 295313 | AM36: 0 | AN36: =+'Big List'!AN36 -> 0 | AO36: 0 | AP36: =SUM(C36:AO36) -> 6487353 | AQ36: Miller Ed West
A37: 35 | B37: Miller Ed East | C37: =+'Big List'!C37 -> 179573 | D37: =+'Big List'!D37 -> 328557 | E37: =+'Big List'!E37 -> 0 | F37: =+'Big List'!F37 -> 0 | G37: =+'Big List'!G37 -> 0 | H37: =+'Big List'!H37 -> 65635 | I37: 0 | J37: 0 | K37: =+'Big List'!K37 -> 0 | L37: 0 | M37: =+'Big List'!M37 -> 210771 | N37: =+'Big List'!N37 -> 781701 | O37: =+'Big List'!O37 -> 0 | P37: =+'Big List'!P37 -> 0 | Q37: =+'Big List'!Q37 -> 0 | R37: =+'Big List'!R37 -> 0 | S37: =+'Big List'!S37 -> 0 | T37: =+'Big List'!T37 -> 0 | U37: =+'Big List'!U37 -> 0 | V37: 0 | W37: =+'Big List'!W37 -> 0 | X37: =+'Big List'!X37 -> 0 | Y37: =+'Big List'!Y37 -> 0 | Z37: 0 | AA37: 0 | AB37: 0 | AC37: 0 | AD37: 0 | AE37: =+'Big List'!AE37 -> 0 | AF37: =+'Big List'!AF37 -> 0 | AG37: =+'Big List'!AG37 -> 0 | AH37: 0 | AI37: 0 | AJ37: =+'Big List'!AJ37 -> 0 | AK37: 0 | AL37: 0 | AM37: 0 | AN37: =+'Big List'!AN37 -> 0 | AO37: 0 | AP37: =SUM(C37:AO37) -> 1566237 | AQ37: Miller Ed East
A38: 36 | B38: Peter Boscow | C38: =+'Big List'!C38 -> 91127 | D38: =+'Big List'!D38 -> 687534 | E38: =+'Big List'!E38 -> 0 | F38: =+'Big List'!F38 -> 0 | G38: =+'Big List'!G38 -> 0 | H38: =+'Big List'!H38 -> 0 | I38: 0 | J38: 0 | K38: =+'Big List'!K38 -> 0 | L38: 0 | M38: =+'Big List'!M38 -> 680752 | N38: =+'Big List'!N38 -> 0 | O38: =+'Big List'!O38 -> 0 | P38: =+'Big List'!P38 -> 0 | Q38: =+'Big List'!Q38 -> 0 | R38: =+'Big List'!R38 -> 0 | S38: =+'Big List'!S38 -> 0 | T38: =+'Big List'!T38 -> 0 | U38: =+'Big List'!U38 -> 0 | V38: 0 | W38: =+'Big List'!W38 -> 0 | X38: =+'Big List'!X38 -> 0 | Y38: =+'Big List'!Y38 -> 0 | Z38: 0 | AA38: 0 | AB38: 0 | AC38: 0 | AD38: 0 | AE38: =+'Big List'!AE38 -> 0 | AF38: =+'Big List'!AF38 -> 0 | AG38: =+'Big List'!AG38 -> 0 | AH38: 0 | AI38: 0 | AJ38: =+'Big List'!AJ38 -> 0 | AK38: 0 | AL38: 0 | AM38: 0 | AN38: =+'Big List'!AN38 -> 0 | AO38: 0 | AP38: =SUM(C38:AO38) -> 1459413 | AQ38: Peter Boscow
A39: 37 | B39: Transportation | C39: =+'Big List'!C39 -> 0 | D39: =+'Big List'!D39 -> 0 | E39: =+'Big List'!E39 -> 0 | F39: =+'Big List'!F39 -> 744188 | G39: =+'Big List'!G39 -> 0 | H39: =+'Big List'!H39 -> 0 | I39: 0 | J39: 0 | K39: =+'Big List'!K39 -> 0 | L39: 0 | M39: =+'Big List'!M39 -> 193875 | N39: =+'Big List'!N39 -> 0 | O39: =+'Big List'!O39 -> 270895 | P39: =+'Big List'!P39 -> 0 | Q39: =+'Big List'!Q39 -> 0 | R39: =+'Big List'!R39 -> 0 | S39: =+'Big List'!S39 -> 135158 | T39: =+'Big List'!T39 -> 0 | U39: =+'Big List'!U39 -> 91402 | V39: 0 | W39: =+'Big List'!W39 -> 0 | X39: =+'Big List'!X39 -> 0 | Y39: =+'Big List'!Y39 -> 0 | Z39: 0 | AA39: 0 | AB39: 0 | AC39: 0 | AD39: 0 | AE39: =+'Big List'!AE39 -> 0 | AF39: =+'Big List'!AF39 -> 0 | AG39: =+'Big List'!AG39 -> 0 | AH39: 0 | AI39: 0 | AJ39: =+'Big List'!AJ39 -> 0 | AK39: 0 | AL39: 0 | AM39: 0 | AN39: =+'Big List'!AN39 -> 0 | AO39: 0 | AP39: =SUM(C39:AO39) -> 1435518 | AQ39: Transportation
A40: 38 | B40: Admin Center | C40: =+'Big List'!C40 -> 322963 | D40: =+'Big List'!D40 -> 0 | E40: =+'Big List'!E40 -> 0 | F40: =+'Big List'!F40 -> 0 | G40: =+'Big List'!G40 -> 0 | H40: =+'Big List'!H40 -> 0 | I40: 0 | J40: 0 | K40: =+'Big List'!K40 -> 0 | L40: =(+'Big List'!L82-8300000)*'Bldg % of Enrollment'!D39 -> 0 | M40: =+'Big List'!M40 -> 26311 | N40: =+'Big List'!N40 -> 0 | O40: =+'Big List'!O40 -> 0 | P40: =+'Big List'!P40 -> 0 | Q40: =+'Big List'!Q40 -> 0 | R40: =+'Big List'!R40 -> 0 | S40: =+'Big List'!S40 -> 0 | T40: =+'Big List'!T40 -> 0 | U40: =+'Big List'!U40 -> 0 | V40: 0 | W40: =+'Big List'!W40 -> 0 | X40: =+'Big List'!X40 -> 0 | Y40: =+'Big List'!Y40 -> 0 | Z40: 0 | AA40: 0 | AB40: 0 | AC40: 0 | AD40: 0 | AE40: =+'Big List'!AE40 -> 0 | AF40: =+'Big List'!AF40 -> 191442 | AG40: =+'Big List'!AG40 -> 0 | AH40: 0 | AI40: 0 | AJ40: =+'Big List'!AJ40 -> 0 | AK40: 0 | AL40: 0 | AM40: 0 | AN40: =+'Big List'!AN40 -> 0 | AO40: 0 | AP40: =SUM(C40:AO40) -> 540716 | AQ40: Admin Center
A41: 39 | B41: Hare Field | C41: =+'Big List'!C41 -> 0 | D41: =+'Big List'!D41 -> 0 | E41: =+'Big List'!E41 -> 0 | F41: =+'Big List'!F41 -> 0 | G41: =+'Big List'!G41 -> 0 | H41: =+'Big List'!H41 -> 0 | I41: 0 | J41: 0 | K41: =+'Big List'!K41 -> 0 | L41: =(+'Big List'!L83-8300000)*'Bldg % of Enrollment'!D40 -> 0 | M41: =+'Big List'!M41 -> 13161 | N41: =+'Big List'!N41 -> 0 | O41: =+'Big List'!O41 -> 0 | P41: =+'Big List'!P41 -> 0 | Q41: =+'Big List'!Q41 -> 59904 | R41: =+'Big List'!R41 -> 0 | S41: =+'Big List'!S41 -> 0 | T41: =+'Big List'!T41 -> 0 | U41: =+'Big List'!U41 -> 0 | V41: 0 | W41: =+'Big List'!W41 -> 0 | X41: =+'Big List'!X41 -> 0 | Y41: =+'Big List'!Y41 -> 0 | Z41: 0 | AA41: 0 | AB41: 0 | AC41: 0 | AD41: 0 | AE41: =+'Big List'!AE41 -> 0 | AF41: =+'Big List'!AF41 -> 0 | AG41: =+'Big List'!AG41 -> 0 | AH41: 0 | AI41: 0 | AJ41: =+'Big List'!AJ41 -> 0 | AK41: 0 | AL41: 0 | AM41: 0 | AN41: =+'Big List'!AN41 -> 0 | AO41: 0 | AP41: =SUM(C41:AO41) -> 73065 | AQ41: Hare Field
A42: 40 | B42: Facilities | C42: =+'Big List'!C42 -> 99167 | D42: =+'Big List'!D42 -> 0 | E42: =+'Big List'!E42 -> 0 | F42: =+'Big List'!F42 -> 0 | G42: =+'Big List'!G42 -> 0 | H42: =+'Big List'!H42 -> 0 | I42: 0 | J42: 0 | K42: =+'Big List'!K42 -> 0 | L42: =+'Big List'!L42 -> 0 | M42: =+'Big List'!M42 -> 0 | N42: =+'Big List'!N42 -> 0 | O42: =+'Big List'!O42 -> 0 | P42: =+'Big List'!P42 -> 0 | Q42: =+'Big List'!Q42 -> 0 | R42: =+'Big List'!R42 -> 0 | ... U42: =+'Big List'!U42 -> 0 | V42: 0 | W42: =+'Big List'!W42 -> 0 | X42: =+'Big List'!X42 -> 0 | Y42: =+'Big List'!Y42 -> 0 | Z42: 0 | AA42: 0 | AB42: 0 | AC42: 0 | AD42: 0 | AE42: =+'Big List'!AE42 -> 0 | AF42: =+'Big List'!AF42 -> 0 | AG42: =+'Big List'!AG42 -> 0 | AH42: 0 | AI42: 0 | AJ42: =+'Big List'!AJ42 -> 0 | AK42: 0 | AL42: 0 | AM42: 0 | AN42: =+'Big List'!AN42 -> 0 | AO42: 0 | AP42: =SUM(C42:AO42) -> 99167 | AQ42: Facilities
A43: 41 | B43: Districtwide Technology | C43: =+'Big List'!C43 -> 0 | D43: =+'Big List'!D43 -> 0 | E43: =+'Big List'!E43 -> 0 | F43: =+'Big List'!F43 -> 0 | G43: =+'Big List'!G43 -> 0 | H43: =+'Big List'!H43 -> 15932500 | I43: 0 | J43: 0 | K43: =+'Big List'!K43 -> 0 | L43: =+'Big List'!L43 -> 0 | M43: =+'Big List'!M43 -> 0 | N43: =+'Big List'!N43 -> 0 | O43: =+'Big List'!O43 -> 0 | P43: =+'Big List'!P43 -> 0 | Q43: =+'Big List'!Q43 -> 0 | R43: =+'Big List'!R43 -> 0 | ... U43: =+'Big List'!U43 -> 0 | V43: 0 | W43: =+'Big List'!W43 -> 0 | X43: =+'Big List'!X43 -> 0 | Y43: =+'Big List'!Y43 -> 0 | Z43: 0 | AA43: 0 | AB43: 0 | AC43: 0 | AD43: 0 | AE43: =+'Big List'!AE43 -> 0 | AF43: =+'Big List'!AF43 -> 0 | AG43: =+'Big List'!AG43 -> 0 | AH43: 0 | AI43: 0 | AJ43: =+'Big List'!AJ43 -> 0 | AK43: 0 | AL43: 0 | AM43: 0 | AN43: =+'Big List'!AN43 -> 0 | AO43: 0 | AP43: =SUM(C43:AO43) -> 15932500 | AQ43: Districtwide Technology
A44: 42 | B44: Replace Classroom Furniture | C44: =+'Big List'!C44 -> 0 | D44: =+'Big List'!D44 -> 0 | E44: =+'Big List'!E44 -> 0 | F44: =+'Big List'!F44 -> 0 | G44: =+'Big List'!G44 -> 0 | H44: =+'Big List'!H44 -> 0 | I44: 0 | J44: 0 | K44: =+'Big List'!K44 -> 0 | L44: 0 | M44: =+'Big List'!M44 -> 0 | N44: =+'Big List'!N44 -> 0 | O44: =+'Big List'!O44 -> 0 | P44: =+'Big List'!P44 -> 0 | Q44: =+'Big List'!Q44 -> 0 | R44: =+'Big List'!R44 -> 0 | S44: =+'Big List'!S44 -> 0 | T44: =+'Big List'!T44 -> 0 | U44: =+'Big List'!U44 -> 0 | V44: 0 | W44: =+'Big List'!W44 -> 0 | X44: =+'Big List'!X44 -> 0 | Y44: =+'Big List'!Y44 -> 0 | Z44: 0 | AA44: 0 | AB44: 0 | AC44: 0 | AD44: 0 | AE44: =+'Big List'!AE44 -> 0 | AF44: =+'Big List'!AF44 -> 0 | AG44: =+'Big List'!AG44 -> 0 | AH44: 0 | AI44: 0 | AJ44: =+'Big List'!AJ44 -> 0 | AK44: 0 | AL44: 0 | AM44: 0 | AN44: =+'Big List'!AN44 -> 0 | AO44: 0 | AP44: =SUM(C44:AO44) -> 0 | AQ44: Replace Classroom Furniture
A45: 43 | B45: New ES in North Plains | C45: =+'Big List'!C45 -> 0 | D45: =+'Big List'!D45 -> 0 | E45: =+'Big List'!E45 -> 0 | F45: =+'Big List'!F45 -> 0 | G45: =+'Big List'!G45 -> 0 | H45: =+'Big List'!H45 -> 0 | I45: 0 | J45: =+'Big List'!J45 -> 38587500 | K45: =+'Big List'!K45 -> 0 | L45: =+'Big List'!L45 -> 0 | M45: =+'Big List'!M45 -> 0 | N45: =+'Big List'!N45 -> 0 | O45: =+'Big List'!O45 -> 0 | P45: =+'Big List'!P45 -> 0 | Q45: =+'Big List'!Q45 -> 0 | ... U45: =+'Big List'!U45 -> 0 | V45: 0 | W45: =+'Big List'!W45 -> 0 | X45: =+'Big List'!X45 -> 0 | Y45: =+'Big List'!Y45 -> 0 | Z45: 0 | AA45: 0 | AB45: 0 | AC45: 0 | AD45: 0 | AE45: =+'Big List'!AE45 -> 0 | AF45: =+'Big List'!AF45 -> 0 | AG45: =+'Big List'!AG45 -> 0 | AH45: 0 | AI45: 0 | AJ45: =+'Big List'!AJ45 -> 0 | AK45: 0 | AL45: 0 | AM45: 0 | AN45: =+'Big List'!AN45 -> 0 | AO45: 0 | AP45: =SUM(C45:AO45) -> 38587500 | AQ45: New ES in North Plains
A46: 44 | B46: New ES in South Hillsboro 1 | C46: =+'Big List'!C46 -> 0 | D46: =+'Big List'!D46 -> 0 | E46: =+'Big List'!E46 -> 0 | F46: =+'Big List'!F46 -> 0 | G46: =+'Big List'!G46 -> 0 | H46: =+'Big List'!H46 -> 0 | I46: 0 | J46: =+'Big List'!J46 -> 38587500 | K46: =+'Big List'!K46 -> 0 | L46: =+'Big List'!L46 -> 0 | M46: =+'Big List'!M46 -> 0 | N46: =+'Big List'!N46 -> 0 | O46: =+'Big List'!O46 -> 0 | P46: =+'Big List'!P46 -> 0 | Q46: =+'Big List'!Q46 -> 0 | ... U46: =+'Big List'!U46 -> 0 | V46: 0 | W46: =+'Big List'!W46 -> 0 | X46: =+'Big List'!X46 -> 0 | Y46: =+'Big List'!Y46 -> 0 | Z46: 0 | AA46: 0 | AB46: 0 | AC46: 0 | AD46: 0 | AE46: =+'Big List'!AE46 -> 0 | AF46: =+'Big List'!AF46 -> 0 | AG46: =+'Big List'!AG46 -> 0 | AH46: 0 | AI46: 0 | AJ46: =+'Big List'!AJ46 -> 0 | AK46: 0 | AL46: 0 | AM46: 0 | AN46: =+'Big List'!AN46 -> 0 | AO46: 0 | AP46: =SUM(C46:AO46) -> 38587500 | AQ46: New ES in South Hillsboro 1
A47: 45 | B47: New ES in South Hillsboro 2 | C47: =+'Big List'!C47 -> 0 | D47: =+'Big List'!D47 -> 0 | E47: =+'Big List'!E47 -> 0 | F47: =+'Big List'!F47 -> 0 | G47: =+'Big List'!G47 -> 0 | H47: =+'Big List'!H47 -> 0 | I47: 0 | J47: 0 | K47: =+'Big List'!K47 -> 0 | L47: =+'Big List'!L47 -> 0 | M47: =+'Big List'!M47 -> 0 | N47: =+'Big List'!N47 -> 0 | O47: =+'Big List'!O47 -> 0 | P47: =+'Big List'!P47 -> 0 | Q47: =+'Big List'!Q47 -> 0 | R47: =+'Big List'!R47 -> 0 | ... U47: =+'Big List'!U47 -> 0 | V47: 0 | W47: =+'Big List'!W47 -> 0 | X47: =+'Big List'!X47 -> 0 | Y47: =+'Big List'!Y47 -> 0 | Z47: 0 | AA47: 0 | AB47: 0 | AC47: 0 | AD47: 0 | AE47: =+'Big List'!AE47 -> 0 | AF47: =+'Big List'!AF47 -> 0 | AG47: =+'Big List'!AG47 -> 0 | AH47: 0 | AI47: 0 | AJ47: =+'Big List'!AJ47 -> 0 | AK47: 0 | AL47: 0 | AM47: 0 | AN47: =+'Big List'!AN47 -> 0 | AO47: 0 | AP47: =SUM(C47:AO47) -> 0 | AQ47: New ES in South Hillsboro 2
A48: 46 | B48: New ES in Cornelius | C48: =+'Big List'!C48 -> 0 | D48: =+'Big List'!D48 -> 0 | E48: =+'Big List'!E48 -> 0 | F48: =+'Big List'!F48 -> 0 | G48: =+'Big List'!G48 -> 0 | H48: =+'Big List'!H48 -> 0 | I48: 0 | J48: 0 | K48: =+'Big List'!K48 -> 0 | L48: =+'Big List'!L48 -> 0 | M48: =+'Big List'!M48 -> 0 | N48: =+'Big List'!N48 -> 0 | O48: =+'Big List'!O48 -> 0 | P48: =+'Big List'!P48 -> 0 | Q48: =+'Big List'!Q48 -> 0 | R48: =+'Big List'!R48 -> 0 | ... U48: =+'Big List'!U48 -> 0 | V48: 0 | W48: =+'Big List'!W48 -> 0 | X48: =+'Big List'!X48 -> 0 | Y48: =+'Big List'!Y48 -> 0 | Z48: 0 | AA48: 0 | AB48: 0 | AC48: 0 | AD48: 0 | AE48: =+'Big List'!AE48 -> 0 | AF48: =+'Big List'!AF48 -> 0 | AG48: =+'Big List'!AG48 -> 0 | AH48: 0 | AI48: 0 | AJ48: =+'Big List'!AJ48 -> 0 | AK48: 0 | AL48: 0 | AM48: 0 | AN48: =+'Big List'!AN48 -> 0 | AO48: 0 | AP48: =SUM(C48:AO48) -> 0 | AQ48: New ES in Cornelius
A49: 47 | B49: Multi-Use Field House | C49: =+'Big List'!C49 -> 0 | D49: =+'Big List'!D49 -> 0 | E49: =+'Big List'!E49 -> 0 | F49: =+'Big List'!F49 -> 0 | G49: =+'Big List'!G49 -> 0 | H49: =+'Big List'!H49 -> 0 | I49: 0 | J49: 0 | K49: =+'Big List'!K49 -> 0 | L49: =+'Big List'!L49 -> 0 | M49: =+'Big List'!M49 -> 0 | N49: =+'Big List'!N49 -> 0 | O49: =+'Big List'!O49 -> 0 | P49: =+'Big List'!P49 -> 0 | Q49: =+'Big List'!Q49 -> 0 | R49: =+'Big List'!R49 -> 0 | ... U49: =+'Big List'!U49 -> 0 | V49: 0 | W49: =+'Big List'!W49 -> 0 | X49: =+'Big List'!X49 -> 0 | Y49: =+'Big List'!Y49 -> 0 | Z49: 0 | AA49: 0 | AB49: 0 | AC49: 0 | AD49: 0 | AE49: =+'Big List'!AE49 -> 0 | AF49: =+'Big List'!AF49 -> 0 | AG49: =+'Big List'!AG49 -> 0 | AH49: 0 | AI49: 0 | AJ49: =+'Big List'!AJ49 -> 0 | AK49: 0 | AL49: 0 | AM49: 0 | AN49: =+'Big List'!AN49 -> 0 | AO49: 0 | AP49: =SUM(C49:AO49) -> 0 | AQ49: Multi-Use Field House
A50: 48 | B50: Satellite Transportation/Maintenance Facility | C50: =+'Big List'!C50 -> 0 | D50: =+'Big List'!D50 -> 0 | E50: =+'Big List'!E50 -> 0 | F50: =+'Big List'!F50 -> 0 | G50: =+'Big List'!G50 -> 0 | H50: =+'Big List'!H50 -> 0 | I50: 0 | J50: 0 | K50: =+'Big List'!K50 -> 0 | L50: =+'Big List'!L50 -> 0 | M50: =+'Big List'!M50 -> 0 | N50: =+'Big List'!N50 -> 0 | O50: =+'Big List'!O50 -> 0 | P50: =+'Big List'!P50 -> 0 | Q50: =+'Big List'!Q50 -> 0 | R50: =+'Big List'!R50 -> 0 | ... U50: =+'Big List'!U50 -> 0 | V50: 0 | W50: =+'Big List'!W50 -> 0 | X50: =+'Big List'!X50 -> 0 | Y50: =+'Big List'!Y50 -> 0 | Z50: 0 | AA50: 0 | AB50: 0 | AC50: 0 | AD50: 0 | AE50: =+'Big List'!AE50 -> 0 | AF50: =+'Big List'!AF50 -> 0 | AG50: =+'Big List'!AG50 -> 0 | AH50: 0 | AI50: 0 | AJ50: =+'Big List'!AJ50 -> 0 | AK50: 0 | AL50: 0 | AM50: 0 | AN50: =+'Big List'!AN50 -> 0 | AO50: =+'Big List'!AO50 -> 16352831 | AP50: =SUM(C50:AO50) -> 16352831 | AQ50: Satellite Transportation/Maintenance Facility
A51: 49 | B51: Brookwood Replacement | C51: =+'Big List'!C51 -> 0 | D51: =+'Big List'!D51 -> 0 | E51: =+'Big List'!E51 -> 0 | F51: =+'Big List'!F51 -> 0 | G51: =+'Big List'!G51 -> 0 | H51: =+'Big List'!H51 -> 0 | I51: 0 | J51: 0 | K51: =+'Big List'!K51 -> 0 | L51: =+'Big List'!L51 -> 0 | M51: =+'Big List'!M51 -> 0 | N51: =+'Big List'!N51 -> 0 | O51: =+'Big List'!O51 -> 0 | P51: =+'Big List'!P51 -> 0 | Q51: =+'Big List'!Q51 -> 0 | R51: =+'Big List'!R51 -> 0 | ... U51: =+'Big List'!U51 -> 0 | V51: 0 | W51: =+'Big List'!W51 -> 0 | X51: =+'Big List'!X51 -> 0 | Y51: =+'Big List'!Y51 -> 0 | Z51: 0 | AA51: 0 | AB51: 0 | AC51: 0 | AD51: 0 | AE51: =+'Big List'!AE51 -> 0 | AF51: =+'Big List'!AF51 -> 0 | AG51: =+'Big List'!AG51 -> 0 | AH51: 0 | AI51: 0 | AJ51: =+'Big List'!AJ51 -> 0 | AK51: 0 | AL51: 0 | AM51: 0 | AN51: =+'Big List'!AN51 -> 0 | AO51: 0 | AP51: =SUM(C51:AO51) -> 0 | AQ51: Brookwood Replacement
A52: 50 | B52: Ladd Acres Replacement | C52: =+'Big List'!C52 -> 0 | D52: =+'Big List'!D52 -> 0 | E52: =+'Big List'!E52 -> 0 | F52: =+'Big List'!F52 -> 0 | G52: =+'Big List'!G52 -> 0 | H52: =+'Big List'!H52 -> 0 | I52: 0 | J52: 0 | K52: =+'Big List'!K52 -> 0 | L52: =+'Big List'!L52 -> 0 | M52: =+'Big List'!M52 -> 0 | N52: =+'Big List'!N52 -> 0 | O52: =+'Big List'!O52 -> 0 | P52: =+'Big List'!P52 -> 0 | Q52: =+'Big List'!Q52 -> 0 | R52: =+'Big List'!R52 -> 0 | ... U52: =+'Big List'!U52 -> 0 | V52: 0 | W52: =+'Big List'!W52 -> 0 | X52: =+'Big List'!X52 -> 0 | Y52: =+'Big List'!Y52 -> 0 | Z52: 0 | AA52: 0 | AB52: 0 | AC52: 0 | AD52: 0 | AE52: =+'Big List'!AE52 -> 0 | AF52: =+'Big List'!AF52 -> 0 | AG52: =+'Big List'!AG52 -> 0 | AH52: 0 | AI52: 0 | AJ52: =+'Big List'!AJ52 -> 0 | AK52: 0 | AL52: 0 | AM52: 0 | AN52: =+'Big List'!AN52 -> 0 | AO52: =+'Big List'!AO53 -> 5000000 | AP52: =SUM(C52:AO52) -> 5000000 | AQ52: Ladd Acres Replacement
A53: 51 | B53: Land Purchase | C53: =+'Big List'!C53 -> 0 | D53: =+'Big List'!D53 -> 0 | E53: =+'Big List'!E53 -> 0 | F53: =+'Big List'!F53 -> 0 | G53: =+'Big List'!G53 -> 0 | H53: =+'Big List'!H53 -> 0 | I53: 0 | J53: 0 | K53: =+'Big List'!K53 -> 0 | L53: =+'Big List'!L53 -> 0 | M53: =+'Big List'!M53 -> 0 | N53: =+'Big List'!N53 -> 0 | O53: =+'Big List'!O53 -> 0 | P53: =+'Big List'!P53 -> 0 | Q53: =+'Big List'!Q53 -> 0 | R53: =+'Big List'!R53 -> 0 | ... U53: =+'Big List'!U53 -> 0 | V53: 0 | W53: =+'Big List'!W53 -> 0 | X53: =+'Big List'!X53 -> 0 | Y53: =+'Big List'!Y53 -> 0 | Z53: 0 | AA53: 0 | AB53: 0 | AC53: 0 | AD53: 0 | AE53: =+'Big List'!AE53 -> 0 | AF53: =+'Big List'!AF53 -> 0 | AG53: =+'Big List'!AG53 -> 0 | AH53: 0 | AI53: 0 | AJ53: =+'Big List'!AJ53 -> 0 | AK53: 0 | AL53: 0 | AM53: 0 | AN53: =+'Big List'!AN53 -> 0 | AO53: 0 | AP53: =SUM(C53:AO53) -> 0 | AQ53: Land Purchase
A54: 52 | B54: Roofing Deduct for Seismic Upgrades | C54: =+'Big List'!C54 -> 0 | D54: =+'Big List'!D54 -> 0 | E54: =+'Big List'!E54 -> 0 | F54: =+'Big List'!F54 -> 0 | G54: =+'Big List'!G54 -> 0 | H54: =+'Big List'!H54 -> 0 | I54: 0 | J54: 0 | K54: 0 | L54: 0 | M54: -2050000 | N54: 0 | O54: 0 | P54: 0 | Q54: 0 | R54: 0 | S54: 0 | T54: 0 | U54: 0 | V54: 0 | W54: =+'Big List'!W54 -> 0 | X54: =+'Big List'!X54 -> 0 | Y54: =+'Big List'!Y54 -> 0 | Z54: 0 | AA54: 0 | AB54: 0 | AC54: 0 | AD54: 0 | AE54: =+'Big List'!AE54 -> 0 | AF54: =+'Big List'!AF54 -> 0 | AG54: =+'Big List'!AG54 -> 0 | AH54: 0 | AI54: 0 | AJ54: =+'Big List'!AJ54 -> 0 | AK54: 0 | AL54: 0 | AM54: 0 | AN54: =+'Big List'!AN54 -> 0 | AO54: 0 | AP54: =SUM(C54:AO54) -> -2050000 | AQ54: Roofing Deduct for Seismic Upgrades
A55: 53 | B55: Mechanical/Electrical/Plumbing Energy Incentives & Rebates | C55: =+'Big List'!C55 -> 0 | D55: =+'Big List'!D55 -> 0 | E55: =+'Big List'!E55 -> 0 | F55: =+'Big List'!F55 -> 0 | G55: =+'Big List'!G55 -> 0 | H55: =+'Big List'!H55 -> 0 | I55: =+'Big List'!I55 -> 0 | J55: =+'Big List'!J55 -> 0 | ... AO55: =+'Big List'!AO55 -> 0 | AP55: =SUM(C55:AO55) -> -4300000 | AQ55: Mechanical/Electrical/Plumbing Energy Incentives & Rebates
A56: 54 | B56: Deduct from Painting - Use of CET Funding | C56: 0 | D56: 0 | E56: 0 | F56: 0 | G56: 0 | H56: 0 | I56: 0 | J56: 0 | K56: 0 | L56: 0 | M56: 0 | N56: 0 | O56: 0 | P56: 0 | Q56: 0 | R56: 0 | S56: 0 | T56: 0 | U56: 0 | V56: 0 | W56: 0 | X56: 0 | Y56: 0 | Z56: 0 | AA56: 0 | AB56: 0 | AC56: 0 | AD56: 0 | AE56: 0 | AF56: -1600000 | AG56: 0 | AH56: 0 | AI56: 0 | AJ56: 0 | AK56: 0 | AL56: 0 | AM56: 0 | AN56: 0 | AO56: 0 | AP56: =SUM(C56:AO56) -> -1600000 | AQ56: Deduct from Painting - Use of CET Funding
B57: TOTALS | C57: =SUM(C3:C56) -> 11465846 | D57: =SUM(D3:D56) -> 45164771 | E57: =SUM(E3:E56) -> 10136236 | F57: =SUM(F3:F56) -> 744188 | G57: =SUM(G3:G56) -> 1701000 | H57: =SUM(H3:H56) -> 30221198 | I57: =SUM(I3:I56) -> 825147 | J57: =SUM(J3:J56) -> 125573124 | ... AP57: =SUM(AP3:AP56) -> 4.2340175e+08
AP58: =+AP57-'$2.50 Recategorized'!D58 -> 4.1460175e+08
L59: 10000000 | N59: =16183616/17283616 -> 0.93635591
L61: =+L57-L59 -> 0

Sheet Brookwood
A2: Bond Package $2.24
A3: New Capacity
A4: Replace Brookwood Elementary | C4: =+'$2.24 Bond Package by Bldg'!$AM$3 -> 41993410
A5: TOTALS | C5: =SUM(C4:C4) -> 41993410
C6: =+'$2.24 Bond Package by Bldg'!$AP$3-C5 -> 0
A8: Bond Package $2.50
A9: New Capacity
A10: Replace Brookwood Elementary | C10: =+'$2.50 Bond Package by Bldg'!$AM$3 -> 41993410
A11: TOTALS | C11: =SUM(C9:C10) -> 41993410
C12: =+'$2.50 Bond Package by Bldg'!$AP$3-C11 -> 0

Sheet Butternut Creek
A2: Bond Package $2.24
A3: Safety & Security Enhancements
A4: School Safety Upgrades | B4: C | C4: =+'$2.24 Bond Package by Bldg'!$C$4 -> 200501
A5: School Seismic Upgrades | B5: D | C5: =+'$2.24 Bond Package by Bldg'!$D$4 -> 477509
A6: Parent/Bus Drop-Off Improvements | B6: E | C6: =+'$2.24 Bond Package by Bldg'!E4 -> 1209437
A7: Playground Upgrades | B7: G | C7: =+'$2.24 Bond Package by Bldg'!$G$4 -> 189000
A8: Educational Technology
A9: Technology-Classroom | B9: H | C9: =+'$2.24 Bond Package by Bldg'!$H$4 -> 340759.92
A10: Student Acheivement
A11: Flexible Classroom Furniture | B11: L | C11: =+'$2.24 Bond Package by Bldg'!$L$4 -> 205492.89
A12: Current Infrastructure Improvements
A13: Roofing | B13: M | C13: =+'$2.24 Bond Package by Bldg'!$M$4 -> 92018
A14: Add Air Conditioning | B14: N | C14: =+'$2.24 Bond Package by Bldg'!$N$4 -> 897839
A15: Water Pipe Replacement | B15: Q | C15: =+'$2.24 Bond Package by Bldg'!$Q$4 -> 311261
A16: Paint Building Exterior | B16: AF | C16: =+'$2.24 Bond Package by Bldg'!AF4 -> 140569
A17: TOTALS | C17: =SUM(C4:C16) -> 4064386.8
B18: AP | C18: =+'$2.24 Bond Package by Bldg'!$AP$4-C17 -> 0
A20: Bond Package $2.50
A21: Safety & Security Enhancements
A22: School Safety Upgrades | B22: C | C22: =+'$2.50 Bond Package by Bldg'!$C$4 -> 200501
A23: School Seismic Upgrades | B23: D | C23: =+'$2.50 Bond Package by Bldg'!$D$4 -> 477509
A24: Parent/Bus Drop-Off Improvements | B24: E | C24: =+'$2.50 Bond Package by Bldg'!$E$4 -> 1209437
A25: Playground Upgrades | B25: G | C25: =+'$2.50 Bond Package by Bldg'!$G$4 -> 189000
A26: Educational Technology
A27: Technology-Classroom | B27: H | C27: =+'$2.50 Bond Package by Bldg'!$H$4 -> 340759.92
A28: Student Acheivement
A29: Flexible Classroom Furniture | B29: L | C29: =+'$2.50 Bond Package by Bldg'!$L$4 -> 205492.89
A30: Current Infrastructure Improvements
A31: Roofing | B31: M | C31: =+'$2.50 Bond Package by Bldg'!$M$4 -> 92018
A32: Add Air Conditioning | B32: N | C32: =+'$2.50 Bond Package by Bldg'!$N$4 -> 897839
A33: Water Pipe Replacement | B33: Q | C33: =+'$2.50 Bond Package by Bldg'!$Q$4 -> 311261
A34: Paint Building Exterior | B34: AF | C34: =+'$2.50 Bond Package by Bldg'!$AF$4 -> 140569
A35: Replace Poor Condition Portable Classroom w/ Permanent Structure | B35: AL | C35: =+'$2.50 Bond Package by Bldg'!AL4 -> 885939
A36: TOTALS | C36: =SUM(C22:C35) -> 4950325.8
B37: AP | C37: =+'$2.50 Bond Package by Bldg'!$AP$4-C36 -> 0

Sheet Eastwood
A2: Bond Package $2.24
A3: Safety & Security Enhancements
A4: School Safety Upgrades | B4: C | C4: =+'$2.24 Bond Package by Bldg'!$C$5 -> 278154
A5: School Seismic Upgrades | B5: D | C5: =+'$2.24 Bond Package by Bldg'!$D$5 -> 1773834
A6: Parent/Bus Drop-Off Improvements | B6: E | C6: =+'$2.24 Bond Package by Bldg'!$E$5 -> 744188
A7: Playground Upgrades | B7: G | C7: =+'$2.24 Bond Package by Bldg'!$G$5 -> 189000
A8: Educational Technology
A9: Technology-Classroom | B9: H | C9: =+'$2.24 Bond Package by Bldg'!$H$5 -> 337597.19
A10: Student Achievement
A11: Flexible Classroom Furniture | B11: L | C11: =+'$2.24 Bond Package by Bldg'!$L$5 -> 244640.03
A12: Current Infrastructure Improvements
A13: Construct New Gymnasiums-Eliminate Gymacafetoriums | B13: AN | C13: =+'$2.24 Bond Package by Bldg'!$AN$5 -> 2925000
A14: Roofing | B14: M | C14: =+'$2.24 Bond Package by Bldg'!$M$5 -> 1119936
A15: Add Heat to HVAC | B15: P | C15: =+'$2.24 Bond Package by Bldg'!$P$5 -> 60673
A16: Seal Building Exterior | B16: AE | C16: =+'$2.24 Bond Package by Bldg'!$AE$5 -> 33075
A17: TOTALS | C17: =SUM(C4:C16) -> 7706097.2
B18: AP | C18: =+'$2.24 Bond Package by Bldg'!$AP$5-C17 -> 0
A20: Bond Package $2.50
A21: Safety & Security Enhancements
A22: School Safety Upgrades | B22: C | C22: =+'$2.50 Bond Package by Bldg'!$C$5 -> 278154
A23: School Seismic Upgrades | B23: D | C23: =+'$2.50 Bond Package by Bldg'!$D$5 -> 1773834
A24: Parent/Bus Drop-Off Improvements | B24: E | C24: =+'$2.50 Bond Package by Bldg'!$E$5 -> 744188
A25: Playground Upgrades | B25: G | C25: =+'$2.50 Bond Package by Bldg'!$G$5 -> 189000
A26: Educational Technology
A27: Technology-Classroom | B27: H | C27: =+'$2.50 Bond Package by Bldg'!$H$5 -> 337597.19
A28: Student Acheivement
A29: Flexible Classroom Furniture | B29: L | C29: =+'$2.50 Bond Package by Bldg'!$L$5 -> 244640.03
A30: Current Infrastructure Improvements
A31: Construct New Gymnasiums-Eliminate Gymacafetoriums | B31: AN | C31: =+'$2.50 Bond Package by Bldg'!$AN$5 -> 2925000
A32: Roofing | B32: M | C32: =+'$2.50 Bond Package by Bldg'!$M$5 -> 1119936
A33: Add Heat to HVAC | B33: P | C33: =+'$2.50 Bond Package by Bldg'!$P$5 -> 60673
A34: Seal Building Exterior | B34: AE | C34: =+'$2.50 Bond Package by Bldg'!$AE$5 -> 33075
A35: Replace Poor Condition Portable Classroom w/ Permanent Structure | B35: AL | C35: =+'$2.50 Bond Package by Bldg'!$AL$5 -> 590626
A36: TOTALS | C36: =SUM(C22:C35) -> 8296723.2
B37: AP | C37: =+'$2.50 Bond Package by Bldg'!$AP$5-C36 -> 0

Sheet Farmington View
A2: Bond Package $2.24
A3: Safety & Security Enhancements
A4: School Safety Upgrades | B4: C | C4: =+'$2.24 Bond Package by Bldg'!$C$6 -> 196796
A5: School Seismic Upgrades | B5: D | C5: =+'$2.24 Bond Package by Bldg'!$D$6 -> 903879
A6: Parent/Bus Drop-Off Improvements | B6: E | C6: =+'$2.24 Bond Package by Bldg'!$E$6 -> 1182431
A7: Playground Upgrades | B7: G | C7: =+'$2.24 Bond Package by Bldg'!$G$6 -> 189000
A8: Educational Technology
A9: Technology-Classroom | B9: H | C9: =+'$2.24 Bond Package by Bldg'!$H$6 -> 207473.08
A10: Student Achievement
A11: Flexible Classroom Furniture | B11: L | C11: =+'$2.24 Bond Package by Bldg'!$L$6 -> 157440.15
A12: Current Infrastructure Improvements
A13: Roofing | B13: M | C13: =+'$2.24 Bond Package by Bldg'!$M$6 -> 74523
A14: Add Air Conditioning | B14: N | C14: =+'$2.24 Bond Package by Bldg'!$N$6 -> 571281
A15: Water Pipe Replacement | B15: Q | C15: =+'$2.24 Bond Package by Bldg'!$Q$6 -> 165484
A16: Boiler Replacement | B16: R | C16: =+'$2.24 Bond Package by Bldg'!$R$6 -> 161178
A17: Direct Digital Controls (DDC) | B17: S | C17: =+'$2.24 Bond Package by Bldg'!$S$6 -> 260796
A18: Walk-In Freezer | B18: T | C18: =+'$2.24 Bond Package by Bldg'!$T$6 -> 50109
A19: Paint Building Exterior | B19: AF | C19: =+'$2.24 Bond Package by Bldg'!$AF$6 -> 140569
A20: TOTALS | C20: =SUM(C4:C19) -> 4260959.2
B21: AP | C21: =+'$2.24 Bond Package by Bldg'!$AP$6-C20 -> 0
A23: Bond Package $2.50
A24: Safety & Security Enhancements
A25: School Safety Upgrades | B25: C | C25: =+'$2.50 Bond Package by Bldg'!$C$6 -> 196796
A26: School Seismic Upgrades | B26: D | C26: =+'$2.50 Bond Package by Bldg'!$D$6 -> 903879
A27: Parent/Bus Drop-Off Improvements | B27: E | C27: =+'$2.50 Bond Package by Bldg'!$E$6 -> 1182431
A28: Playground Upgrades | B28: G | C28: =+'$2.50 Bond Package by Bldg'!$G$6 -> 189000
A29: Educational Technology
A30: Technology-Classroom | B30: H | C30: =+'$2.50 Bond Package by Bldg'!$H$6 -> 207473.08
A31: Student Acheivement
A32: Flexible Classroom Furniture | B32: L | C32: =+'$2.50 Bond Package by Bldg'!$L$6 -> 157440.15
A33: Current Infrastructure Improvements
A34: Roofing | B34: M | C34: =+'$2.50 Bond Package by Bldg'!$M$6 -> 74523
A35: Add Air Conditioning | B35: N | C35: =+'$2.50 Bond Package by Bldg'!$N$6 -> 571281
A36: Water Pipe Replacement | B36: Q | C36: =+'$2.50 Bond Package by Bldg'!$Q$6 -> 165484
A37: Boiler Replacement | B37: R | C37: =+'$2.50 Bond Package by Bldg'!$R$6 -> 161178
A38: Direct Digital Controls (DDC) | B38: S | C38: =+'$2.50 Bond Package by Bldg'!$S$6 -> 260796
A39: Walk-In Freezer | B39: T | C39: =+'$2.50 Bond Package by Bldg'!$T$6 -> 50109
A40: Paint Building Exterior | B40: AF | C40: =+'$2.50 Bond Package by Bldg'!$AF$6 -> 140569
A41: Replace Single Pane Windows | B41: AG | C41: =+'$2.50 Bond Package by Bldg'!$AG$6 -> 551526
A42: Replace Poor Condition Portable Classroom w/ Permanent Structure | B42: AL | C42: =+'$2.50 Bond Package by Bldg'!$AL$6 -> 590626
A43: TOTALS | C43: =SUM(C25:C42) -> 5403111.2
B44: AP | C44: =+'$2.50 Bond Package by Bldg'!$AP$6-C43 -> 0

Sheet Free Orchards
A2: Bond Package $2.24
A3: Safety & Security Enhancements
A4: School Safety Upgrades | B4: C | C4: =+'$2.24 Bond Package by Bldg'!$C$7 -> 258150
A5: Educational Technology
A6: Technology-Classroom | B6: H | C6: =+'$2.24 Bond Package by Bldg'!$H$7 -> 284304.28
A7: Student Achievement
A8: Flexible Classroom Furniture | B8: L | C8: =+'$2.24 Bond Package by Bldg'!$L$7 -> 198826.66
A9: Current Infrastructure Improvements
A10: Roofing | B10: M | C10: =+'$2.24 Bond Package by Bldg'!$M$7 -> 26324
A11: Seal Building Exterior | B11: AE | C11: =+'$2.24 Bond Package by Bldg'!$AE$7 -> 49613
A12: TOTALS | C12: =SUM(C4:C11) -> 817217.94
B13: AP | C13: =+'$2.24 Bond Package by Bldg'!$AP$7-C12 -> 0
A15: Bond Package $2.50
A16: Safety & Security Enhancements
A17: School Safety Upgrades | B17: C | C17: =+'$2.50 Bond Package by Bldg'!$C$7 -> 258150
A18: Educational Technology
A19: Technology-Classroom | B19: H | C19: =+'$2.50 Bond Package by Bldg'!$H$7 -> 284304.28
A20: Student Achievement
A21: Flexible Classroom Furniture | B21: L | C21: =+'$2.50 Bond Package by Bldg'!$L$7 -> 198826.66
A22: Current Infrastructure Improvements
A23: Roofing | B23: M | C23: =+'$2.50 Bond Package by Bldg'!$M$7 -> 26324
A24: Seal Building Exterior | B24: AE | C24: =+'$2.50 Bond Package by Bldg'!$AE$7 -> 49613
A25: TOTALS | C25: =SUM(C17:C24) -> 817217.94
B26: AP | C26: =+'$2.50 Bond Package by Bldg'!$AP$7-C25 -> 0

Sheet Groner
A2: Bond Package $2.24
A3: Safety & Security Enhancements
A4: School Safety Upgrades | B4: C | C4: =+'$2.24 Bond Package by Bldg'!$C$8 -> 218791
A5: School Seismic Upgrades | B5: D | C5: =+'$2.24 Bond Package by Bldg'!$D$8 -> 2191401
A6: Playground Upgrades | B6: G | C6: =+'$2.24 Bond Package by Bldg'!$G$8 -> 189000
A7: Educational Technology
A8: Technology-Classroom | B8: H | C8: =+'$2.24 Bond Package by Bldg'!$H$8 -> 214487.04
A9: Student Acheivement
A10: Flexible Classroom Furniture | B10: L | C10: =+'$2.24 Bond Package by Bldg'!$L$8 -> 112295.28
A11: Current Infrastructure Improvements
A12: Roofing | B12: M | C12: =+'$2.24 Bond Package by Bldg'!$M$8 -> 106108
A13: Water Pipe Replacement | B13: Q | C13: =+'$2.24 Bond Package by Bldg'!$Q$8 -> 202761
A14: Seal Building Exterior | B14: AE | C14: =+'$2.24 Bond Package by Bldg'!$AE$8 -> 49613
A15: TOTALS | C15: =SUM(C4:C14) -> 3284456.3
B16: AP | C16: =+'$2.24 Bond Package by Bldg'!$AP$8-C15 -> 0
A18: Bond Package $2.50
A19: Safety & Security Enhancements
A20: School Safety Upgrades | B20: C | C20: =+'$2.50 Bond Package by Bldg'!$C$8 -> 218791
A21: School Seismic Upgrades | B21: D | C21: =+'$2.50 Bond Package by Bldg'!$D$8 -> 2191401
A22: Playground Upgrades | B22: G | C22: =+'$2.50 Bond Package by Bldg'!$G$8 -> 189000
A23: Educational Technology
A24: Technology-Classroom | B24: H | C24: =+'$2.50 Bond Package by Bldg'!$H$8 -> 214487.04
A25: Student Acheivement
A26: Flexible Classroom Furniture | B26: L | C26: =+'$2.50 Bond Package by Bldg'!$L$8 -> 112295.28
A27: Current Infrastructure Improvements
A28: Roofing | B28: M | C28: =+'$2.50 Bond Package by Bldg'!$M$8 -> 106108
A29: Water Pipe Replacement | B29: Q | C29: =+'$2.50 Bond Package by Bldg'!$Q$8 -> 202761
A30: Seal Building Exterior | B30: AE | C30: =+'$2.50 Bond Package by Bldg'!$AE$8 -> 49613
A31: Replace Single Pane Windows | B31: AG | C31: =+'$2.50 Bond Package by Bldg'!$AG$8 -> 882276
A32: TOTALS | C32: =SUM(C20:C31) -> 4166732.3
B33: AP | C33: =+'$2.50 Bond Package by Bldg'!$AP$8-C32 -> 0

Sheet Imlay
A2: Bond Package $2.24
A3: Safety & Security Enhancements
A4: School Safety Upgrades | B4: C | C4: =+'$2.24 Bond Package by Bldg'!$C$9 -> 281303
A5: Educational Technology
A6: Technology-Classroom | B6: H | C6: =+'$2.24 Bond Package by Bldg'!$H$9 -> 491341.81
A7: Student Achievement
A8: Flexible Classroom Furniture | B8: L | C8: =+'$2.24 Bond Package by Bldg'!$L$9 -> 273290.09
A9: Current Infrastructure Improvements
A10: Roofing | B10: M | C10: =+'$2.24 Bond Package by Bldg'!$M$9 -> 129181
A11: TOTALS | C11: =SUM(C4:C10) -> 1175115.9
B12: AP | C12: =+'$2.24 Bond Package by Bldg'!$AP$9-C11 -> 0
A14: Bond Package $2.50
A15: Safety & Security Enhancements
A16: School Safety Upgrades | B16: C | C16: =+'$2.50 Bond Package by Bldg'!$C$9 -> 281303
A17: Educational Technology
A18: Technology-Classroom | B18: H | C18: =+'$2.50 Bond Package by Bldg'!$H$9 -> 491341.81
A19: Student Achievement
A20: Flexible Classroom Furniture | B20: L | C20: =+'$2.50 Bond Package by Bldg'!$L$9 -> 273290.09
A21: Current Infrastructure Improvements
A22: Roofing | B22: M | C22: =+'$2.50 Bond Package by Bldg'!$M$9 -> 129181
A23: TOTALS | C23: =SUM(C16:C22) -> 1175115.9
B24: AP | C24: =+'$2.50 Bond Package by Bldg'!$AP$9-C23 -> 0

Sheet Indian Hills
A2: Bond Package $2.24
A3: Safety & Security Enhancements
A4: School Safety Upgrades | B4: C | C4: =+'$2.24 Bond Package by Bldg'!$C$10 -> 178737
A5: School Seismic Upgrades | B5: D | C5: =+'$2.24 Bond Package by Bldg'!$D$10 -> 592216
A6: Educational Technology
A7: Technology-Classroom | B7: H | C7: =+'$2.24 Bond Package by Bldg'!$H$10 -> 332245.52
A8: Student Acheviement
A9: Flexible Classroom Furniture | B9: L | C9: =+'$2.24 Bond Package by Bldg'!$L$10 -> 238326.03
A10: Current Infrastructure Improvements
A11: Roofing | B11: M | C11: =+'$2.24 Bond Package by Bldg'!$M$10 -> 32447
A12: Add Air Conditioning | B12: N | C12: =+'$2.24 Bond Package by Bldg'!$N$10 -> 1134256
A13: Paint Building Exterior | B13: AF | C13: =+'$2.24 Bond Package by Bldg'!$AF$10 -> 140569
A14: TOTALS | C14: =SUM(C4:C13) -> 2648796.5
B15: AP | C15: =+'$2.24 Bond Package by Bldg'!$AP$10-C14 -> 0
A17: Bond Package $2.50
A18: Safety & Security Enhancements
A19: School Safety Upgrades | B19: C | C19: =+'$2.50 Bond Package by Bldg'!$C$10 -> 178737
A20: School Seismic Upgrades | B20: D | C20: =+'$2.50 Bond Package by Bldg'!$D$10 -> 592216
A21: Educational Technology
A22: Technology-Classroom | B22: H | C22: =+'$2.50 Bond Package by Bldg'!$H$10 -> 332245.52
A23: Student Acheviement
A24: Flexible Classroom Furniture | B24: L | C24: =+'$2.50 Bond Package by Bldg'!$L$10 -> 238326.03
A25: Current Infrastructure Improvements
A26: Roofing | B26: M | C26: =+'$2.50 Bond Package by Bldg'!$M$10 -> 32447
A27: Add Air Conditioning | B27: N | C27: =+'$2.50 Bond Package by Bldg'!$N$10 -> 1134256
A28: Paint Building Exterior | B28: AF | C28: =+'$2.50 Bond Package by Bldg'!$AF$10 -> 140569
A29: Replace Poor Condition Portable Classroom w/ Permanent Structure | B29: AL | C29: =+'$2.50 Bond Package by Bldg'!$AL$10 -> 590626
A30: TOTALS | C30: =SUM(C19:C29) -> 3239422.5
B31: AP | C31: =+'$2.50 Bond Package by Bldg'!$AP$10-C30 -> 0

Sheet Jackson
A2: Bond Package $2.24
A3: Safety & Security Enhancements
A4: School Safety Upgrades | B4: C | C4: =+'$2.24 Bond Package by Bldg'!$C$11 -> 283942
A5: School Seismic Upgrades | B5: D | C5: =+'$2.24 Bond Package by Bldg'!$D$11 -> 1238588
A6: Parent/Bus Drop-Off Improvements | B6: E | C6: =+'$2.24 Bond Package by Bldg'!$E$11 -> 826875
A7: Educational Technology
A8: Technology-Classroom | B8: H | C8: =+'$2.24 Bond Package by Bldg'!$H$11 -> 380674.5
A9: Student Achievement
A10: Flexible Classroom Furniture | B10: L | C10: =+'$2.24 Bond Package by Bldg'!$L$11 -> 283869.94
A11: Current Infrastructure Improvements
A12: Roofing | B12: M | C12: =+'$2.24 Bond Package by Bldg'!$M$11 -> 39486
A13: Construct New Gymnasiums-Eliminate Gymacafetoriums | B13: AN | C13: =+'$2.24 Bond Package by Bldg'!$AN$11 -> 2925000
A14: TOTALS | C14: =SUM(C4:C13) -> 5978435.4
B15: AP | C15: =+'$2.24 Bond Package by Bldg'!$AP$11-C14 -> 0
A17: Bond Package $2.50
A18: Safety & Security Enhancements
A19: School Safety Upgrades | B19: C | C19: =+'$2.50 Bond Package by Bldg'!$C$11 -> 283942
A20: School Seismic Upgrades | B20: D | C20: =+'$2.50 Bond Package by Bldg'!$D$11 -> 1238588
A21: Parent/Bus Drop-Off Improvements | B21: E | C21: =+'$2.50 Bond Package by Bldg'!$E$11 -> 826875
A22: Educational Technology
A23: Technology-Classroom | B23: H | C23: =+'$2.50 Bond Package by Bldg'!$H$11 -> 380674.5
A24: Student Achievement
A25: Flexible Classroom Furniture | B25: L | C25: =+'$2.50 Bond Package by Bldg'!$L$11 -> 283869.94
A26: Current Infrastructure Improvements
A27: Roofing | B27: M | C27: =+'$2.50 Bond Package by Bldg'!$M$11 -> 39486
A28: Replace Poor Condition Portable Classroom w/ Permanent Structure | B28: AL | C28: =+'$2.50 Bond Package by Bldg'!$AL$11 -> 295313
A29: Construct New Gymnasiums-Eliminate Gymacafetoriums | B29: AN | C29: =+'$2.50 Bond Package by Bldg'!$AN$11 -> 2925000
A30: TOTALS | C30: =SUM(C19:C29) -> 6273748.4
B31: AP | C31: =+'$2.50 Bond Package by Bldg'!$AP$11-C30 -> 0

Sheet Ladd Acres
A2: Bond Package $2.24
A3: Safety & Security Enhancements
A4: School Safety Upgrades | B4: C | C4: =+'$2.24 Bond Package by Bldg'!$C$12 -> 448001
A5: School Seismic Upgrades | B5: D | C5: =+'$2.24 Bond Package by Bldg'!$D$12 -> 503592
A6: Parent/Bus Drop-Off Improvement | B6: E | C6: =+'$2.24 Bond Package by Bldg'!$E$12 -> 1103051
A7: Playground Upgrades | B7: G | C7: =+'$2.24 Bond Package by Bldg'!$G$12 -> 189000
A8: Educational Technology
A9: Technology-Classroom | B9: H | C9: =+'$2.24 Bond Package by Bldg'!$H$12 -> 366755.13
A10: Student Achievement
A11: Flexible Classroom Furniture | B11: L | C11: =+'$2.24 Bond Package by Bldg'!$L$12 -> 269549.3
A12: Current Infrastructure Improvements
A13: Roofing | B13: M | C13: =+'$2.24 Bond Package by Bldg'!$M$12 -> 43424
A14: Add Air Conditioning | B14: N | C14: =+'$2.24 Bond Package by Bldg'!$N$12 -> 2015217
A15: Water Pipe Replacement | B15: Q | C15: =+'$2.24 Bond Package by Bldg'!$Q$12 -> 165297
A16: Paint Building Exterior | B16: AF | C16: =+'$2.24 Bond Package by Bldg'!$AF$12 -> 124031
A17: Construct New Gymnasiums-Eliminate Gymacafetoriums | B17: AN | C17: =+'$2.24 Bond Package by Bldg'!$AN$12 -> 2925000
A18: TOTALS | C18: =SUM(C4:C17) -> 8152917.4
B19: AP | C19: =+'$2.24 Bond Package by Bldg'!$AP$12-C18 -> 0
A21: Bond Package $2.50
A22: Safety & Security Enhancements
A23: School Safety Upgrades | B23: C | C23: =+'$2.50 Bond Package by Bldg'!$C$12 -> 448001
A24: School Seismic Upgrades | B24: D | C24: =+'$2.50 Bond Package by Bldg'!$D$12 -> 503592
A25: Parent/Bus Drop-Off Improvement | B25: E | C25: =+'$2.50 Bond Package by Bldg'!$E$12 -> 1103051
A26: Playground Upgrades | B26: G | C26: =+'$2.50 Bond Package by Bldg'!$G$12 -> 189000
A27: Educational Technology
A28: Technology-Classroom | B28: H | C28: =+'$2.50 Bond Package by Bldg'!$H$12 -> 366755.13
A29: Student Achievement
A30: Flexible Classroom Furniture | B30: L | C30: =+'$2.50 Bond Package by Bldg'!$L$12 -> 269549.3
A31: Current Infrastructure Improvements
A32: Roofing | B32: M | C32: =+'$2.50 Bond Package by Bldg'!$M$12 -> 43424
A33: Add Air Conditioning | B33: N | C33: =+'$2.50 Bond Package by Bldg'!$N$12 -> 2015217
A34: Water Pipe Replacement | B34: Q | C34: =+'$2.50 Bond Package by Bldg'!$Q$12 -> 165297
A35: Paint Building Exterior | B35: AF | C35: =+'$2.50 Bond Package by Bldg'!$AF$12 -> 124031
A36: Construct New Gymnasiums-Eliminate Gymacafetoriums | B36: AN | C36: =+'$2.50 Bond Package by Bldg'!$AN$12 -> 2925000
A37: TOTALS | C37: =SUM(C23:C36) -> 8152917.4
B38: AP | C38: =+'$2.50 Bond Package by Bldg'!$AP$12-C37 -> 0

Sheet Lenox
A2: Bond Package $2.24
A3: Safety & Security Enhancements
A4: School Safety Upgrades | B4: C | C4: =+'$2.24 Bond Package by Bldg'!$C$13 -> 504678
A5: School Seismic Upgrades | B5: D | C5: =+'$2.24 Bond Package by Bldg'!$D$13 -> 715020
A6: Parent/Bus Drop-Off Improvement | B6: E | C6: =+'$2.24 Bond Package by Bldg'!$E$13 -> 1212199
A7: Educational Technology
A8: Technology-Classroom | B8: H | C8: =+'$2.24 Bond Package by Bldg'!$H$13 -> 331976.41
A9: Student Achievement
A10: Flexible Classroom Furniture | B10: L | C10: =+'$2.24 Bond Package by Bldg'!$L$13 -> 238517.1
A11: Current Infrastructure Improvements
A12: Roofing | B12: M | C12: =+'$2.24 Bond Package by Bldg'!$M$13 -> 351089
A13: Add Air Conditioning | B13: N | C13: =+'$2.24 Bond Package by Bldg'!$N$13 -> 1525599
A14: Add Heat to HVAC | B14: P | C14: =+'$2.24 Bond Package by Bldg'!$P$13 -> 68498
A15: Direct Digital Controls (DDC) | B15: S | C15: =+'$2.24 Bond Package by Bldg'!$S$13 -> 456435
A16: Paint Building Exterior | B16: AF | C16: =+'$2.24 Bond Package by Bldg'!$AF$13 -> 140569
A17: TOTALS | C17: =SUM(C4:C16) -> 5544580.5
B18: AP | C18: =+'$2.24 Bond Package by Bldg'!$AP$13-C17 -> 0
A20: Bond Package $2.50
A21: Safety & Security Enhancements
A22: School Safety Upgrades | B22: C | C22: =+'$2.50 Bond Package by Bldg'!$C$13 -> 504678
A23: School Seismic Upgrades | B23: D | C23: =+'$2.50 Bond Package by Bldg'!$D$13 -> 715020
A24: Parent/Bus Drop-Off Improvement | B24: E | C24: =+'$2.50 Bond Package by Bldg'!$E$13 -> 1212199
A25: Educational Technology
A26: Technology-Classroom | B26: H | C26: =+'$2.50 Bond Package by Bldg'!$H$13 -> 331976.41
A27: Student Achievement
A28: Flexible Classroom Furniture | B28: L | C28: =+'$2.50 Bond Package by Bldg'!$L$13 -> 238517.1
A29: Current Infrastructure Improvements
A30: Roofing | B30: M | C30: =+'$2.50 Bond Package by Bldg'!$M$13 -> 351089
A31: Add Air Conditioning | B31: N | C31: =+'$2.50 Bond Package by Bldg'!$N$13 -> 1525599
A32: Add Heat to HVAC | B32: P | C32: =+'$2.50 Bond Package by Bldg'!$P$13 -> 68498
A33: Direct Digital Controls (DDC) | B33: S | C33: =+'$2.50 Bond Package by Bldg'!$S$13 -> 456435
A34: Paint Building Exterior | B34: AF | C34: =+'$2.50 Bond Package by Bldg'!$AF$13 -> 140569
A35: TOTALS | C35: =SUM(C22:C34) -> 5544580.5
B36: AP | C36: =+'$2.50 Bond Package by Bldg'!$AP$13-C35 -> 0

Sheet Lincoln Street
A2: Bond Package $2.24
A3: Safety & Security Enhancements
A4: School Safety Upgrades | B4: C | C4: =+'$2.24 Bond Package by Bldg'!$C$14 -> 286130
A5: Educational Technology
A6: Technology-Classroom | B6: H | C6: =+'$2.24 Bond Package by Bldg'!$H$14 -> 337189.33
A7: Student Achievement
A8: Flexible Classroom Furniture | B8: L | C8: =+'$2.24 Bond Package by Bldg'!$L$14 -> 263179.57
A9: Current Infrastructure Improvements
A10: Roofing | B10: M | C10: =+'$2.24 Bond Package by Bldg'!$M$14 -> 26324
A11: Seal Building Exterior | B11: AE | C11: =+'$2.24 Bond Package by Bldg'!$AE$14 -> 49613
A12: TOTALS | C12: =SUM(C4:C11) -> 962435.9
B13: AP | C13: =+'$2.24 Bond Package by Bldg'!$AP$14-C12 -> 0
A15: Bond Package $2.50
A16: Safety & Security Enhancements
A17: School Safety Upgrades | B17: C | C17: =+'$2.50 Bond Package by Bldg'!$C$14 -> 286130
A18: Educational Technology
A19: Technology-Classroom | B19: H | C19: =+'$2.50 Bond Package by Bldg'!$H$14 -> 337189.33
A20: Student Achievement
A21: Flexible Classroom Furniture | B21: L | C21: =+'$2.50 Bond Package by Bldg'!$L$14 -> 263179.57
A22: Current Infrastructure Improvements
A23: Roofing | B23: M | C23: =+'$2.50 Bond Package by Bldg'!$M$14 -> 26324
A24: Seal Building Exterior | B24: AE | C24: =+'$2.50 Bond Package by Bldg'!$AE$14 -> 49613
A25: TOTALS | C25: =SUM(C17:C24) -> 962435.9
B26: AP | C26: =+'$2.50 Bond Package by Bldg'!$AP$14-C25 -> 0

Sheet McKinney
A2: Bond Package $2.24
A3: Safety & Security Enhancements
A4: School Safety Upgrades | B4: C | C4: =+'$2.24 Bond Package by Bldg'!$C$15 -> 254381
A5: School Seismic Upgrades | B5: D | C5: =+'$2.24 Bond Package by Bldg'!$D$15 -> 1689555
A6: Parent/Bus Drop-Off Improvement | B6: E | C6: =+'$2.24 Bond Package by Bldg'!$E$15 -> 744188
A7: Educational Technology
A8: Technology-Classroom | B8: H | C8: =+'$2.24 Bond Package by Bldg'!$H$15 -> 308403.59
A9: Student Achievement
A10: Flexible Classroom Furniture | B10: L | C10: =+'$2.24 Bond Package by Bldg'!$L$15 -> 235585.08
A11: Current Infrastructure Improvements
A12: Roofing | B12: M | C12: =+'$2.24 Bond Package by Bldg'!$M$15 -> 78058
A13: Construct New Gymnasiums-Eliminate Gymacafetoriums | B13: AN | C13: =+'$2.24 Bond Package by Bldg'!$AN$15 -> 2925000
A14: TOTALS | C14: =SUM(C4:C13) -> 6235170.7
B15: AP | C15: =+'$2.24 Bond Package by Bldg'!$AP$15-C14 -> 0
A17: Bond Package $2.50
A18: Safety & Security Enhancements
A19: School Safety Upgrades | B19: C | C19: =+'$2.50 Bond Package by Bldg'!$C$15 -> 254381
A20: School Seismic Upgrades | B20: D | C20: =+'$2.50 Bond Package by Bldg'!$D$15 -> 1689555
A21: Parent/Bus Drop-Off Improvement | B21: E | C21: =+'$2.50 Bond Package by Bldg'!$E$15 -> 744188
A22: Educational Technology
A23: Technology-Classroom | B23: H | C23: =+'$2.50 Bond Package by Bldg'!$H$15 -> 308403.59
A24: Student Achievement
A25: Flexible Classroom Furniture | B25: L | C25: =+'$2.50 Bond Package by Bldg'!$L$15 -> 235585.08
A26: Current Infrastructure Improvements
A27: Roofing | B27: M | C27: =+'$2.50 Bond Package by Bldg'!$M$15 -> 78058
A28: Replace Poor Condition Portable Classroom w/ Permanent Structure | B28: AL | C28: =+'$2.50 Bond Package by Bldg'!$AL$15 -> 885939
A29: Construct New Gymnasiums-Eliminate Gymacafetoriums | B29: AN | C29: =+'$2.50 Bond Package by Bldg'!$AN$15 -> 2925000
A30: TOTALS | C30: =SUM(C19:C29) -> 7121109.7
B31: AP | C31: =+'$2.50 Bond Package by Bldg'!$AP$15-C30 -> 0

Sheet Minter Bridge
A2: Bond Package $2.24
A3: Safety & Security Enhancements
A4: School Safety Upgrades | B4: C | C4: =+'$2.24 Bond Package by Bldg'!$C$16 -> 234933
A5: School Seismic Upgrades | B5: D | C5: =+'$2.24 Bond Package by Bldg'!$D$16 -> 2280979
A6: Parent/Bus Drop-Off Improvement | B6: E | C6: =+'$2.24 Bond Package by Bldg'!$E$16 -> 694575
A7: Educational Technology
A8: Technology-Classroom | B8: H | C8: =+'$2.24 Bond Package by Bldg'!$H$16 -> 348420.37
A9: Student Achievement
A10: Flexible Classroom Furniture | B10: L | C10: =+'$2.24 Bond Package by Bldg'!$L$16 -> 241180.35
A11: Current Infrastructure Improvements
A12: Roofing | B12: M | C12: =+'$2.24 Bond Package by Bldg'!$M$16 -> 113443
A13: Add Heat to HVAC | B13: P | C13: =+'$2.24 Bond Package by Bldg'!$P$16 -> 65207
A14: Construct New Gymnasiums-Eliminate Gymacafetoriums | B14: AN | C14: =+'$2.24 Bond Package by Bldg'!$AN$16 -> 2925000
A15: TOTALS | C15: =SUM(C4:C14) -> 6903737.7
B16: AP | C16: =+'$2.24 Bond Package by Bldg'!$AP$16-C15 -> 0
A18: Bond Package $2.50
A19: Safety & Security Enhancements
A20: School Safety Upgrades | B20: C | C20: =+'$2.50 Bond Package by Bldg'!$C$16 -> 234933
A21: School Seismic Upgrades | B21: D | C21: =+'$2.50 Bond Package by Bldg'!$D$16 -> 2280979
A22: Parent/Bus Drop-Off Improvement | B22: E | C22: =+'$2.50 Bond Package by Bldg'!$E$16 -> 694575
A23: Educational Technology
A24: Technology-Classroom | B24: H | C24: =+'$2.50 Bond Package by Bldg'!$H$16 -> 348420.37
A25: Student Achievement
A26: Replacement of Classroom Furniture | B26: L | C26: =+'$2.50 Bond Package by Bldg'!$L$16 -> 241180.35
A27: Current Infrastructure Improvements
A28: Roofing | B28: M | C28: =+'$2.50 Bond Package by Bldg'!$M$16 -> 113443
A29: Add Heat to HVAC | B29: P | C29: =+'$2.50 Bond Package by Bldg'!$P$16 -> 65207
A30: Construct New Gymnasiums-Eliminate Gymacafetoriums | B30: AN | C30: =+'$2.50 Bond Package by Bldg'!$AN$16 -> 2925000
A31: TOTALS | C31: =SUM(C20:C30) -> 6903737.7
B32: AP | C32: =+'$2.50 Bond Package by Bldg'!$AP$16-C31 -> 0

Sheet Mooberry
A2: Bond Package $2.24
A3: Safety & Security Enhancements
A4: School Safety Upgrades | B4: C | C4: =+'$2.24 Bond Package by Bldg'!$C$17 -> 218791
A5: School Seismic Upgrades | B5: D | C5: =+'$2.24 Bond Package by Bldg'!$D$17 -> 1332341
A6: Playground Upgrades | B6: G | C6: =+'$2.24 Bond Package by Bldg'!$G$17 -> 189000
A7: Educational Technology
A8: Technology-Classroom | B8: H | C8: =+'$2.24 Bond Package by Bldg'!$H$17 -> 357188.73
A9: Student Achievement
A10: Flexible Classroom Furniture | B10: L | C10: =+'$2.24 Bond Package by Bldg'!$L$17 -> 232310.72
A11: Current Infrastructure Enhancements
A12: Roofing | B12: M | C12: =+'$2.24 Bond Package by Bldg'!$M$17 -> 113752
A13: Add Air Conditioning | B13: N | C13: =+'$2.24 Bond Package by Bldg'!$N$17 -> 1329849
A14: Water Pipe Replacement | B14: Q | C14: =+'$2.24 Bond Package by Bldg'!$Q$17 -> 497370
A15: Construct New Gymnasiums-Eliminate Gymacafetoriums | B15: AN | C15: =+'$2.24 Bond Package by Bldg'!$AN$17 -> 2925000
A16: TOTALS | C16: =SUM(C4:C15) -> 7195602.4
B17: AP | C17: =+'$2.24 Bond Package by Bldg'!$AP$17-C16 -> 0
A19: Bond Package $2.50
A20: Safety & Security Enhancements
A21: School Safety Upgrades | B21: C | C21: =+'$2.50 Bond Package by Bldg'!$C$17 -> 218791
A22: School Seismic Upgrades | B22: D | C22: =+'$2.50 Bond Package by Bldg'!$D$17 -> 1332341
A23: Playground Upgrades | B23: G | C23: =+'$2.50 Bond Package by Bldg'!$G$17 -> 189000
A24: Educational Technology
A25: Technology-Classroom | B25: H | C25: =+'$2.50 Bond Package by Bldg'!$H$17 -> 357188.73
A26: Student Achievement
A27: Flexible Classroom Furniture | B27: L | C27: =+'$2.50 Bond Package by Bldg'!$L$17 -> 232310.72
A28: Current Infrastructure Enhancements
A29: Roofing | B29: M | C29: =+'$2.50 Bond Package by Bldg'!$M$17 -> 113752
A30: Add Air Conditioning | B30: N | C30: =+'$2.50 Bond Package by Bldg'!$N$17 -> 1329849
A31: Water Pipe Replacement | B31: Q | C31: =+'$2.50 Bond Package by Bldg'!$Q$17 -> 497370
A32: Replace Single Pane Windows | B32: AG | C32: =+'$2.50 Bond Package by Bldg'!$AG$17 -> 520931
A33: Replace Poor Condition Portable Classroom w/ Permanent Structure | B33: AL | C33: =+'$2.50 Bond Package by Bldg'!$AL$17 -> 885939
A34: Construct New Gymnasiums-Eliminate Gymacafetoriums | B34: AN | C34: =+'$2.50 Bond Package by Bldg'!$AN$17 -> 2925000
A35: TOTALS | C35: =SUM(C21:C34) -> 8602472.4
B36: AP | C36: =+'$2.50 Bond Package by Bldg'!$AP$17-C35 -> 0

Sheet North Plains
A2: Bond Package $2.24
A3: Safety & Security Enhancements
A4: School Safety Upgrades | B4: C | C4: =+'$2.24 Bond Package by Bldg'!$C$18 -> 228515
A5: School Seismic Upgrades | B5: D | C5: =+'$2.24 Bond Package by Bldg'!$D$18 -> 2704402
A6: Educational Technology
A7: Technology-Classroom | B7: H | C7: =+'$2.24 Bond Package by Bldg'!$H$18 -> 277501.68
A8: Student Achievement
A9: Flexible Classroom Furniture | B9: L | C9: =+'$2.24 Bond Package by Bldg'!$L$18 -> 166479.73
A10: Current Infrastructure Improvements
A11: Roofing | B11: M | C11: =+'$2.24 Bond Package by Bldg'!$M$18 -> 782389
A12: Direct Digital Controls (DDC) | B12: S | C12: =+'$2.24 Bond Package by Bldg'!$S$18 -> 334785
A13: Paint Building Exterior | B13: AF | C13: =+'$2.24 Bond Package by Bldg'!$AF$18 -> 130233
A14: Construct New Gymnasiums-Eliminate Gymacafetoriums | B14: AN | C14: =+'$2.24 Bond Package by Bldg'!$AN$18 -> 2925000
A15: TOTALS | C15: =SUM(C4:C14) -> 7549305.4
B16: AP | C16: =+'$2.24 Bond Package by Bldg'!$AP$18-C15 -> 0
A18: Bond Package $2.50
A19: Safety & Security Enhancements
A20: School Safety Upgrades | B20: C | C20: =+'$2.50 Bond Package by Bldg'!$C$18 -> 228515
A21: School Seismic Upgrades | B21: D | C21: =+'$2.50 Bond Package by Bldg'!$D$18 -> 2704402
A22: Educational Technology
A23: Technology-Classroom | B23: H | C23: =+'$2.50 Bond Package by Bldg'!$H$18 -> 277501.68
A24: Student Achievement
A25: Flexible Classroom Furniture | B25: L | C25: =+'$2.50 Bond Package by Bldg'!$L$18 -> 166479.73
A26: Current Infrastructure Improvements
A27: Roofing | B27: M | C27: =+'$2.50 Bond Package by Bldg'!$M$18 -> 782389
A28: Direct Digital Controls (DDC) | B28: S | C28: =+'$2.50 Bond Package by Bldg'!$S$18 -> 334785
A29: Paint Building Exterior | B29: AF | C29: =+'$2.50 Bond Package by Bldg'!$AF$18 -> 130233
A30: Construct New Gymnasiums-Eliminate Gymacafetoriums | B30: AN | C30: =+'$2.50 Bond Package by Bldg'!$AN$18 -> 2925000
A31: TOTALS | C31: =SUM(C20:C30) -> 7549305.4
B32: AP | C32: =+'$2.50 Bond Package by Bldg'!$AP$18-C31 -> 0

Sheet Orenco
A2: Bond Package $2.24
A3: Safety & Security Enhancements
A4: School Safety Upgrades | B4: C | C4: =+'$2.24 Bond Package by Bldg'!$C$19 -> 313601
A5: Educational Technology
A6: Technology-Classroom | B6: H | C6: =+'$2.24 Bond Package by Bldg'!$H$19 -> 395982.29
A7: Student Achievement
A8: Flexible Classroom Furniture | B8: L | C8: =+'$2.24 Bond Package by Bldg'!$L$19 -> 332643.19
A9: Current Infrastructure Improvements
A10: Roofing | B10: M | C10: =+'$2.24 Bond Package by Bldg'!$M$19 -> 42074
A11: Rooftop Condensor Replacement | B11: W | C11: =+'$2.24 Bond Package by Bldg'!$W$19 -> 57302
A12: TOTALS | C12: =SUM(C4:C11) -> 1141602.5
B13: AP | C13: =+'$2.24 Bond Package by Bldg'!$AP$19-C12 -> 0
A15: Bond Package $2.50
A16: Safety & Security Enhancements
A17: School Safety Upgrades | B17: C | C17: =+'$2.50 Bond Package by Bldg'!$C$19 -> 313601
A18: Educational Technology
A19: Technology-Classroom | B19: H | C19: =+'$2.50 Bond Package by Bldg'!$H$19 -> 395982.29
A20: Student Achievement
A21: Flexible Classroom Furniture | B21: L | C21: =+'$2.50 Bond Package by Bldg'!$L$19 -> 332643.19
A22: Current Infrastructure Improvements
A23: Roofing | B23: M | C23: =+'$2.50 Bond Package by Bldg'!$M$19 -> 42074
A24: Rooftop Condensor Replacement | B24: W | C24: =+'$2.50 Bond Package by Bldg'!$W$19 -> 57302
A25: TOTALS | C25: =SUM(C17:C24) -> 1141602.5
B26: AP | C26: =+'$2.50 Bond Package by Bldg'!$AP$19-C25 -> 0

Sheet Patterson
A2: Bond Package $2.24
A3: Safety & Security Enhancements
A4: School Safety Upgrades | B4: C | C4: =+'$2.24 Bond Package by Bldg'!$C$20 -> 289290
A5: Educational Technology
A6: Technology-Classroom | B6: H | C6: =+'$2.24 Bond Package by Bldg'!$H$20 -> 398868.84
A7: Student Achievement
A8: Flexible Classroom Furniture | B8: L | C8: =+'$2.24 Bond Package by Bldg'!$L$20 -> 230448.01
A9: Current Infrastructure Improvements
A10: Roofing | B10: M | C10: =+'$2.24 Bond Package by Bldg'!$M$20 -> 39711
A11: Rooftop Condensor Replacement | B11: W | C11: =+'$2.24 Bond Package by Bldg'!$W$20 -> 57302
A12: Seal Building Exterior | B12: AE | C12: =+'$2.24 Bond Package by Bldg'!$AE$20 -> 52093
A13: TOTALS | C13: =SUM(C4:C12) -> 1067712.8
B14: AP | C14: =+'$2.24 Bond Package by Bldg'!$AP$20-C13 -> 0
A16: Bond Package $2.50
A17: Safety & Security Enhancements
A18: School Safety Upgrades | B18: C | C18: =+'$2.50 Bond Package by Bldg'!$C$20 -> 289290
A19: Educational Technology
A20: Technology-Classroom | B20: H | C20: =+'$2.50 Bond Package by Bldg'!$H$20 -> 398868.84
A21: Student Achievement
A22: Flexible Classroom Furniture | B22: L | C22: =+'$2.50 Bond Package by Bldg'!$L$20 -> 230448.01
A23: Current Infrastructure Improvements
A24: Roofing | B24: M | C24: =+'$2.50 Bond Package by Bldg'!$M$20 -> 39711
A25: Rooftop Condensor Replacement | B25: W | C25: =+'$2.50 Bond Package by Bldg'!$W$20 -> 57302
A26: Seal Building Exterior | B26: AE | C26: =+'$2.50 Bond Package by Bldg'!$AE$20 -> 52093
A27: TOTALS | C27: =SUM(C18:C26) -> 1067712.8
B28: AP | C28: =+'$2.50 Bond Package by Bldg'!$AP$20-C27 -> 0

Sheet Quatama
A2: Bond Package $2.24
A3: Safety & Security Enhancements
A4: School Safety Upgrades | B4: C | C4: =+'$2.24 Bond Package by Bldg'!$C$21 -> 288075
A5: Educational Technology
A6: Technology-Classroom | B6: H | C6: =+'$2.24 Bond Package by Bldg'!$H$21 -> 320483.98
A7: Student Achievement
A8: Flexible Classroom Furniture | B8: L | C8: =+'$2.24 Bond Package by Bldg'!$L$21 -> 252098.56
A9: Current Infrastructure Improvements
A10: Roofing | B10: M | C10: =+'$2.24 Bond Package by Bldg'!$M$21 -> 39486
A11: TOTALS | C11: =SUM(C4:C10) -> 900143.54
B12: AP | C12: =+'$2.24 Bond Package by Bldg'!$AP$21-C11 -> 0
A14: Bond Package $2.50
A15: Safety & Security Enhancements
A16: School Safety Upgrades | B16: C | C16: =+'$2.50 Bond Package by Bldg'!$C$21 -> 288075
A17: Educational Technology
A18: Technology-Classroom | B18: H | C18: =+'$2.50 Bond Package by Bldg'!$H$21 -> 320483.98
A19: Student Achievement
A20: Flexible Classroom Furniture | B20: L | C20: =+'$2.50 Bond Package by Bldg'!$L$21 -> 252098.56
A21: Current Infrastructure Improvements
A22: Roofing | B22: M | C22: =+'$2.50 Bond Package by Bldg'!$M$21 -> 39486
A23: TOTALS | C23: =SUM(C16:C22) -> 900143.54
B24: AP | C24: =+'$2.50 Bond Package by Bldg'!$AP$21-C23 -> 0

Sheet Reedville
A2: Bond Package $2.24
A3: Safety & Security Enhancements
A4: School Safety Upgrades | B4: C | C4: =+'$2.24 Bond Package by Bldg'!$C$22 -> 305421
A5: School Seismic Upgrades | B5: D | C5: =+'$2.24 Bond Package by Bldg'!$D$22 -> 1160508
A6: Playground Upgrades | B6: G | C6: =+'$2.24 Bond Package by Bldg'!$G$22 -> 189000
A7: Educational Technology
A8: Technology-Classroom | B8: H | C8: =+'$2.24 Bond Package by Bldg'!$H$22 -> 198089.64
A9: Student Achievement
A10: Flexible Classroom Furniture | B10: L | C10: =+'$2.24 Bond Package by Bldg'!$L$22 -> 122064.29
A11: Current Infrastructure Improvements
A12: Roofing | B12: M | C12: =+'$2.24 Bond Package by Bldg'!$M$22 -> 349895
A13: Add Air Conditioning | B13: N | C13: =+'$2.24 Bond Package by Bldg'!$N$22 -> 891951
A14: Direct Digital Controls (DDC) | B14: S | C14: =+'$2.24 Bond Package by Bldg'!$S$22 -> 182413
A15: Upgrade Electrical Service/Generator | B15: U | C15: =+'$2.24 Bond Package by Bldg'!$U$22 -> 53380
A16: Construct New Parking Lot | B16: V | C16: =+'$2.24 Bond Package by Bldg'!$V$22 -> 1300000
A17: Paint Building Exterior | B17: AF | C17: =+'$2.24 Bond Package by Bldg'!$AF$22 -> 130233
A18: Replacing Flooring | B18: AI | C18: =+'$2.24 Bond Package by Bldg'!$AI$22 -> 350000
A19: New Modular Cafeteria w/ Kitchen | B19: AN | C19: =+'$2.24 Bond Package by Bldg'!AN22 -> 1500000
A20: TOTALS | C20: =SUM(C4:C19) -> 6732954.9
B21: AP | C21: =+'$2.24 Bond Package by Bldg'!$AP$22-C20 -> 0
A23: Bond Package $2.50
A24: Safety & Security Enhancements
A25: School Safety Upgrades | B25: C | C25: =+'$2.50 Bond Package by Bldg'!$C$22 -> 305421
A26: School Seismic Upgrades | B26: D | C26: =+'$2.50 Bond Package by Bldg'!$D$22 -> 1160508
A27: Playground Upgrades | B27: G | C27: =+'$2.50 Bond Package by Bldg'!$G$22 -> 189000
A28: Educational Technology
A29: Technology-Classroom | B29: H | C29: =+'$2.50 Bond Package by Bldg'!$H$22 -> 198089.64
A30: Student Achievement
A31: Flexible Classroom Furniture | B31: L | C31: =+'$2.50 Bond Package by Bldg'!$L$22 -> 122064.29
A32: Current Infrastructure Improvements
A33: Roofing | B33: M | C33: =+'$2.50 Bond Package by Bldg'!$M$22 -> 349895
A34: Add Air Conditioning | B34: N | C34: =+'$2.50 Bond Package by Bldg'!$N$22 -> 891951
A35: Direct Digital Controls (DDC) | B35: S | C35: =+'$2.50 Bond Package by Bldg'!$S$22 -> 182413
A36: Upgrade Electrical Service/Generator | B36: U | C36: =+'$2.50 Bond Package by Bldg'!$U$22 -> 53380
A37: Construct New Parking Lot | B37: V | C37: =+'$2.50 Bond Package by Bldg'!$V$22 -> 1300000
A38: Paint Building Exterior | B38: AF | C38: =+'$2.50 Bond Package by Bldg'!$AF$22 -> 130233
A39: Replace Flooring | B39: AI | C39: =+'$2.50 Bond Package by Bldg'!$AI$22 -> 350000
A40: Replace Poor Condition Portable Classroom w/ Permanent Structure | B40: AL | C40: =+'$2.50 Bond Package by Bldg'!$AL$22 -> 1331252
A41: New Modular Cafeteria w/ Kitchen | B41: AN | C41: =+'$2.50 Bond Package by Bldg'!$AN$22 -> 1500000
A42: TOTALS | C42: =SUM(C25:C41) -> 8064206.9
B43: AP | C43: =+'$2.50 Bond Package by Bldg'!$AP$22-C42 -> 0

Sheet Rosedale
A2: Bond Package $2.24
A3: Safety & Security Enhancements
A4: School Safety Upgrades | B4: C | C4: =+'$2.24 Bond Package by Bldg'!$C$23 -> 276953
A5: Educational Technology
A6: Technology-Classroom | B6: H | C6: =+'$2.24 Bond Package by Bldg'!$H$23 -> 297315.18
A7: Student Achievement
A8: Flexible Classroom Furniture | B8: L | C8: =+'$2.24 Bond Package by Bldg'!$L$23 -> 221261.83
A9: Current Infrastructure Improvements
A10: Roofing | B10: M | C10: =+'$2.24 Bond Package by Bldg'!$M$23 -> 67195
A11: Seal Building Exterior | B11: AE | C11: =+'$2.24 Bond Package by Bldg'!$AE$23 -> 52093
A12: TOTALS | C12: =SUM(C4:C11) -> 914818.01
B13: AP | C13: =+'$2.24 Bond Package by Bldg'!$AP$23-C12 -> 0
A15: Bond Package $2.50
A16: Safety & Security Enhancements
A17: School Safety Upgrades | B17: C | C17: =+'$2.50 Bond Package by Bldg'!$C$23 -> 276953
A18: Educational Technology
A19: Technology-Classroom | B19: H | C19: =+'$2.50 Bond Package by Bldg'!$H$23 -> 297315.18
A20: Student Achievement
A21: Flexible Classroom Furniture | B21: L | C21: =+'$2.50 Bond Package by Bldg'!$L$23 -> 221261.83
A22: Current Infrastructure Improvements
A23: Roofing | B23: M | C23: =+'$2.50 Bond Package by Bldg'!$M$23 -> 67195
A24: Seal Building Exterior | B24: AE | C24: =+'$2.50 Bond Package by Bldg'!$AE$23 -> 52093
A25: TOTALS | C25: =SUM(C17:C24) -> 914818.01
B26: AP | C26: =+'$2.50 Bond Package by Bldg'!$AP$23-C25 -> 0

Sheet Tobias
A2: Bond Package $2.24
A3: Safety & Security Enhancements
A4: School Safety Upgrades | B4: C | C4: =+'$2.24 Bond Package by Bldg'!$C$24 -> 218244
A5: Parent/Bus Drop-Off Improvement | B5: E | C5: =+'$2.24 Bond Package by Bldg'!$E$24 -> 303877
A6: Educational Technology
A7: Technology-Classroom | B7: H | C7: =+'$2.24 Bond Package by Bldg'!$H$24 -> 413457.18
A8: Student Achievement
A9: Flexible Classroom Furniture | B9: L | C9: =+'$2.24 Bond Package by Bldg'!$L$24 -> 221953.66
A10: Current Infrastructure Improvements
A11: Roofing | B11: M | C11: =+'$2.24 Bond Package by Bldg'!$M$24 -> 1661890
A12: Seal Building Exterior | B12: AE | C12: =+'$2.24 Bond Package by Bldg'!$AE$24 -> 52093
A13: TOTALS | C13: =SUM(C4:C12) -> 2871514.8
B14: AP | C14: =+'$2.24 Bond Package by Bldg'!$AP$24-C13 -> 0
A16: Bond Package $2.50
A17: Safety & Security Enhancements
A18: School Safety Upgrades | B18: C | C18: =+'$2.50 Bond Package by Bldg'!$C$24 -> 218244
A19: Parent/Bus Drop-Off Improvement | B19: E | C19: =+'$2.50 Bond Package by Bldg'!$E$24 -> 303877
A20: Educational Technology
A21: Technology-Classroom | B21: H | C21: =+'$2.50 Bond Package by Bldg'!$H$24 -> 413457.18
A22: Student Achievement
A23: Flexible Classroom Furniture | B23: L | C23: =+'$2.50 Bond Package by Bldg'!$L$24 -> 221953.66
A24: Current Infrastructure Improvements
A25: Roofing | B25: M | C25: =+'$2.50 Bond Package by Bldg'!$M$24 -> 1661890
A26: Seal Building Exterior | B26: AE | C26: =+'$2.50 Bond Package by Bldg'!$AE$24 -> 52093
A27: Replace Poor Condition Portable Classroom w/ Permanent Structure | B27: AL | C27: =+'$2.50 Bond Package by Bldg'!$AL$24 -> 885939
A28: TOTALS | C28: =SUM(C18:C27) -> 3757453.8
B29: AP | C29: =+'$2.50 Bond Package by Bldg'!$AP$24-C28 -> 0

Sheet West Union
A2: Bond Package $2.24
A3: Safety & Security Enhancements
A4: School Safety Upgrades | B4: C | C4: =+'$2.24 Bond Package by Bldg'!$C$25 -> 317794
A5: School Seismic Upgrades | B5: D | C5: =+'$2.24 Bond Package by Bldg'!$D$25 -> 1360381
A6: Playground Upgrades | B6: G | C6: =+'$2.24 Bond Package by Bldg'!$G$25 -> 189000
A7: Educational Technology
A8: Technology-Classroom | B8: H | C8: =+'$2.24 Bond Package by Bldg'!$H$25 -> 280138.1
A9: Student Achievement
A10: Flexible Classroom Furniture | B10: L | C10: =+'$2.24 Bond Package by Bldg'!$L$25 -> 202175.7
A11: Current Infrastructure Improvements
A12: Roofing | B12: M | C12: =+'$2.24 Bond Package by Bldg'!$M$25 -> 139855
A13: Add Air Conditioning | B13: N | C13: =+'$2.24 Bond Package by Bldg'!$N$25 -> 1153076
A14: Seal Building Exterior | B14: AE | C14: =+'$2.24 Bond Package by Bldg'!$AE$25 -> 52093
A15: TOTALS | C15: =SUM(C4:C14) -> 3694512.8
B16: AP | C16: =+'$2.24 Bond Package by Bldg'!$AP$25-C15 -> 0
A18: Bond Package $2.50
A19: Safety & Security Enhancements
A20: School Safety Upgrades | B20: C | C20: =+'$2.50 Bond Package by Bldg'!$C$25 -> 317794
A21: School Seismic Upgrades | B21: D | C21: =+'$2.50 Bond Package by Bldg'!$D$25 -> 1360381
A22: Playground Upgrades | B22: G | C22: =+'$2.50 Bond Package by Bldg'!$G$25 -> 189000
A23: Educational Technology
A24: Technology-Classroom | B24: H | C24: =+'$2.50 Bond Package by Bldg'!$H$25 -> 280138.1
A25: Student Achievement
A26: Flexible Classroom Furniture | B26: L | C26: =+'$2.50 Bond Package by Bldg'!$L$25 -> 202175.7
A27: Current Infrastructure Improvements
A28: Roofing | B28: M | C28: =+'$2.50 Bond Package by Bldg'!$M$25 -> 139855
A29: Add Air Conditioning | B29: N | C29: =+'$2.50 Bond Package by Bldg'!$N$25 -> 1153076
A30: Seal Building Exterior | B30: AE | C30: =+'$2.50 Bond Package by Bldg'!$AE$25 -> 52093
A31: Replace Single Pane Windows | B31: AG | C31: =+'$2.50 Bond Package by Bldg'!$AG$25 -> 926389
A32: TOTALS | C32: =SUM(C20:C31) -> 4620901.8
B33: AP | C33: =+'$2.50 Bond Package by Bldg'!$AP$25-C32 -> 0

Sheet Witch Hazel
A2: Bond Package $2.24
A3: Safety & Security Enhancements
A4: School Safety Upgrades | B4: C | C4: =+'$2.24 Bond Package by Bldg'!$C$26 -> 310136
A5: Educational Technology
A6: Technology-Classroom | B6: H | C6: =+'$2.24 Bond Package by Bldg'!$H$26 -> 375707.9
A7: Student Achievement
A8: Flexible Classroom Furniture | B8: L | C8: =+'$2.24 Bond Package by Bldg'!$L$26 -> 275993.43
A9: Current Infrastructure Improvements
A10: Roofing | B10: M | C10: =+'$2.24 Bond Package by Bldg'!$M$26 -> 148239
A11: TOTALS | C11: =SUM(C4:C10) -> 1110076.3
B12: AP | C12: =+'$2.24 Bond Package by Bldg'!$AP$26-C11 -> 0
A14: Bond Package $2.50
A15: Safety & Security Enhancements
A16: School Safety Upgrades | B16: C | C16: =+'$2.50 Bond Package by Bldg'!$C$26 -> 310136
A17: Educational Technology
A18: Technology-Classroom | B18: H | C18: =+'$2.50 Bond Package by Bldg'!$H$26 -> 375707.9
A19: Student Achievement
A20: Flexible Classroom Furniture | B20: L | C20: =+'$2.50 Bond Package by Bldg'!$L$26 -> 275993.43
A21: Current Infrastructure Improvements
A22: Roofing | B22: M | C22: =+'$2.50 Bond Package by Bldg'!$M$26 -> 148239
A23: TOTALS | C23: =SUM(C16:C22) -> 1110076.3
B24: AP | C24: =+'$2.50 Bond Package by Bldg'!$AP$26-C23 -> 0

Sheet WL Henry
A2: Bond Package $2.24
A3: Safety & Security Enhancements
A4: School Safety Upgrades | B4: C | C4: =+'$2.24 Bond Package by Bldg'!$C$27 -> 419897
A5: School Seismic Upgrades | B5: D | C5: =+'$2.24 Bond Package by Bldg'!$D$27 -> 609594
A6: Parent/Bus Drop-Off Improvement | B6: E | C6: =+'$2.24 Bond Package by Bldg'!$E$27 -> 1158204
A7: Playground Upgrades | B7: G | C7: =+'$2.24 Bond Package by Bldg'!$G$27 -> 189000
A8: Educational Technology
A9: Technology-Classroom | B9: H | C9: =+'$2.24 Bond Package by Bldg'!$H$27 -> 338638.41
A10: Student Achievement
A11: Flexible Classroom Furniture | B11: L | C11: =+'$2.24 Bond Package by Bldg'!$L$27 -> 173970.93
A12: Current Infrastructure Improvements
A13: Roofing | B13: M | C13: =+'$2.24 Bond Package by Bldg'!$M$27 -> 96411
A14: Add Air Conditioning | B14: N | C14: =+'$2.24 Bond Package by Bldg'!$N$27 -> 1254559
A15: Water Pipe Replacement | B15: Q | C15: =+'$2.24 Bond Package by Bldg'!$Q$27 -> 618790
A16: Boiler Replacement | B16: R | C16: =+'$2.24 Bond Package by Bldg'!$R$27 -> 371987
A17: Direct Digital Controls (DDC) | B17: S | C17: =+'$2.24 Bond Package by Bldg'!$S$27 -> 667523
A18: Upgrade Electrical Service/Generator | B18: U | C18: =+'$2.24 Bond Package by Bldg'!$U$27 -> 52708
A19: Seal Building Exterior | B19: AE | C19: =+'$2.24 Bond Package by Bldg'!$AE$27 -> 52093
A20: Construct New Gymnasiums-Eliminate Gymacafetoriums | B20: AN | C20: =+'$2.24 Bond Package by Bldg'!$AN$27 -> 2925000
A21: TOTALS | C21: =SUM(C4:C20) -> 8928375.3
B22: AP | C22: =+'$2.24 Bond Package by Bldg'!$AP$27-C21 -> 0
A24: Bond Package $2.50
A25: Safety & Security Enhancements
A26: School Safety Upgrades | B26: C | C26: =+'$2.50 Bond Package by Bldg'!$C$27 -> 419897
A27: School Seismic Upgrades | B27: D | C27: =+'$2.50 Bond Package by Bldg'!$D$27 -> 609594
A28: Parent/Bus Drop-Off Improvement | B28: E | C28: =+'$2.50 Bond Package by Bldg'!$E$27 -> 1158204
A29: Playground Upgrades | B29: G | C29: =+'$2.50 Bond Package by Bldg'!$G$27 -> 189000
A30: Educational Technology
A31: Technology-Classroom | B31: H | C31: =+'$2.50 Bond Package by Bldg'!$H$27 -> 338638.41
A32: Student Achievement
A33: Flexible Classroom Furniture | B33: L | C33: =+'$2.50 Bond Package by Bldg'!$L$27 -> 173970.93
A34: Current Infrastructure Improvements
A35: Roofing | B35: M | C35: =+'$2.50 Bond Package by Bldg'!$M$27 -> 96411
A36: Add Air Conditioning | B36: N | C36: =+'$2.50 Bond Package by Bldg'!$N$27 -> 1254559
A37: Water Pipe Replacement | B37: Q | C37: =+'$2.50 Bond Package by Bldg'!$Q$27 -> 618790
A38: Boiler Replacement | B38: R | C38: =+'$2.50 Bond Package by Bldg'!$R$27 -> 371987
A39: Direct Digital Controls (DDC) | B39: S | C39: =+'$2.50 Bond Package by Bldg'!$S$27 -> 667523
A40: Upgrade Electrical Service/Generator | B40: U | C40: =+'$2.50 Bond Package by Bldg'!$U$27 -> 52708
A41: Seal Building Exterior | B41: AE | C41: =+'$2.50 Bond Package by Bldg'!$AE$27 -> 52093
A42: Replace Single Pane Windows | B42: AG | C42: =+'$2.50 Bond Package by Bldg'!$AG$27 -> 926389
A43: Replace Poor Condition Portable Classroom w/ Permanent Structure | B43: AL | C43: =+'$2.50 Bond Package by Bldg'!$AL$27 -> 590626
A44: Construct New Gymnasiums-Eliminate Gymacafetoriums | B44: AN | C44: =+'$2.50 Bond Package by Bldg'!$AN$27 -> 2925000
A45: TOTALS | C45: =SUM(C26:C44) -> 10445390
B46: AP | C46: =+'$2.50 Bond Package by Bldg'!$AP$27-C45 -> 0

Sheet South Meadows
A2: Bond Package $2.24
A3: Safety & Security Enhancements
A4: School Safety Upgrades | B4: C | C4: =+'$2.24 Bond Package by Bldg'!$C$28 -> 368845
A5: Educational Technology
A6: Technology-Classroom | B6: H | C6: =+'$2.24 Bond Package by Bldg'!$H$28 -> 404666.86
A7: Student Achievement
A8: Convert Libraries to Learning Centers | B8: I | C8: =+'$2.24 Bond Package by Bldg'!$I$28 -> 66444
A9: Replacement of Classroom Furniture | B9: L | C9: =+'$2.24 Bond Package by Bldg'!$L$28 -> 370549.16
A10: Current Infrastructure Improvements
A11: Roofing | B11: M | C11: =+'$2.24 Bond Package by Bldg'!$M$28 -> 81333
A12: Upgrade Electrical Service/Generator | B12: U | C12: =+'$2.24 Bond Package by Bldg'!$U$28 -> 207077
A13: Seal Building Exterior | B13: AE | C13: =+'$2.24 Bond Package by Bldg'!$AE$28 -> 86822
A14: TOTALS | C14: =SUM(C4:C13) -> 1585737
B15: AP | C15: =+'$2.24 Bond Package by Bldg'!$AP$28-C14 -> 0
A17: Bond Package $2.50
A18: Safety & Security Enhancements
A19: School Safety Upgrades | B19: C | C19: =+'$2.50 Bond Package by Bldg'!$C$28 -> 368845
A20: Educational Technology
A21: Technology-Classroom | B21: H | C21: =+'$2.50 Bond Package by Bldg'!$H$28 -> 404666.86
A22: Student Achievement
A23: Convert Libraries to Learning Centers | B23: I | C23: =+'$2.50 Bond Package by Bldg'!$I$28 -> 66444
A24: Replacement of Classroom Furniture | B24: L | C24: =+'$2.50 Bond Package by Bldg'!$L$28 -> 370549.16
A25: Current Infrastructure Improvements
A26: Roofing | B26: M | C26: =+'$2.50 Bond Package by Bldg'!$M$28 -> 81333
A27: Upgrade Electrical Service/Generator | B27: U | C27: =+'$2.50 Bond Package by Bldg'!$U$28 -> 207077
A28: Seal Building Exterior | B28: AE | C28: =+'$2.50 Bond Package by Bldg'!$AE$28 -> 86822
A29: TOTALS | C29: =SUM(C19:C28) -> 1585737
B30: AP | C30: =+'$2.50 Bond Package by Bldg'!$AP$28-C29 -> 0

Sheet Poynter
A2: Bond Package $2.24
A3: Safety & Security Enhancements
A4: School Safety Upgrades | B4: C | C4: =+'$2.24 Bond Package by Bldg'!$C$29 -> 410963
A5: School Seismic Upgrades | B5: D | C5: =+'$2.24 Bond Package by Bldg'!$D$29 -> 11311973
A6: Educational Technology
A7: Technology-Classroom | B7: H | C7: =+'$2.24 Bond Package by Bldg'!$H$29 -> 528262.32
A8: Student Achievement
A9: Convert Libraries to Learning Centers | B9: I | C9: =+'$2.24 Bond Package by Bldg'!$I$29 -> 66444
A10: Replacement of Classroom Furniture | B10: L | C10: =+'$2.24 Bond Package by Bldg'!$L$29 -> 381104.85
A11: Current Infrastructure Improvements
A12: Roofing | B12: M | C12: =+'$2.24 Bond Package by Bldg'!$M$29 -> 1451343
A13: Add Air Conditioning | B13: N | C13: =+'$2.24 Bond Package by Bldg'!$N$29 -> 2823397
A14: Upgrade HVAC | B14: O | C14: =+'$2.24 Bond Package by Bldg'!$O$29 -> 858551
A15: Water Pipe Replacement | B15: Q | C15: =+'$2.24 Bond Package by Bldg'!$Q$29 -> 669122
A16: Boiler Replacement | B16: R | C16: =+'$2.24 Bond Package by Bldg'!$R$29 -> 761807
A17: Direct Digital Controls (DDC) | B17: S | C17: =+'$2.24 Bond Package by Bldg'!$S$29 -> 1234438
A18: Walk-In Freezer | B18: T | C18: =+'$2.24 Bond Package by Bldg'!$T$29 -> 36283
A19: Upgrade Electrical Service/Generator | B19: U | C19: =+'$2.24 Bond Package by Bldg'!$U$29 -> 65555
A20: Paint Building Exterior | B20: AF | C20: =+'$2.24 Bond Package by Bldg'!$AF$29 -> 273489
A21: TOTALS | C21: =SUM(C4:C20) -> 20872732
B22: AP | C22: =+'$2.24 Bond Package by Bldg'!$AP$29-C21 -> 0
A24: Bond Package $2.50
A25: Safety & Security Enhancements
A26: School Safety Upgrades | B26: C | C26: =+'$2.50 Bond Package by Bldg'!$C$29 -> 410963
A27: School Seismic Upgrades | B27: D | C27: =+'$2.50 Bond Package by Bldg'!$D$29 -> 11311973
A28: Educational Technology
A29: Technology-Classroom | B29: H | C29: =+'$2.50 Bond Package by Bldg'!$H$29 -> 528262.32
A30: Student Achievement
A31: Convert Libraries to Learning Centers | B31: I | C31: =+'$2.50 Bond Package by Bldg'!$I$29 -> 66444
A32: Replacement of Classroom Furniture | B32: L | C32: =+'$2.50 Bond Package by Bldg'!$L$29 -> 381104.85
A33: Current Infrastructure Improvements
A34: Roofing | B34: M | C34: =+'$2.50 Bond Package by Bldg'!$M$29 -> 1451343
A35: Add Air Conditioning | B35: N | C35: =+'$2.50 Bond Package by Bldg'!$N$29 -> 2823397
A36: Upgrade HVAC | B36: O | C36: =+'$2.50 Bond Package by Bldg'!$O$29 -> 858551
A37: Water Pipe Replacement | B37: Q | C37: =+'$2.50 Bond Package by Bldg'!$Q$29 -> 669122
A38: Boiler Replacement | B38: R | C38: =+'$2.50 Bond Package by Bldg'!$R$29 -> 761807
A39: Direct Digital Controls (DDC) | B39: S | C39: =+'$2.50 Bond Package by Bldg'!$S$29 -> 1234438
A40: Walk-In Freezer | B40: T | C40: =+'$2.50 Bond Package by Bldg'!$T$29 -> 36283
A41: Upgrade Electrical Service/Generator | B41: U | C41: =+'$2.50 Bond Package by Bldg'!$U$29 -> 65555
A42: Paint Building Exterior | B42: AF | C42: =+'$2.50 Bond Package by Bldg'!$AF$29 -> 273489
A43: Replace Single Pane Windows | B43: AG | C43: =+'$2.50 Bond Package by Bldg'!$AG$29 -> 364652
A44: TOTALS | C44: =SUM(C26:C43) -> 21237384
B45: AP | C45: =+'$2.50 Bond Package by Bldg'!$AP$29-C44 -> 0

Sheet Brown
A2: Bond Package $2.24
A3: Safety & Security Enhancements
A4: School Safety Upgrades | B4: C | C4: =+'$2.24 Bond Package by Bldg'!$C$30 -> 368845
A5: School Seismic Upgrades | B5: D | C5: =+'$2.24 Bond Package by Bldg'!$D$30 -> 2520000
A6: Educational Technology
A7: Technology-Classroom | B7: H | C7: =+'$2.24 Bond Package by Bldg'!$H$30 -> 466157.2
A8: Student Achievement
A9: Convert Libraries to Learning Centers | B9: I | C9: =+'$2.24 Bond Package by Bldg'!$I$30 -> 66444
A10: Replacement of Classroom Furniture | B10: L | C10: =+'$2.24 Bond Package by Bldg'!$L$30 -> 364016.96
A11: Current Infrastructure Improvements
A12: Roofing | B12: M | C12: =+'$2.24 Bond Package by Bldg'!$M$30 -> 1538261
A13: Add Air Conditioning | B13: N | C13: =+'$2.24 Bond Package by Bldg'!$N$30 -> 1743545
A14: Upgrade HVAC | B14: O | C14: =+'$2.24 Bond Package by Bldg'!$O$30 -> 747494
A15: Water Pipe Replacement | B15: Q | C15: =+'$2.24 Bond Package by Bldg'!$Q$30 -> 616092
A16: Boiler Replacement | B16: R | C16: =+'$2.24 Bond Package by Bldg'!$R$30 -> 587447
A17: Direct Digital Controls (DDC) | B17: S | C17: =+'$2.24 Bond Package by Bldg'!$S$30 -> 1101704
A18: Paint Building Exterior | B18: AF | C18: =+'$2.24 Bond Package by Bldg'!$AF$30 -> 273489
A19: TOTALS | C19: =SUM(C4:C18) -> 10393495
B20: AP | C20: =+'$2.24 Bond Package by Bldg'!$AP$30-C19 -> 0
A22: Bond Package $2.50
A23: Safety & Security Enhancements
A24: School Safety Upgrades | B24: C | C24: =+'$2.50 Bond Package by Bldg'!$C$30 -> 368845
A25: School Seismic Upgrades | B25: D | C25: =+'$2.50 Bond Package by Bldg'!$D$30 -> 2520000
A26: Educational Technology
A27: Technology-Classroom | B27: H | C27: =+'$2.50 Bond Package by Bldg'!$H$30 -> 466157.2
A28: Student Achievement
